Workbook
Name AP_Bind_AcceptedPrices: AP_Provenance!$B$14
Name AP_Bind_AP_Actions: AP_Provenance!$B$6
Name AP_Bind_AP_Calendar: AP_Provenance!$B$7
Name AP_Bind_AP_Instruments: AP_Provenance!$B$3
Name AP_Bind_AP_Portfolios: AP_Provenance!$B$2
Name AP_Bind_AP_Prices: AP_Provenance!$B$5
Name AP_Bind_AP_Settings: AP_Provenance!$B$8
Name AP_Bind_AP_Transactions: AP_Provenance!$B$4
Name AP_Bind_Exceptions: AP_Provenance!$B$12
Name AP_Bind_HoldingsDaily: AP_Provenance!$B$10
Name AP_Bind_InvestorFlows: AP_Provenance!$B$13
Name AP_Bind_PortfolioDaily: AP_Provenance!$B$11
Name AP_Bind_TransactionsClean: AP_Provenance!$B$9
Name AP_DateList: _xlfn.ANCHORARRAY(AP_ReturnCalc!$AC$2)
Name AP_EndCash: _xlfn.LAMBDA(_xlpm.pid,IF(AP_PeriodStatus(_xlpm.pid)="OK",SUMIFS(Out_PortfolioDaily[Cash],Out_PortfolioDaily[PortfolioID],_xlpm.pid,Out_PortfolioDaily[Date],AP_PeriodEnd),NA()))
Name AP_IndividualList: _xlfn.ANCHORARRAY(AP_ReturnCalc!$AA$2)
Name AP_InstrumentList: _xlfn.ANCHORARRAY(AP_ReturnCalc!$AD$2)
Name AP_PeriodEnd: Comparison!$E$5
Name AP_PeriodStart: Comparison!$B$5
Name AP_PortfolioList: _xlfn.ANCHORARRAY(AP_ReturnCalc!$AB$2)
Name AP_SelectedPortfolio: Detail!$B$5
Name AP_SnapshotPortfolioFilter: #N/A
Name AP_ValuationDate: Detail!$E$5
Name AvailableDates: History!$A$7:$A$136
Name FollowSelection: Watchlist!$N$2
Name NewsIndustryChoices: Headlines!$J$20:$J$29
Name NewsMode: Headlines!$C$7
Name NewsPublisherChoices: Headlines!$J$32:$J$38
Name PlanStockNames: PlanInputs[Stock / ETF]
Name StockChartAverage: INDEX('Stock view'!$O$45:$O$1044,'Stock view'!$A$11):INDEX('Stock view'!$O$45:$O$1044,MAX(1,MIN('Stock view'!$A$10,'Stock view'!$A$2)))
Name StockChartCloses: INDEX('Stock view'!$N$45:$N$1044,'Stock view'!$A$11):INDEX('Stock view'!$N$45:$N$1044,MAX(1,MIN('Stock view'!$A$10,'Stock view'!$A$2)))
Name StockChartDates: INDEX('Stock view'!$B$45:$B$1044,'Stock view'!$A$11):INDEX('Stock view'!$B$45:$B$1044,MAX(1,MIN('Stock view'!$A$10,'Stock view'!$A$2)))

Sheet Performance
A2: Performance and risk
A4: Synthetic portfolio and benchmark. Historical risk estimates are descriptive, not forecasts.
A6: Portfolio | C6: =Portfolio!C5 -> Model | G6: Through | I6: =Portfolio!J5 -> 46283
A8: Metric | B8: Portfolio | C8: Benchmark | D8: Basis
A9: Cumulative return | B9: =Portfolio!A11 -> -0.017176243 | C9: =IF(Portfolio!$J$5<Holdings!$G$24,"n.a.",INDEX(Daily!$P$7:$P$136,MATCH(Portfolio!$J$5,Daily!$A$7:$A$136,0))/100-1) -> -0.033758661 | D9: Cash-flow-adjusted portfolio; fictional total-return benchmark
A10: Annualized volatility | B10: =IF(B12>1,STDEV(Daily!$V$7:$V$136)*SQRT(252),"n.a.") -> 0.084074113 | C10: =IF(B12>1,STDEV(Daily!$W$7:$W$136)*SQRT(252),"n.a.") -> 0.089845339 | D10: Daily sample standard deviation x square root of 252
A11: Maximum drawdown | B11: =Portfolio!K11 -> -0.057509487 | C11: n.a. | D11: Peak includes the initial pre-fee index of 100
A12: Observations | B12: =MAX(0,MATCH(Portfolio!$J$5,Daily!$A$7:$A$136,0)-MATCH(Holdings!$G$24,Daily!$A$7:$A$136,0)) -> 129 | C12: =B12 -> 129 | D12: Returns after the initial funded day
A13: Cash weight | B13: =IF(Holdings!G16=0,"n.a.",Holdings!G15/Holdings!G16) -> 0.093856685 | C13: n.a. | D13: Cash earns no interest in this demonstration
A35: Week ending | B35: Portfolio index | C35: Benchmark index | D35: Drawdown
A36: =Daily!T11 -> 27-Mar | B36: =IF(AND(Daily!A11<=Portfolio!$J$5,Daily!A11>=Holdings!$G$24),Daily!M11,NA()) -> 101.24295 | C36: =IF(AND(Daily!A11<=Portfolio!$J$5,Daily!A11>=Holdings!$G$24),Daily!P11,NA()) -> 101.39548 | D36: =IF(AND(Daily!A11<=Portfolio!$J$5,Daily!A11>=Holdings!$G$24),Daily!O11,NA()) -> 0
A37: =Daily!T16 -> 03-Apr | B37: =IF(AND(Daily!A16<=Portfolio!$J$5,Daily!A16>=Holdings!$G$24),Daily!M16,NA()) -> 100.03673 | C37: =IF(AND(Daily!A16<=Portfolio!$J$5,Daily!A16>=Holdings!$G$24),Daily!P16,NA()) -> 99.582566 | D37: =IF(AND(Daily!A16<=Portfolio!$J$5,Daily!A16>=Holdings!$G$24),Daily!O16,NA()) -> -0.015293303
A38: =Daily!T21 -> 10-Apr | B38: =IF(AND(Daily!A21<=Portfolio!$J$5,Daily!A21>=Holdings!$G$24),Daily!M21,NA()) -> 99.515026 | C38: =IF(AND(Daily!A21<=Portfolio!$J$5,Daily!A21>=Holdings!$G$24),Daily!P21,NA()) -> 98.599512 | D38: =IF(AND(Daily!A21<=Portfolio!$J$5,Daily!A21>=Holdings!$G$24),Daily!O21,NA()) -> -0.020428624
A39: =Daily!T26 -> 17-Apr | B39: =IF(AND(Daily!A26<=Portfolio!$J$5,Daily!A26>=Holdings!$G$24),Daily!M26,NA()) -> 99.757747 | C39: =IF(AND(Daily!A26<=Portfolio!$J$5,Daily!A26>=Holdings!$G$24),Daily!P26,NA()) -> 98.854472 | D39: =IF(AND(Daily!A26<=Portfolio!$J$5,Daily!A26>=Holdings!$G$24),Daily!O26,NA()) -> -0.018039417
A40: =Daily!T31 -> 24-Apr | B40: =IF(AND(Daily!A31<=Portfolio!$J$5,Daily!A31>=Holdings!$G$24),Daily!M31,NA()) -> 99.390876 | C40: =IF(AND(Daily!A31<=Portfolio!$J$5,Daily!A31>=Holdings!$G$24),Daily!P31,NA()) -> 97.328269 | D40: =IF(AND(Daily!A31<=Portfolio!$J$5,Daily!A31>=Holdings!$G$24),Daily!O31,NA()) -> -0.021650696
A41: =Daily!T36 -> 01-May | B41: =IF(AND(Daily!A36<=Portfolio!$J$5,Daily!A36>=Holdings!$G$24),Daily!M36,NA()) -> 98.714225 | C41: =IF(AND(Daily!A36<=Portfolio!$J$5,Daily!A36>=Holdings!$G$24),Daily!P36,NA()) -> 96.80965 | D41: =IF(AND(Daily!A36<=Portfolio!$J$5,Daily!A36>=Holdings!$G$24),Daily!O36,NA()) -> -0.028311273
A42: =Daily!T41 -> 08-May | B42: =IF(AND(Daily!A41<=Portfolio!$J$5,Daily!A41>=Holdings!$G$24),Daily!M41,NA()) -> 98.217546 | C42: =IF(AND(Daily!A41<=Portfolio!$J$5,Daily!A41>=Holdings!$G$24),Daily!P41,NA()) -> 95.382601 | D42: =IF(AND(Daily!A41<=Portfolio!$J$5,Daily!A41>=Holdings!$G$24),Daily!O41,NA()) -> -0.033200311
A43: =Daily!T46 -> 15-May | B43: =IF(AND(Daily!A46<=Portfolio!$J$5,Daily!A46>=Holdings!$G$24),Daily!M46,NA()) -> 98.661626 | C43: =IF(AND(Daily!A46<=Portfolio!$J$5,Daily!A46>=Holdings!$G$24),Daily!P46,NA()) -> 94.821611 | D43: =IF(AND(Daily!A46<=Portfolio!$J$5,Daily!A46>=Holdings!$G$24),Daily!O46,NA()) -> -0.028829028
A44: =Daily!T51 -> 22-May | B44: =IF(AND(Daily!A51<=Portfolio!$J$5,Daily!A51>=Holdings!$G$24),Daily!M51,NA()) -> 97.536684 | C44: =IF(AND(Daily!A51<=Portfolio!$J$5,Daily!A51>=Holdings!$G$24),Daily!P51,NA()) -> 93.79418 | D44: =IF(AND(Daily!A51<=Portfolio!$J$5,Daily!A51>=Holdings!$G$24),Daily!O51,NA()) -> -0.039902344
A45: =Daily!T56 -> 29-May | B45: =IF(AND(Daily!A56<=Portfolio!$J$5,Daily!A56>=Holdings!$G$24),Daily!M56,NA()) -> 97.902008 | C45: =IF(AND(Daily!A56<=Portfolio!$J$5,Daily!A56>=Holdings!$G$24),Daily!P56,NA()) -> 94.293306 | D45: =IF(AND(Daily!A56<=Portfolio!$J$5,Daily!A56>=Holdings!$G$24),Daily!O56,NA()) -> -0.036306295
A46: =Daily!T61 -> 05-Jun | B46: =IF(AND(Daily!A61<=Portfolio!$J$5,Daily!A61>=Holdings!$G$24),Daily!M61,NA()) -> 96.849714 | C46: =IF(AND(Daily!A61<=Portfolio!$J$5,Daily!A61>=Holdings!$G$24),Daily!P61,NA()) -> 92.373102 | D46: =IF(AND(Daily!A61<=Portfolio!$J$5,Daily!A61>=Holdings!$G$24),Daily!O61,NA()) -> -0.046664497
A47: =Daily!T66 -> 12-Jun | B47: =IF(AND(Daily!A66<=Portfolio!$J$5,Daily!A66>=Holdings!$G$24),Daily!M66,NA()) -> 95.747967 | C47: =IF(AND(Daily!A66<=Portfolio!$J$5,Daily!A66>=Holdings!$G$24),Daily!P66,NA()) -> 92.297651 | D47: =IF(AND(Daily!A66<=Portfolio!$J$5,Daily!A66>=Holdings!$G$24),Daily!O66,NA()) -> -0.057509487
A48: =Daily!T71 -> 19-Jun | B48: =IF(AND(Daily!A71<=Portfolio!$J$5,Daily!A71>=Holdings!$G$24),Daily!M71,NA()) -> 97.292864 | C48: =IF(AND(Daily!A71<=Portfolio!$J$5,Daily!A71>=Holdings!$G$24),Daily!P71,NA()) -> 94.067238 | D48: =IF(AND(Daily!A71<=Portfolio!$J$5,Daily!A71>=Holdings!$G$24),Daily!O71,NA()) -> -0.042302375
A49: =Daily!T76 -> 26-Jun | B49: =IF(AND(Daily!A76<=Portfolio!$J$5,Daily!A76>=Holdings!$G$24),Daily!M76,NA()) -> 99.151566 | C49: =IF(AND(Daily!A76<=Portfolio!$J$5,Daily!A76>=Holdings!$G$24),Daily!P76,NA()) -> 97.05731 | D49: =IF(AND(Daily!A76<=Portfolio!$J$5,Daily!A76>=Holdings!$G$24),Daily!O76,NA()) -> -0.024006327
A50: =Daily!T81 -> 03-Jul | B50: =IF(AND(Daily!A81<=Portfolio!$J$5,Daily!A81>=Holdings!$G$24),Daily!M81,NA()) -> 99.731055 | C50: =IF(AND(Daily!A81<=Portfolio!$J$5,Daily!A81>=Holdings!$G$24),Daily!P81,NA()) -> 97.147943 | D50: =IF(AND(Daily!A81<=Portfolio!$J$5,Daily!A81>=Holdings!$G$24),Daily!O81,NA()) -> -0.01830216
A51: =Daily!T86 -> 10-Jul | B51: =IF(AND(Daily!A86<=Portfolio!$J$5,Daily!A86>=Holdings!$G$24),Daily!M86,NA()) -> 100.54809 | C51: =IF(AND(Daily!A86<=Portfolio!$J$5,Daily!A86>=Holdings!$G$24),Daily!P86,NA()) -> 97.803045 | D51: =IF(AND(Daily!A86<=Portfolio!$J$5,Daily!A86>=Holdings!$G$24),Daily!O86,NA()) -> -0.01025975
A52: =Daily!T91 -> 17-Jul | B52: =IF(AND(Daily!A91<=Portfolio!$J$5,Daily!A91>=Holdings!$G$24),Daily!M91,NA()) -> 101.684 | C52: =IF(AND(Daily!A91<=Portfolio!$J$5,Daily!A91>=Holdings!$G$24),Daily!P91,NA()) -> 97.566513 | D52: =IF(AND(Daily!A91<=Portfolio!$J$5,Daily!A91>=Holdings!$G$24),Daily!O91,NA()) -> -0.0029393713
A53: =Daily!T96 -> 24-Jul | B53: =IF(AND(Daily!A96<=Portfolio!$J$5,Daily!A96>=Holdings!$G$24),Daily!M96,NA()) -> 100.5546 | C53: =IF(AND(Daily!A96<=Portfolio!$J$5,Daily!A96>=Holdings!$G$24),Daily!P96,NA()) -> 96.27639 | D53: =IF(AND(Daily!A96<=Portfolio!$J$5,Daily!A96>=Holdings!$G$24),Daily!O96,NA()) -> -0.014013658
A54: =Daily!T101 -> 31-Jul | B54: =IF(AND(Daily!A101<=Portfolio!$J$5,Daily!A101>=Holdings!$G$24),Daily!M101,NA()) -> 101.69616 | C54: =IF(AND(Daily!A101<=Portfolio!$J$5,Daily!A101>=Holdings!$G$24),Daily!P101,NA()) -> 97.485243 | D54: =IF(AND(Daily!A101<=Portfolio!$J$5,Daily!A101>=Holdings!$G$24),Daily!O101,NA()) -> -0.0028201545
A55: =Daily!T106 -> 07-Aug | B55: =IF(AND(Daily!A106<=Portfolio!$J$5,Daily!A106>=Holdings!$G$24),Daily!M106,NA()) -> 102.84219 | C55: =IF(AND(Daily!A106<=Portfolio!$J$5,Daily!A106>=Holdings!$G$24),Daily!P106,NA()) -> 98.759671 | D55: =IF(AND(Daily!A106<=Portfolio!$J$5,Daily!A106>=Holdings!$G$24),Daily!O106,NA()) -> 0
A56: =Daily!T111 -> 14-Aug | B56: =IF(AND(Daily!A111<=Portfolio!$J$5,Daily!A111>=Holdings!$G$24),Daily!M111,NA()) -> 102.76906 | C56: =IF(AND(Daily!A111<=Portfolio!$J$5,Daily!A111>=Holdings!$G$24),Daily!P111,NA()) -> 98.554956 | D56: =IF(AND(Daily!A111<=Portfolio!$J$5,Daily!A111>=Holdings!$G$24),Daily!O111,NA()) -> -0.0016956301
A57: =Daily!T116 -> 21-Aug | B57: =IF(AND(Daily!A116<=Portfolio!$J$5,Daily!A116>=Holdings!$G$24),Daily!M116,NA()) -> 100.94957 | C57: =IF(AND(Daily!A116<=Portfolio!$J$5,Daily!A116>=Holdings!$G$24),Daily!P116,NA()) -> 97.847238 | D57: =IF(AND(Daily!A116<=Portfolio!$J$5,Daily!A116>=Holdings!$G$24),Daily!O116,NA()) -> -0.019370343
A58: =Daily!T121 -> 28-Aug | B58: =IF(AND(Daily!A121<=Portfolio!$J$5,Daily!A121>=Holdings!$G$24),Daily!M121,NA()) -> 99.090049 | C58: =IF(AND(Daily!A121<=Portfolio!$J$5,Daily!A121>=Holdings!$G$24),Daily!P121,NA()) -> 97.370689 | D58: =IF(AND(Daily!A121<=Portfolio!$J$5,Daily!A121>=Holdings!$G$24),Daily!O121,NA()) -> -0.03743379
A59: =Daily!T126 -> 04-Sep | B59: =IF(AND(Daily!A126<=Portfolio!$J$5,Daily!A126>=Holdings!$G$24),Daily!M126,NA()) -> 100.69837 | C59: =IF(AND(Daily!A126<=Portfolio!$J$5,Daily!A126>=Holdings!$G$24),Daily!P126,NA()) -> 98.773055 | D59: =IF(AND(Daily!A126<=Portfolio!$J$5,Daily!A126>=Holdings!$G$24),Daily!O126,NA()) -> -0.021810463
A60: =Daily!T131 -> 11-Sep | B60: =IF(AND(Daily!A131<=Portfolio!$J$5,Daily!A131>=Holdings!$G$24),Daily!M131,NA()) -> 101.70966 | C60: =IF(AND(Daily!A131<=Portfolio!$J$5,Daily!A131>=Holdings!$G$24),Daily!P131,NA()) -> 100.32491 | D60: =IF(AND(Daily!A131<=Portfolio!$J$5,Daily!A131>=Holdings!$G$24),Daily!O131,NA()) -> -0.01198671
A61: =Daily!T136 -> 18-Sep | B61: =IF(AND(Daily!A136<=Portfolio!$J$5,Daily!A136>=Holdings!$G$24),Daily!M136,NA()) -> 98.282376 | C61: =IF(AND(Daily!A136<=Portfolio!$J$5,Daily!A136>=Holdings!$G$24),Daily!P136,NA()) -> 96.624134 | D61: =IF(AND(Daily!A136<=Portfolio!$J$5,Daily!A136>=Holdings!$G$24),Daily!O136,NA()) -> -0.045279569

Sheet AP_Provenance
A1: Source or output | B1: Exact equality to captured bundle
A2: AP_Portfolios | B2: {=IFERROR(_xlfn.LET(_xlpm.mask,Out_AuditBundle[AuditTable]="AP_Portfolios",_xlpm.countRows,SUM(--_xlpm.mask),_xlpm.fields,_xlfn.XMATCH(AP_Portfolios[#Headers],Out_AuditBundle[#Headers],0),_xlpm.found,_xlfn.CHOOSECOLS(_xlfn._xlws.FILTER(Out_AuditBundle[#Data],_xlpm.mask,""),_xlpm.fields),AND(ROWS(AP_Portfolios[#Data])=MAX(1,_xlpm.countRows),IF(_xlpm.countRows=0,AND(AP_Portfolios[#Data]=""),AND(EXACT(AP_Portfolios[#Data]&"",_xlpm.found&""))))),FALSE)} -> TRUE
A3: AP_Instruments | B3: {=IFERROR(_xlfn.LET(_xlpm.mask,Out_AuditBundle[AuditTable]="AP_Instruments",_xlpm.countRows,SUM(--_xlpm.mask),_xlpm.fields,_xlfn.XMATCH(AP_Instruments[#Headers],Out_AuditBundle[#Headers],0),_xlpm.found,_xlfn.CHOOSECOLS(_xlfn._xlws.FILTER(Out_AuditBundle[#Data],_xlpm.mask,""),_xlpm.fields),AND(ROWS(AP_Instruments[#Data])=MAX(1,_xlpm.countRows),IF(_xlpm.countRows=0,AND(AP_Instruments[#Data]=""),AND(EXACT(AP_Instruments[#Data]&"",_xlpm.found&""))))),FALSE)} -> TRUE
A4: AP_Transactions | B4: {=IFERROR(_xlfn.LET(_xlpm.mask,Out_AuditBundle[AuditTable]="AP_Transactions",_xlpm.countRows,SUM(--_xlpm.mask),_xlpm.fields,_xlfn.XMATCH(AP_Transactions[#Headers],Out_AuditBundle[#Headers],0),_xlpm.found,_xlfn.CHOOSECOLS(_xlfn._xlws.FILTER(Out_AuditBundle[#Data],_xlpm.mask,""),_xlpm.fields),AND(ROWS(AP_Transactions[#Data])=MAX(1,_xlpm.countRows),IF(_xlpm.countRows=0,AND(AP_Transactions[#Data]=""),AND(EXACT(AP_Transactions[#Data]&"",_xlpm.found&""))))),FALSE)} -> TRUE
A5: AP_Prices | B5: {=IFERROR(_xlfn.LET(_xlpm.mask,Out_AuditBundle[AuditTable]="AP_Prices",_xlpm.countRows,SUM(--_xlpm.mask),_xlpm.fields,_xlfn.XMATCH(AP_Prices[#Headers],Out_AuditBundle[#Headers],0),_xlpm.found,_xlfn.CHOOSECOLS(_xlfn._xlws.FILTER(Out_AuditBundle[#Data],_xlpm.mask,""),_xlpm.fields),AND(ROWS(AP_Prices[#Data])=MAX(1,_xlpm.countRows),IF(_xlpm.countRows=0,AND(AP_Prices[#Data]=""),AND(EXACT(AP_Prices[#Data]&"",_xlpm.found&""))))),FALSE)} -> TRUE
A6: AP_Actions | B6: {=IFERROR(_xlfn.LET(_xlpm.mask,Out_AuditBundle[AuditTable]="AP_Actions",_xlpm.countRows,SUM(--_xlpm.mask),_xlpm.fields,_xlfn.XMATCH(AP_Actions[#Headers],Out_AuditBundle[#Headers],0),_xlpm.found,_xlfn.CHOOSECOLS(_xlfn._xlws.FILTER(Out_AuditBundle[#Data],_xlpm.mask,""),_xlpm.fields),AND(ROWS(AP_Actions[#Data])=MAX(1,_xlpm.countRows),IF(_xlpm.countRows=0,AND(AP_Actions[#Data]=""),AND(EXACT(AP_Actions[#Data]&"",_xlpm.found&""))))),FALSE)} -> TRUE
A7: AP_Calendar | B7: {=IFERROR(_xlfn.LET(_xlpm.mask,Out_AuditBundle[AuditTable]="AP_Calendar",_xlpm.countRows,SUM(--_xlpm.mask),_xlpm.fields,_xlfn.XMATCH(AP_Calendar[#Headers],Out_AuditBundle[#Headers],0),_xlpm.found,_xlfn.CHOOSECOLS(_xlfn._xlws.FILTER(Out_AuditBundle[#Data],_xlpm.mask,""),_xlpm.fields),AND(ROWS(AP_Calendar[#Data])=MAX(1,_xlpm.countRows),IF(_xlpm.countRows=0,AND(AP_Calendar[#Data]=""),AND(EXACT(AP_Calendar[#Data]&"",_xlpm.found&""))))),FALSE)} -> TRUE
A8: AP_Settings | B8: {=IFERROR(_xlfn.LET(_xlpm.mask,Out_AuditBundle[AuditTable]="AP_Settings",_xlpm.countRows,SUM(--_xlpm.mask),_xlpm.fields,_xlfn.XMATCH(AP_Settings[#Headers],Out_AuditBundle[#Headers],0),_xlpm.found,_xlfn.CHOOSECOLS(_xlfn._xlws.FILTER(Out_AuditBundle[#Data],_xlpm.mask,""),_xlpm.fields),AND(ROWS(AP_Settings[#Data])=MAX(1,_xlpm.countRows),IF(_xlpm.countRows=0,AND(AP_Settings[#Data]=""),AND(EXACT(AP_Settings[#Data]&"",_xlpm.found&""))))),FALSE)} -> TRUE
A9: TransactionsClean | B9: {=IFERROR(_xlfn.LET(_xlpm.mask,Out_AuditBundle[AuditTable]="TransactionsClean",_xlpm.countRows,SUM(--_xlpm.mask),_xlpm.fields,_xlfn.XMATCH(Out_TransactionsClean[#Headers],Out_AuditBundle[#Headers],0),_xlpm.found,_xlfn.CHOOSECOLS(_xlfn._xlws.FILTER(Out_AuditBundle[#Data],_xlpm.mask,""),_xlpm.fields),AND(ROWS(Out_TransactionsClean[#Data])=MAX(1,_xlpm.countRows),IF(_xlpm.countRows=0,AND(Out_TransactionsClean[#Data]=""),AND(EXACT(Out_TransactionsClean[#Data]&"",_xlpm.found&""))))),FALSE)} -> TRUE
A10: HoldingsDaily | B10: {=IFERROR(_xlfn.LET(_xlpm.mask,Out_AuditBundle[AuditTable]="HoldingsDaily",_xlpm.countRows,SUM(--_xlpm.mask),_xlpm.fields,_xlfn.XMATCH(Out_HoldingsDaily[#Headers],Out_AuditBundle[#Headers],0),_xlpm.found,_xlfn.CHOOSECOLS(_xlfn._xlws.FILTER(Out_AuditBundle[#Data],_xlpm.mask,""),_xlpm.fields),AND(ROWS(Out_HoldingsDaily[#Data])=MAX(1,_xlpm.countRows),IF(_xlpm.countRows=0,AND(Out_HoldingsDaily[#Data]=""),AND(EXACT(Out_HoldingsDaily[#Data]&"",_xlpm.found&""))))),FALSE)} -> TRUE
A11: PortfolioDaily | B11: {=IFERROR(_xlfn.LET(_xlpm.mask,Out_AuditBundle[AuditTable]="PortfolioDaily",_xlpm.countRows,SUM(--_xlpm.mask),_xlpm.fields,_xlfn.XMATCH(Out_PortfolioDaily[#Headers],Out_AuditBundle[#Headers],0),_xlpm.found,_xlfn.CHOOSECOLS(_xlfn._xlws.FILTER(Out_AuditBundle[#Data],_xlpm.mask,""),_xlpm.fields),AND(ROWS(Out_PortfolioDaily[#Data])=MAX(1,_xlpm.countRows),IF(_xlpm.countRows=0,AND(Out_PortfolioDaily[#Data]=""),AND(EXACT(Out_PortfolioDaily[#Data]&"",_xlpm.found&""))))),FALSE)} -> TRUE
A12: Exceptions | B12: {=IFERROR(_xlfn.LET(_xlpm.mask,Out_AuditBundle[AuditTable]="Exceptions",_xlpm.countRows,SUM(--_xlpm.mask),_xlpm.fields,_xlfn.XMATCH(Out_Exceptions[#Headers],Out_AuditBundle[#Headers],0),_xlpm.found,_xlfn.CHOOSECOLS(_xlfn._xlws.FILTER(Out_AuditBundle[#Data],_xlpm.mask,""),_xlpm.fields),AND(ROWS(Out_Exceptions[#Data])=MAX(1,_xlpm.countRows),IF(_xlpm.countRows=0,AND(Out_Exceptions[#Data]=""),AND(EXACT(Out_Exceptions[#Data]&"",_xlpm.found&""))))),FALSE)} -> TRUE
A13: InvestorFlows | B13: {=IFERROR(_xlfn.LET(_xlpm.mask,Out_AuditBundle[AuditTable]="InvestorFlows",_xlpm.countRows,SUM(--_xlpm.mask),_xlpm.fields,_xlfn.XMATCH(Out_InvestorFlows[#Headers],Out_AuditBundle[#Headers],0),_xlpm.found,_xlfn.CHOOSECOLS(_xlfn._xlws.FILTER(Out_AuditBundle[#Data],_xlpm.mask,""),_xlpm.fields),AND(ROWS(Out_InvestorFlows[#Data])=MAX(1,_xlpm.countRows),IF(_xlpm.countRows=0,AND(Out_InvestorFlows[#Data]=""),AND(EXACT(Out_InvestorFlows[#Data]&"",_xlpm.found&""))))),FALSE)} -> TRUE
A14: AcceptedPrices | B14: {=IFERROR(_xlfn.LET(_xlpm.mask,Out_AuditBundle[AuditTable]="AcceptedPrices",_xlpm.countRows,SUM(--_xlpm.mask),_xlpm.fields,_xlfn.XMATCH(Out_AcceptedPrices[#Headers],Out_AuditBundle[#Headers],0),_xlpm.found,_xlfn.CHOOSECOLS(_xlfn._xlws.FILTER(Out_AuditBundle[#Data],_xlpm.mask,""),_xlpm.fields),AND(ROWS(Out_AcceptedPrices[#Data])=MAX(1,_xlpm.countRows),IF(_xlpm.countRows=0,AND(Out_AcceptedPrices[#Data]=""),AND(EXACT(Out_AcceptedPrices[#Data]&"",_xlpm.found&""))))),FALSE)} -> TRUE

Sheet AP_AuditBundle
A1: EventID | B1: PortfolioID | C1: Date | D1: Sequence | E1: Type | F1: InstrumentID | G1: Quantity | H1: Price | I1: Amount | J1: Fees | K1: TransferID | L1: Timing | M1: ActionID | N1: DuplicateCount | O1: Status | P1: Reason | Q1: UnitsDelta | R1: CashDelta | S1: ExternalFlow | T1: CostChange | U1: RealizedPnL | V1: CashAfter | W1: UnitsAfter | X1: BasisAfter | Y1: AuditRow | Z1: AuditTable | AA1: Units | AB1: Basis | AC1: PriceDate | AD1: PriceAgeDays | AE1: MarketValue | AF1: LastKnownValue | AG1: DividendReceivable | AH1: UnrealizedPnL | AI1: OpeningValue | AJ1: OpenFlow | AK1: CloseFlow | AL1: NetExternalFlow | AM1: Cash | AN1: StockValue | AO1: ClosingValue | AP1: IncomeAccrued | AQ1: GainLoss | AR1: DailyReturn | AS1: ReturnStatus | AT1: ReturnReason | AU1: Rule | AV1: Severity | AW1: RecordID | AX1: AffectedResult | AY1: InvestorFlow | AZ1: PriceID | BA1: Close | BB1: Currency | BC1: SourceID | BD1: Revision | BE1: RetrievedAt | BF1: PriceBasis | BG1: SupersededCount | BH1: PortfolioName | BI1: InceptionDate | BJ1: Active | BK1: Include | BL1: InstrumentName | BM1: Symbol | BN1: Exchange | BO1: ISIN | BP1: AssetClass | BQ1: ExDate | BR1: PaymentDate | BS1: RatioNumerator | BT1: RatioDenominator | BU1: CashPerUnit | BV1: Verified | BW1: IsTradingSession | BX1: Setting | BY1: Value
A2: SYN_EVENT_P1_2025-01-01_01 | B2: P1 | C2: 45658 | D2: 1 | E2: DEPOSIT | G2: 0 | H2: 0 | I2: 100000 | J2: 0 | L2: OPEN | N2: 1 | O2: OK | Q2: 0 | R2: 100000 | S2: 100000 | T2: 0 | U2: 0 | V2: 100000 | W2: 0 | X2: 0 | Y2: 1 | Z2: TransactionsClean
A3: SYN_EVENT_P1_2025-01-02_01 | B3: P1 | C3: 45659 | D3: 1 | E3: BUY | F3: S_ALPHA | G3: 100 | H3: 100 | I3: 0 | J3: 10 | L3: CLOSE | N3: 1 | O3: OK | Q3: 100 | R3: -10010 | S3: 0 | T3: 10010 | U3: 0 | V3: 89990 | W3: 100 | X3: 10010 | Y3: 2 | Z3: TransactionsClean
A4: SYN_EVENT_P1_2025-01-02_02 | B4: P1 | C4: 45659 | D4: 2 | E4: BUY | F4: S_BETA | G4: 50 | H4: 200 | I4: 0 | J4: 10 | L4: CLOSE | N4: 1 | O4: OK | Q4: 50 | R4: -10010 | S4: 0 | T4: 10010 | U4: 0 | V4: 79980 | W4: 50 | X4: 10010 | Y4: 3 | Z4: TransactionsClean
A5: SYN_EVENT_P1_2025-01-02_03 | B5: P1 | C5: 45659 | D5: 3 | E5: BUY | F5: S_GAMMA | G5: 100 | H5: 80 | I5: 0 | J5: 8 | L5: CLOSE | N5: 1 | O5: OK | Q5: 100 | R5: -8008 | S5: 0 | T5: 8008 | U5: 0 | V5: 71972 | W5: 100 | X5: 8008 | Y5: 4 | Z5: TransactionsClean
A6: SYN_EVENT_P1_2025-03-03_01 | B6: P1 | C6: 45719 | D6: 1 | E6: BUY | F6: S_ALPHA | G6: 50 | H6: 98 | I6: 0 | J6: 5 | L6: CLOSE | N6: 1 | O6: OK | Q6: 50 | R6: -4905 | S6: 0 | T6: 4905 | U6: 0 | V6: 67067 | W6: 150 | X6: 14915 | Y6: 5 | Z6: TransactionsClean
A7: SYN_EVENT_P1_2025-05-01_01 | B7: P1 | C7: 45778 | D7: 1 | E7: DEPOSIT | G7: 0 | H7: 0 | I7: 10000 | J7: 0 | L7: CLOSE | N7: 1 | O7: OK | Q7: 0 | R7: 10000 | S7: 10000 | T7: 0 | U7: 0 | V7: 77067 | W7: 0 | X7: 0 | Y7: 6 | Z7: TransactionsClean
A8: SYN_EVENT_P1_2025-07-01_01 | B8: P1 | C8: 45839 | D8: 1 | E8: SELL | F8: S_ALPHA | G8: 80 | H8: 55 | I8: 0 | J8: 8 | L8: CLOSE | N8: 1 | O8: OK | Q8: -80 | R8: 4392 | S8: 0 | T8: -3977.3333 | U8: 414.66667 | V8: 81459 | W8: 220 | X8: 10937.667 | Y8: 7 | Z8: TransactionsClean
A9: SYN_EVENT_P1_2025-08-18_01 | B9: P1 | C9: 45887 | D9: 1 | E9: TRANSFER_IN | G9: 0 | H9: 0 | I9: 5000 | J9: 0 | K9: SYN_TRANSFER_20250818 | L9: CLOSE | N9: 1 | O9: OK | Q9: 0 | R9: 5000 | S9: 5000 | T9: 0 | U9: 0 | V9: 86459 | W9: 0 | X9: 0 | Y9: 8 | Z9: TransactionsClean
A10: SYN_EVENT_P1_2025-09-10_01 | B10: P1 | C10: 45910 | D10: 1 | E10: SELL | F10: S_BETA | G10: 20 | H10: 185 | I10: 0 | J10: 5 | L10: CLOSE | N10: 1 | O10: OK | Q10: -20 | R10: 3695 | S10: 0 | T10: -4004 | U10: -309 | V10: 90154 | W10: 30 | X10: 6006 | Y10: 9 | Z10: TransactionsClean
A11: SYN_EVENT_P1_2025-09-15_01 | B11: P1 | C11: 45915 | D11: 1 | E11: DIVIDEND | F11: S_BETA | G11: 0 | H11: 0 | I11: 150 | J11: 0 | L11: CLOSE | M11: SYN_DIV_BETA_20250901 | N11: 1 | O11: OK | Q11: 0 | R11: 0 | S11: 0 | T11: 0 | U11: 0 | V11: 90304 | W11: 30 | X11: 6006 | Y11: 10 | Z11: TransactionsClean
A12: SYN_EVENT_P1_2025-11-10_01 | B12: P1 | C12: 45971 | D12: 1 | E12: SELL | F12: S_GAMMA | G12: 100 | H12: 77 | I12: 0 | J12: 8 | L12: CLOSE | N12: 1 | O12: OK | Q12: -100 | R12: 7692 | S12: 0 | T12: -8008 | U12: -316 | V12: 97996 | W12: 0 | X12: 0 | Y12: 11 | Z12: TransactionsClean
A13: SYN_EVENT_P1_2025-12-15_01 | B13: P1 | C13: 46006 | D13: 1 | E13: DIVIDEND | F13: S_GAMMA | G13: 0 | H13: 0 | I13: 120 | J13: 0 | L13: CLOSE | M13: SYN_DIV_GAMMA_20251103 | N13: 1 | O13: OK | Q13: 0 | R13: 0 | S13: 0 | T13: 0 | U13: 0 | V13: 98116 | W13: 0 | X13: 0 | Y13: 12 | Z13: TransactionsClean
A14: SYN_EVENT_P1_2025-12-18_01 | B14: P1 | C14: 46009 | D14: 1 | E14: WITHDRAW | G14: 0 | H14: 0 | I14: 5000 | J14: 0 | L14: CLOSE | N14: 1 | O14: OK | Q14: 0 | R14: -5000 | S14: -5000 | T14: 0 | U14: 0 | V14: 93116 | W14: 0 | X14: 0 | Y14: 13 | Z14: TransactionsClean
A15: SYN_EVENT_P1_2025-12-31_01 | B15: P1 | C15: 46022 | D15: 1 | E15: FEE | G15: 0 | H15: 0 | I15: 25 | J15: 0 | L15: CLOSE | N15: 1 | O15: OK | Q15: 0 | R15: -25 | S15: 0 | T15: 0 | U15: 0 | V15: 93091 | W15: 0 | X15: 0 | Y15: 14 | Z15: TransactionsClean
A16: SYN_EVENT_P2_2025-01-01_01 | B16: P2 | C16: 45658 | D16: 1 | E16: DEPOSIT | G16: 0 | H16: 0 | I16: 80000 | J16: 0 | L16: OPEN | N16: 1 | O16: OK | Q16: 0 | R16: 80000 | S16: 80000 | T16: 0 | U16: 0 | V16: 80000 | W16: 0 | X16: 0 | Y16: 15 | Z16: TransactionsClean
A17: SYN_EVENT_P2_2025-01-02_01 | B17: P2 | C17: 45659 | D17: 1 | E17: BUY | F17: S_ALPHA | G17: 80 | H17: 100 | I17: 0 | J17: 8 | L17: CLOSE | N17: 1 | O17: OK | Q17: 80 | R17: -8008 | S17: 0 | T17: 8008 | U17: 0 | V17: 71992 | W17: 80 | X17: 8008 | Y17: 16 | Z17: TransactionsClean
A18: SYN_EVENT_P2_2025-01-02_02 | B18: P2 | C18: 45659 | D18: 2 | E18: BUY | F18: S_BETA | G18: 100 | H18: 200 | I18: 0 | J18: 20 | L18: CLOSE | N18: 1 | O18: OK | Q18: 100 | R18: -20020 | S18: 0 | T18: 20020 | U18: 0 | V18: 51972 | W18: 100 | X18: 20020 | Y18: 17 | Z18: TransactionsClean
A19: SYN_EVENT_P2_2025-02-03_01 | B19: P2 | C19: 45691 | D19: 1 | E19: BUY | F19: S_GAMMA | G19: 50 | H19: 82 | I19: 0 | J19: 4 | L19: CLOSE | N19: 1 | O19: OK | Q19: 50 | R19: -4104 | S19: 0 | T19: 4104 | U19: 0 | V19: 47868 | W19: 50 | X19: 4104 | Y19: 18 | Z19: TransactionsClean
A20: SYN_EVENT_P2_2025-03-03_01 | B20: P2 | C20: 45719 | D20: 1 | E20: DEPOSIT | G20: 0 | H20: 0 | I20: 5000 | J20: 0 | L20: CLOSE | N20: 1 | O20: OK | Q20: 0 | R20: 5000 | S20: 5000 | T20: 0 | U20: 0 | V20: 52868 | W20: 0 | X20: 0 | Y20: 19 | Z20: TransactionsClean
A21: SYN_EVENT_P2_2025-08-18_01 | B21: P2 | C21: 45887 | D21: 1 | E21: TRANSFER_OUT | G21: 0 | H21: 0 | I21: 5000 | J21: 0 | K21: SYN_TRANSFER_20250818 | L21: CLOSE | N21: 1 | O21: OK | Q21: 0 | R21: -5000 | S21: -5000 | T21: 0 | U21: 0 | V21: 47868 | W21: 0 | X21: 0 | Y21: 20 | Z21: TransactionsClean
A22: SYN_EVENT_P2_2025-09-01_01 | B22: P2 | C22: 45901 | D22: 1 | E22: SELL | F22: S_ALPHA | G22: 60 | H22: 49 | I22: 0 | J22: 6 | L22: CLOSE | N22: 1 | O22: OK | Q22: -60 | R22: 2934 | S22: 0 | T22: -3003 | U22: -69 | V22: 50802 | W22: 100 | X22: 5005 | Y22: 21 | Z22: TransactionsClean
A23: SYN_EVENT_P2_2025-12-18_01 | B23: P2 | C23: 46009 | D23: 1 | E23: WITHDRAW | G23: 0 | H23: 0 | I23: 3000 | J23: 0 | L23: CLOSE | N23: 1 | O23: OK | Q23: 0 | R23: -3000 | S23: -3000 | T23: 0 | U23: 0 | V23: 48162 | W23: 0 | X23: 0 | Y23: 22 | Z23: TransactionsClean
A24: SYN_EVENT_P2_2025-12-31_01 | B24: P2 | C24: 46022 | D24: 1 | E24: FEE | G24: 0 | H24: 0 | I24: 20 | J24: 0 | L24: CLOSE | N24: 1 | O24: OK | Q24: 0 | R24: -20 | S24: 0 | T24: 0 | U24: 0 | V24: 48142 | W24: 0 | X24: 0 | Y24: 23 | Z24: TransactionsClean
A25: SYN_EVENT_P3_2025-01-01_01 | B25: P3 | C25: 45658 | D25: 1 | E25: DEPOSIT | G25: 0 | H25: 0 | I25: 40000 | J25: 0 | L25: OPEN | N25: 1 | O25: OK | Q25: 0 | R25: 40000 | S25: 40000 | T25: 0 | U25: 0 | V25: 40000 | W25: 0 | X25: 0 | Y25: 24 | Z25: TransactionsClean
A26: SYN_EVENT_P3_2025-04-01_01 | B26: P3 | C26: 45748 | D26: 1 | E26: DEPOSIT | G26: 0 | H26: 0 | I26: 2000 | J26: 0 | L26: CLOSE | N26: 1 | O26: OK | Q26: 0 | R26: 2000 | S26: 2000 | T26: 0 | U26: 0 | V26: 42000 | W26: 0 | X26: 0 | Y26: 25 | Z26: TransactionsClean
A27: SYN_EVENT_P3_2025-12-18_01 | B27: P3 | C27: 46009 | D27: 1 | E27: WITHDRAW | G27: 0 | H27: 0 | I27: 1000 | J27: 0 | L27: CLOSE | N27: 1 | O27: OK | Q27: 0 | R27: -1000 | S27: -1000 | T27: 0 | U27: 0 | V27: 41000 | W27: 0 | X27: 0 | Y27: 26 | Z27: TransactionsClean
A28: SYN_EVENT_P3_2025-12-31_01 | B28: P3 | C28: 46022 | D28: 1 | E28: FEE | G28: 0 | H28: 0 | I28: 10 | J28: 0 | L28: CLOSE | N28: 1 | O28: OK | Q28: 0 | R28: -10 | S28: 0 | T28: 0 | U28: 0 | V28: 40990 | W28: 0 | X28: 0 | Y28: 27 | Z28: TransactionsClean
A29: SYN_EVENT_P4_2025-01-01_01 | B29: P4 | C29: 45658 | D29: 1 | E29: DEPOSIT | G29: 0 | H29: 0 | I29: 60000 | J29: 0 | L29: OPEN | N29: 1 | O29: OK | Q29: 0 | R29: 60000 | S29: 60000 | T29: 0 | U29: 0 | V29: 60000 | W29: 0 | X29: 0 | Y29: 28 | Z29: TransactionsClean
A30: SYN_EVENT_P4_2025-01-02_01 | B30: P4 | C30: 45659 | D30: 1 | E30: BUY | F30: S_ALPHA | G30: 40 | H30: 100 | I30: 0 | J30: 4 | L30: CLOSE | N30: 1 | O30: OK | Q30: 40 | R30: -4004 | S30: 0 | T30: 4004 | U30: 0 | V30: 55996 | W30: 40 | X30: 4004 | Y30: 29 | Z30: TransactionsClean
A31: SYN_EVENT_P4_2025-01-02_02 | B31: P4 | C31: 45659 | D31: 2 | E31: BUY | F31: S_GAMMA | G31: 100 | H31: 80 | I31: 0 | J31: 8 | L31: CLOSE | N31: 1 | O31: OK | Q31: 100 | R31: -8008 | S31: 0 | T31: 8008 | U31: 0 | V31: 47988 | W31: 100 | X31: 8008 | Y31: 30 | Z31: TransactionsClean
A32: SYN_EVENT_P4_2025-06-02_01 | B32: P4 | C32: 45810 | D32: 1 | E32: DEPOSIT | G32: 0 | H32: 0 | I32: 3000 | J32: 0 | L32: CLOSE | N32: 1 | O32: OK | Q32: 0 | R32: 3000 | S32: 3000 | T32: 0 | U32: 0 | V32: 50988 | W32: 0 | X32: 0 | Y32: 31 | Z32: TransactionsClean
A33: SYN_EVENT_P4_2025-08-01_01 | B33: P4 | C33: 45870 | D33: 1 | E33: BUY | F33: S_BETA | G33: 30 | H33: 178 | I33: 0 | J33: 3 | L33: CLOSE | N33: 1 | O33: OK | Q33: 30 | R33: -5343 | S33: 0 | T33: 5343 | U33: 0 | V33: 45645 | W33: 30 | X33: 5343 | Y33: 32 | Z33: TransactionsClean
A34: SYN_EVENT_P4_2025-12-31_01 | B34: P4 | C34: 46022 | D34: 1 | E34: FEE | G34: 0 | H34: 0 | I34: 15 | J34: 0 | L34: CLOSE | N34: 1 | O34: OK | Q34: 0 | R34: -15 | S34: 0 | T34: 0 | U34: 0 | V34: 45840 | W34: 0 | X34: 0 | Y34: 33 | Z34: TransactionsClean
B35: P1 | C35: 45658 | F35: S_ALPHA | H35: 100 | O35: OK | Y35: 1 | Z35: HoldingsDaily | AA35: 0 | AB35: 0 | AC35: 45658 | AD35: 0 | AE35: 0 | AF35: 0 | AG35: 0 | AH35: 0
B36: P1 | C36: 45658 | F36: S_BETA | H36: 200 | O36: OK | Y36: 2 | Z36: HoldingsDaily | AA36: 0 | AB36: 0 | AC36: 45658 | AD36: 0 | AE36: 0 | AF36: 0 | AG36: 0 | AH36: 0
B37: P1 | C37: 45658 | F37: S_GAMMA | H37: 80 | O37: OK | Y37: 3 | Z37: HoldingsDaily | AA37: 0 | AB37: 0 | AC37: 45658 | AD37: 0 | AE37: 0 | AF37: 0 | AG37: 0 | AH37: 0
B38: P1 | C38: 45659 | F38: S_ALPHA | H38: 100.07 | O38: OK | Y38: 4 | Z38: HoldingsDaily | AA38: 100 | AB38: 10010 | AC38: 45659 | AD38: 0 | AE38: 10007 | AF38: 10007 | AG38: 0 | AH38: -3
B39: P1 | C39: 45659 | F39: S_BETA | H39: 199.83 | O39: OK | Y39: 5 | Z39: HoldingsDaily | AA39: 50 | AB39: 10010 | AC39: 45659 | AD39: 0 | AE39: 9991.5 | AF39: 9991.5 | AG39: 0 | AH39: -18.5
B40: P1 | C40: 45659 | F40: S_GAMMA | H40: 80.07 | O40: OK | Y40: 6 | Z40: HoldingsDaily | AA40: 100 | AB40: 8008 | AC40: 45659 | AD40: 0 | AE40: 8007 | AF40: 8007 | AG40: 0 | AH40: -1
B41: P1 | C41: 45660 | F41: S_ALPHA | H41: 100.13 | O41: OK | Y41: 7 | Z41: HoldingsDaily | AA41: 100 | AB41: 10010 | AC41: 45660 | AD41: 0 | AE41: 10013 | AF41: 10013 | AG41: 0 | AH41: 3
B42: P1 | C42: 45660 | F42: S_BETA | H42: 199.67 | O42: OK | Y42: 8 | Z42: HoldingsDaily | AA42: 50 | AB42: 10010 | AC42: 45660 | AD42: 0 | AE42: 9983.5 | AF42: 9983.5 | AG42: 0 | AH42: -26.5
B43: P1 | C43: 45660 | F43: S_GAMMA | H43: 80.13 | O43: OK | Y43: 9 | Z43: HoldingsDaily | AA43: 100 | AB43: 8008 | AC43: 45660 | AD43: 0 | AE43: 8013 | AF43: 8013 | AG43: 0 | AH43: 5
B44: P1 | C44: 45661 | F44: S_ALPHA | H44: 100.13 | O44: OK | Y44: 10 | Z44: HoldingsDaily | AA44: 100 | AB44: 10010 | AC44: 45660 | AD44: 1 | AE44: 10013 | AF44: 10013 | AG44: 0 | AH44: 3
B45: P1 | C45: 45661 | F45: S_BETA | H45: 199.67 | O45: OK | Y45: 11 | Z45: HoldingsDaily | AA45: 50 | AB45: 10010 | AC45: 45660 | AD45: 1 | AE45: 9983.5 | AF45: 9983.5 | AG45: 0 | AH45: -26.5
B46: P1 | C46: 45661 | F46: S_GAMMA | H46: 80.13 | O46: OK | Y46: 12 | Z46: HoldingsDaily | AA46: 100 | AB46: 8008 | AC46: 45660 | AD46: 1 | AE46: 8013 | AF46: 8013 | AG46: 0 | AH46: 5
... B4414: P4 | C4414: 46022 | F4414: S_GAMMA | H4414: 77.8 | O4414: OK | Y4414: 4380 | Z4414: HoldingsDaily | AA4414: 100 | AB4414: 8008 | AC4414: 46022 | AD4414: 0 | AE4414: 7780 | AF4414: 7780 | AG4414: 0 | AH4414: -228
B4415: P1 | C4415: 45658 | J4415: 0 | O4415: OK | U4415: 0 | Y4415: 1 | Z4415: PortfolioDaily | AB4415: 0 | AF4415: 100000 | AG4415: 0 | AI4415: 0 | AJ4415: 100000 | AK4415: 0 | AL4415: 100000 | AM4415: 100000 | AN4415: 0 | AO4415: 100000 | AP4415: 0 | AQ4415: 0 | AR4415: 0 | AS4415: OK
B4416: P1 | C4416: 45659 | J4416: 28 | O4416: OK | U4416: 0 | Y4416: 2 | Z4416: PortfolioDaily | AB4416: 28028 | AF4416: 99977.5 | AG4416: 0 | AI4416: 100000 | AJ4416: 0 | AK4416: 0 | AL4416: 0 | AM4416: 71972 | AN4416: 28005.5 | AO4416: 99977.5 | AP4416: 0 | AQ4416: -22.5 | AR4416: -0.000225 | AS4416: OK
B4417: P1 | C4417: 45660 | J4417: 0 | O4417: OK | U4417: 0 | Y4417: 3 | Z4417: PortfolioDaily | AB4417: 28028 | AF4417: 99981.5 | AG4417: 0 | AI4417: 99977.5 | AJ4417: 0 | AK4417: 0 | AL4417: 0 | AM4417: 71972 | AN4417: 28009.5 | AO4417: 99981.5 | AP4417: 0 | AQ4417: 4 | AR4417: 4.0009002e-05 | AS4417: OK
B4418: P1 | C4418: 45661 | J4418: 0 | O4418: OK | U4418: 0 | Y4418: 4 | Z4418: PortfolioDaily | AB4418: 28028 | AF4418: 99981.5 | AG4418: 0 | AI4418: 99981.5 | AJ4418: 0 | AK4418: 0 | AL4418: 0 | AM4418: 71972 | AN4418: 28009.5 | AO4418: 99981.5 | AP4418: 0 | AQ4418: 0 | AR4418: 0 | AS4418: OK
B4419: P1 | C4419: 45662 | J4419: 0 | O4419: OK | U4419: 0 | Y4419: 5 | Z4419: PortfolioDaily | AB4419: 28028 | AF4419: 99981.5 | AG4419: 0 | AI4419: 99981.5 | AJ4419: 0 | AK4419: 0 | AL4419: 0 | AM4419: 71972 | AN4419: 28009.5 | AO4419: 99981.5 | AP4419: 0 | AQ4419: 0 | AR4419: 0 | AS4419: OK
B4420: P1 | C4420: 45663 | J4420: 0 | O4420: OK | U4420: 0 | Y4420: 6 | Z4420: PortfolioDaily | AB4420: 28028 | AF4420: 99996.5 | AG4420: 0 | AI4420: 99981.5 | AJ4420: 0 | AK4420: 0 | AL4420: 0 | AM4420: 71972 | AN4420: 28024.5 | AO4420: 99996.5 | AP4420: 0 | AQ4420: 15 | AR4420: 0.00015002776 | AS4420: OK
B4421: P1 | C4421: 45664 | J4421: 0 | O4421: OK | U4421: 0 | Y4421: 7 | Z4421: PortfolioDaily | AB4421: 28028 | AF4421: 100002 | AG4421: 0 | AI4421: 99996.5 | AJ4421: 0 | AK4421: 0 | AL4421: 0 | AM4421: 71972 | AN4421: 28030 | AO4421: 100002 | AP4421: 0 | AQ4421: 5.5 | AR4421: 5.5001925e-05 | AS4421: OK
B4422: P1 | C4422: 45665 | J4422: 0 | O4422: OK | U4422: 0 | Y4422: 8 | Z4422: PortfolioDaily | AB4422: 28028 | AF4422: 100007.5 | AG4422: 0 | AI4422: 100002 | AJ4422: 0 | AK4422: 0 | AL4422: 0 | AM4422: 71972 | AN4422: 28035.5 | AO4422: 100007.5 | AP4422: 0 | AQ4422: 5.5 | AR4422: 5.49989e-05 | AS4422: OK
B4423: P1 | C4423: 45666 | J4423: 0 | O4423: OK | U4423: 0 | Y4423: 9 | Z4423: PortfolioDaily | AB4423: 28028 | AF4423: 100011.5 | AG4423: 0 | AI4423: 100007.5 | AJ4423: 0 | AK4423: 0 | AL4423: 0 | AM4423: 71972 | AN4423: 28039.5 | AO4423: 100011.5 | AP4423: 0 | AQ4423: 4 | AR4423: 3.9997e-05 | AS4423: OK
B4424: P1 | C4424: 45667 | J4424: 0 | O4424: OK | U4424: 0 | Y4424: 10 | Z4424: PortfolioDaily | AB4424: 28028 | AF4424: 100017 | AG4424: 0 | AI4424: 100011.5 | AJ4424: 0 | AK4424: 0 | AL4424: 0 | AM4424: 71972 | AN4424: 28045 | AO4424: 100017 | AP4424: 0 | AQ4424: 5.5 | AR4424: 5.4993676e-05 | AS4424: OK
B4425: P1 | C4425: 45668 | J4425: 0 | O4425: OK | U4425: 0 | Y4425: 11 | Z4425: PortfolioDaily | AB4425: 28028 | AF4425: 100017 | AG4425: 0 | AI4425: 100017 | AJ4425: 0 | AK4425: 0 | AL4425: 0 | AM4425: 71972 | AN4425: 28045 | AO4425: 100017 | AP4425: 0 | AQ4425: 0 | AR4425: 0 | AS4425: OK
B4426: P1 | C4426: 45669 | J4426: 0 | O4426: OK | U4426: 0 | Y4426: 12 | Z4426: PortfolioDaily | AB4426: 28028 | AF4426: 100017 | AG4426: 0 | AI4426: 100017 | AJ4426: 0 | AK4426: 0 | AL4426: 0 | AM4426: 71972 | AN4426: 28045 | AO4426: 100017 | AP4426: 0 | AQ4426: 0 | AR4426: 0 | AS4426: OK
... B6239: __GROUP__ | C6239: 46022 | J6239: 55 | O6239: OK | U6239: -279.33333 | Y6239: 1825 | Z6239: PortfolioDaily | AB6239: 46072.667 | AF6239: 223283 | AG6239: 0 | AI6239: 223349.8 | AJ6239: 0 | AK6239: 0 | AL6239: 0 | AM6239: 182223 | AN6239: 41060 | AO6239: 223283 | AP6239: 0 | AQ6239: -66.8 | AR6239: -0.00029908243 | AS6239: OK
A6240: SYN_EVENT_P1_2025-01-01_01 | B6240: P1 | C6240: 45658 | E6240: DEPOSIT | L6240: OPEN | S6240: 100000 | Y6240: 1 | Z6240: InvestorFlows | AY6240: -100000
A6241: SYN_EVENT_P1_2025-05-01_01 | B6241: P1 | C6241: 45778 | E6241: DEPOSIT | L6241: CLOSE | S6241: 10000 | Y6241: 2 | Z6241: InvestorFlows | AY6241: -10000
A6242: SYN_EVENT_P1_2025-08-18_01 | B6242: P1 | C6242: 45887 | E6242: TRANSFER_IN | K6242: SYN_TRANSFER_20250818 | L6242: CLOSE | S6242: 5000 | Y6242: 3 | Z6242: InvestorFlows | AY6242: -5000
A6243: SYN_EVENT_P1_2025-12-18_01 | B6243: P1 | C6243: 46009 | E6243: WITHDRAW | L6243: CLOSE | S6243: -5000 | Y6243: 4 | Z6243: InvestorFlows | AY6243: 5000
A6244: SYN_EVENT_P2_2025-01-01_01 | B6244: P2 | C6244: 45658 | E6244: DEPOSIT | L6244: OPEN | S6244: 80000 | Y6244: 5 | Z6244: InvestorFlows | AY6244: -80000
A6245: SYN_EVENT_P2_2025-03-03_01 | B6245: P2 | C6245: 45719 | E6245: DEPOSIT | L6245: CLOSE | S6245: 5000 | Y6245: 6 | Z6245: InvestorFlows | AY6245: -5000
A6246: SYN_EVENT_P2_2025-08-18_01 | B6246: P2 | C6246: 45887 | E6246: TRANSFER_OUT | K6246: SYN_TRANSFER_20250818 | L6246: CLOSE | S6246: -5000 | Y6246: 7 | Z6246: InvestorFlows | AY6246: 5000
A6247: SYN_EVENT_P2_2025-12-18_01 | B6247: P2 | C6247: 46009 | E6247: WITHDRAW | L6247: CLOSE | S6247: -3000 | Y6247: 8 | Z6247: InvestorFlows | AY6247: 3000
A6248: SYN_EVENT_P3_2025-01-01_01 | B6248: P3 | C6248: 45658 | E6248: DEPOSIT | L6248: OPEN | S6248: 40000 | Y6248: 9 | Z6248: InvestorFlows | AY6248: -40000
A6249: SYN_EVENT_P3_2025-04-01_01 | B6249: P3 | C6249: 45748 | E6249: DEPOSIT | L6249: CLOSE | S6249: 2000 | Y6249: 10 | Z6249: InvestorFlows | AY6249: -2000
A6250: SYN_EVENT_P3_2025-12-18_01 | B6250: P3 | C6250: 46009 | E6250: WITHDRAW | L6250: CLOSE | S6250: -1000 | Y6250: 11 | Z6250: InvestorFlows | AY6250: 1000
A6251: SYN_EVENT_P4_2025-01-01_01 | B6251: P4 | C6251: 45658 | E6251: DEPOSIT | L6251: OPEN | S6251: 60000 | Y6251: 12 | Z6251: InvestorFlows | AY6251: -60000
A6252: SYN_EVENT_P4_2025-06-02_01 | B6252: P4 | C6252: 45810 | E6252: DEPOSIT | L6252: CLOSE | S6252: 3000 | Y6252: 13 | Z6252: InvestorFlows | AY6252: -3000
A6253: __GROUP__|2025-01-01|OPEN | B6253: __GROUP__ | C6253: 45658 | E6253: GROUP_FLOW | L6253: OPEN | S6253: 220000 | Y6253: 14 | Z6253: InvestorFlows | AY6253: -220000
A6254: __GROUP__|2025-03-03|CLOSE | B6254: __GROUP__ | C6254: 45719 | E6254: GROUP_FLOW | L6254: CLOSE | S6254: 5000 | Y6254: 15 | Z6254: InvestorFlows | AY6254: -5000
A6255: __GROUP__|2025-04-01|CLOSE | B6255: __GROUP__ | C6255: 45748 | E6255: GROUP_FLOW | L6255: CLOSE | S6255: 2000 | Y6255: 16 | Z6255: InvestorFlows | AY6255: -2000
A6256: __GROUP__|2025-05-01|CLOSE | B6256: __GROUP__ | C6256: 45778 | E6256: GROUP_FLOW | L6256: CLOSE | S6256: 10000 | Y6256: 17 | Z6256: InvestorFlows | AY6256: -10000
A6257: __GROUP__|2025-12-18|CLOSE | B6257: __GROUP__ | C6257: 46009 | E6257: GROUP_FLOW | L6257: CLOSE | S6257: -9000 | Y6257: 18 | Z6257: InvestorFlows | AY6257: 9000
C6258: 45657 | F6258: S_ALPHA | N6258: 1 | O6258: OK | Y6258: 1 | Z6258: AcceptedPrices | AZ6258: SYN_PRICE_S_ALPHA_2024-12-31 | BA6258: 100 | BB6258: INR | BC6258: SYNTHETIC_FULL_YEAR_2025 | BD6258: 0 | BE6258: 46302 | BF6258: Unadjusted | BG6258: 0
C6259: 45658 | F6259: S_ALPHA | N6259: 1 | O6259: OK | Y6259: 2 | Z6259: AcceptedPrices | AZ6259: SYN_PRICE_S_ALPHA_2025-01-01 | BA6259: 100 | BB6259: INR | BC6259: SYNTHETIC_FULL_YEAR_2025 | BD6259: 0 | BE6259: 46302 | BF6259: Unadjusted | BG6259: 0
C6260: 45659 | F6260: S_ALPHA | N6260: 1 | O6260: OK | Y6260: 3 | Z6260: AcceptedPrices | AZ6260: SYN_PRICE_S_ALPHA_2025-01-02 | BA6260: 100.07 | BB6260: INR | BC6260: SYNTHETIC_FULL_YEAR_2025 | BD6260: 0 | BE6260: 46302 | BF6260: Unadjusted | BG6260: 0
C6261: 45660 | F6261: S_ALPHA | N6261: 1 | O6261: OK | Y6261: 4 | Z6261: AcceptedPrices | AZ6261: SYN_PRICE_S_ALPHA_2025-01-03 | BA6261: 100.13 | BB6261: INR | BC6261: SYNTHETIC_FULL_YEAR_2025 | BD6261: 0 | BE6261: 46302 | BF6261: Unadjusted | BG6261: 0
C6262: 45663 | F6262: S_ALPHA | N6262: 1 | O6262: OK | Y6262: 5 | Z6262: AcceptedPrices | AZ6262: SYN_PRICE_S_ALPHA_2025-01-06 | BA6262: 100.33 | BB6262: INR | BC6262: SYNTHETIC_FULL_YEAR_2025 | BD6262: 0 | BE6262: 46302 | BF6262: Unadjusted | BG6262: 0
C6263: 45664 | F6263: S_ALPHA | N6263: 1 | O6263: OK | Y6263: 6 | Z6263: AcceptedPrices | AZ6263: SYN_PRICE_S_ALPHA_2025-01-07 | BA6263: 100.4 | BB6263: INR | BC6263: SYNTHETIC_FULL_YEAR_2025 | BD6263: 0 | BE6263: 46302 | BF6263: Unadjusted | BG6263: 0
C6264: 45665 | F6264: S_ALPHA | N6264: 1 | O6264: OK | Y6264: 7 | Z6264: AcceptedPrices | AZ6264: SYN_PRICE_S_ALPHA_2025-01-08 | BA6264: 100.47 | BB6264: INR | BC6264: SYNTHETIC_FULL_YEAR_2025 | BD6264: 0 | BE6264: 46302 | BF6264: Unadjusted | BG6264: 0
C6265: 45666 | F6265: S_ALPHA | N6265: 1 | O6265: OK | Y6265: 8 | Z6265: AcceptedPrices | AZ6265: SYN_PRICE_S_ALPHA_2025-01-09 | BA6265: 100.53 | BB6265: INR | BC6265: SYNTHETIC_FULL_YEAR_2025 | BD6265: 0 | BE6265: 46302 | BF6265: Unadjusted | BG6265: 0
C6266: 45667 | F6266: S_ALPHA | N6266: 1 | O6266: OK | Y6266: 9 | Z6266: AcceptedPrices | AZ6266: SYN_PRICE_S_ALPHA_2025-01-10 | BA6266: 100.6 | BB6266: INR | BC6266: SYNTHETIC_FULL_YEAR_2025 | BD6266: 0 | BE6266: 46302 | BF6266: Unadjusted | BG6266: 0
C6267: 45670 | F6267: S_ALPHA | N6267: 1 | O6267: OK | Y6267: 10 | Z6267: AcceptedPrices | AZ6267: SYN_PRICE_S_ALPHA_2025-01-13 | BA6267: 100.8 | BB6267: INR | BC6267: SYNTHETIC_FULL_YEAR_2025 | BD6267: 0 | BE6267: 46302 | BF6267: Unadjusted | BG6267: 0
C6268: 45671 | F6268: S_ALPHA | N6268: 1 | O6268: OK | Y6268: 11 | Z6268: AcceptedPrices | AZ6268: SYN_PRICE_S_ALPHA_2025-01-14 | BA6268: 100.87 | BB6268: INR | BC6268: SYNTHETIC_FULL_YEAR_2025 | BD6268: 0 | BE6268: 46302 | BF6268: Unadjusted | BG6268: 0
C6269: 45672 | F6269: S_ALPHA | N6269: 1 | O6269: OK | Y6269: 12 | Z6269: AcceptedPrices | AZ6269: SYN_PRICE_S_ALPHA_2025-01-15 | BA6269: 100.93 | BB6269: INR | BC6269: SYNTHETIC_FULL_YEAR_2025 | BD6269: 0 | BE6269: 46302 | BF6269: Unadjusted | BG6269: 0
... C7043: 46022 | F7043: S_GAMMA | N7043: 1 | O7043: OK | Y7043: 786 | Z7043: AcceptedPrices | AZ7043: SYN_PRICE_S_GAMMA_2025-12-31 | BA7043: 77.8 | BB7043: INR | BC7043: SYNTHETIC_FULL_YEAR_2025 | BD7043: 0 | BE7043: 46302 | BF7043: Unadjusted | BG7043: 0
B7044: P1 | Y7044: 1 | Z7044: AP_Portfolios | BB7044: INR | BH7044: Model | BI7044: 45658 | BJ7044: Yes | BK7044: Yes
B7045: P2 | Y7045: 2 | Z7045: AP_Portfolios | BB7045: INR | BH7045: Practice | BI7045: 45658 | BJ7045: Yes | BK7045: Yes
B7046: P3 | Y7046: 3 | Z7046: AP_Portfolios | BB7046: INR | BH7046: Cash reserve | BI7046: 45658 | BJ7046: Yes | BK7046: Yes
B7047: P4 | Y7047: 4 | Z7047: AP_Portfolios | BB7047: INR | BH7047: Balanced example | BI7047: 45658 | BJ7047: Yes | BK7047: No
F7048: S_ALPHA | Y7048: 1 | Z7048: AP_Instruments | BB7048: INR | BL7048: Synthetic Alpha | BM7048: S_ALPHA | BN7048: SYNTHETIC_QA | BP7048: Stock
F7049: S_BETA | Y7049: 2 | Z7049: AP_Instruments | BB7049: INR | BL7049: Synthetic Beta | BM7049: S_BETA | BN7049: SYNTHETIC_QA | BP7049: Stock
F7050: S_GAMMA | Y7050: 3 | Z7050: AP_Instruments | BB7050: INR | BL7050: Synthetic Gamma | BM7050: S_GAMMA | BN7050: SYNTHETIC_QA | BP7050: Stock
A7051: SYN_EVENT_P1_2025-01-01_01 | B7051: P1 | C7051: 45658 | D7051: 1 | E7051: DEPOSIT | G7051: 0 | H7051: 0 | I7051: 100000 | J7051: 0 | L7051: OPEN | Y7051: 1 | Z7051: AP_Transactions
A7052: SYN_EVENT_P2_2025-01-01_01 | B7052: P2 | C7052: 45658 | D7052: 1 | E7052: DEPOSIT | G7052: 0 | H7052: 0 | I7052: 80000 | J7052: 0 | L7052: OPEN | Y7052: 2 | Z7052: AP_Transactions
...

Sheet Start
A1: Portfolio accounting and comparison
A3: Review candidate. All accounts, trades, prices, actions and trading-day flags are fictional. Full-year 2025 method illustration, not observed market history or achieved investment performance.
A6: 1 Compare | C6: Set one common start/end. Inspect statuses before comparing or ranking returns.
A8: 2 Trace | C8: Choose an account/date on Detail; inspect quantities, prices, price dates and cash.
A10: 3 Fix and refresh | C10: Edit AP_ normalized inputs, then Data > Refresh All. Exact mirrors block current outputs after edits.
A12: 4 Keep notes | C12: Maintain AP_Notes by stable PortfolioID + InstrumentID. Notes survive refresh and sorting.
A14: Price mode | C14: =_xlfn.XLOOKUP("PriceInputMode",AP_Settings[Setting],AP_Settings[Value]) -> Synthetic fixture
A15: Accounting query success | C15: =INDEX(Out_RefreshInfo[EngineSuccessAt],1) -> 2026-10-07 14:49:31 +05:30
A16: Input state | C16: {=IF(AP_InputsCurrent,"Captured inputs and loaded accounting outputs match","Input/output mismatch; complete Refresh All and inspect errors")} -> Captured inputs and loaded accounting outputs match
A18: Dataset scope | C18: 1 January to 31 December 2025. Synthetic weekday calendar; historical-data acquisition is on hold.
A20: Return convention | C20: TWR links cash-flow-adjusted days. XIRR is annualized (actual/365); native XIRR seed receives three Newton refinements for numerical agreement.
A21: Refresh scope | C21: Manual Refresh All; automatic query timers are disabled in this candidate. Wait for every query and inspect errors before using cached results.
A23: Legacy synthetic tools | C23: Preserved v6 tools use a separate synthetic 2026 dataset. They do not feed the new model.
A26: Comparison | C26: Primary view or editable normalized input
A27: Detail | C27: Primary view or editable normalized input
A28: Review | C28: Primary view or editable normalized input
A29: Data Checks | C29: Primary view or editable normalized input
A30: AP_Portfolios | C30: Primary view or editable normalized input
A31: AP_Instruments | C31: Primary view or editable normalized input
A32: AP_Transactions | C32: Primary view or editable normalized input
A33: AP_Prices | C33: Primary view or editable normalized input
... A43: Snapshot | C43: One loaded date; separate native PivotTable and portfolio slicer

Sheet Comparison
A1: Compare portfolios over one common period
A3: Editable dates recalculate formula results. Include flags define pooled returns and require Refresh All. Open the linked Snapshot sheet for the separate loaded-date PivotTable.
A5: Start date | B5: 45658 | D5: End date | E5: 46022 | H5: Explore loaded snapshot
A7: {=IF(AP_InputsCurrent,"Inputs match loaded copies","INPUTS EDITED: Refresh All before current results are eligible")} -> Inputs match loaded copies
A9: PortfolioID | B9: Portfolio name | C9: Opening INR | D9: Closing INR | E9: Net funding INR | F9: Gain/loss INR | G9: TWR | H9: TWR status | I9: XIRR annualized | J9: XIRR status | K9: Cash at end INR | L9: Largest stock / account
A10: {=IFERROR(_xlfn.ANCHORARRAY(AP_ReturnCalc!A10),"Unavailable")} -> P1 | B10: Model | C10: 0 | D10: 108611 | E10: 110000 | F10: -1389 | G10: -0.012614677 | H10: OK | I10: -0.012848655 | J10: OK | K10: 93091 | L10: 0.096214932
A11: P2 | B11: Practice | C11: 0 | D11: 73682 | E11: 77000 | F11: -3318 | G11: -0.040661589 | H11: OK | I11: -0.040479179 | J11: OK | K11: 48142 | L11: 0.22936402
A12: P3 | B12: Cash reserve | C12: 0 | D12: 40990 | E12: 41000 | F12: -10 | G12: -0.00024390244 | H12: OK | I12: -0.0002418016 | J12: OK | K12: 40990 | L12: 0
A13: P4 | B13: Balanced example | C13: 0 | D13: 62490 | E13: 63000 | F13: -510 | G13: -0.0077431884 | H13: OK | I13: -0.0082816677 | J13: OK | K13: 45840 | L13: 0.12449992
A14: __GROUP__ | B14: Included accounts | C14: 0 | D14: 223283 | E14: 228000 | F14: -4717 | G14: -0.020364805 | H14: OK | I14: -0.020380163 | J14: OK | K14: 182223 | L14: 0.09839531

Sheet Detail
A1: Trace holdings and cash
A3: Choose a stable PortfolioID and valuation date. Inspect exact quantities, basis, price dates, unpaid dividends and reasoned unavailable values.
A5: PortfolioID | B5: P1 | D5: Valuation date | E5: 46022
A7: Known ledger cash | B7: {=IF(AP_InputsCurrent,_xlfn.XLOOKUP(1,(Out_PortfolioDaily[PortfolioID]=AP_SelectedPortfolio)*(Out_PortfolioDaily[Date]=AP_ValuationDate),Out_PortfolioDaily[Cash],NA()),NA())} -> 93091 | D7: Unpaid dividend | E7: {=IF(AP_InputsCurrent,_xlfn.XLOOKUP(1,(Out_PortfolioDaily[PortfolioID]=AP_SelectedPortfolio)*(Out_PortfolioDaily[Date]=AP_ValuationDate),Out_PortfolioDaily[DividendReceivable],NA()),NA())} -> 0 | G7: Eligible total value | H7: {=IF(AND(AP_InputsCurrent,_xlfn.XLOOKUP(1,(Out_PortfolioDaily[PortfolioID]=AP_SelectedPortfolio)*(Out_PortfolioDaily[Date]=AP_ValuationDate),Out_PortfolioDaily[Status],"Missing")="OK"),_xlfn.XLOOKUP(1,(Out_PortfolioDaily[PortfolioID]=AP_SelectedPortfolio)*(Out_PortfolioDaily[Date]=AP_ValuationDate),Out_PortfolioDaily[ClosingValue],NA()),NA())} -> 108611
A9: {=IF(NOT(AP_InputsCurrent),"Inputs edited; Refresh All",_xlfn.XLOOKUP(1,(Out_PortfolioDaily[PortfolioID]=AP_SelectedPortfolio)*(Out_PortfolioDaily[Date]=AP_ValuationDate),Out_PortfolioDaily[Status]&" | "&Out_PortfolioDaily[Reason],"Missing account/date snapshot"))} -> OK |
A11: InstrumentID | B11: Stock name | C11: Units | D11: Basis INR | E11: Price INR | F11: Price date | G11: Stock value INR | H11: Receivable INR | I11: Unrealized INR | J11: Status | K11: Reason | L11: Keyed review note
A12: {=IF(NOT(AP_InputsCurrent),"Inputs edited; Refresh All",_xlfn.LET(_xlpm.mask,(Out_HoldingsDaily[PortfolioID]=AP_SelectedPortfolio)*(Out_HoldingsDaily[Date]=AP_ValuationDate),_xlpm.ids,Out_HoldingsDaily[InstrumentID],_xlfn._xlws.FILTER(_xlfn.HSTACK(_xlpm.ids,_xlfn.XLOOKUP(_xlpm.ids,AP_Instruments[InstrumentID],AP_Instruments[InstrumentName],"Unknown"),Out_HoldingsDaily[Units],Out_HoldingsDaily[Basis],IF(ISNUMBER(Out_HoldingsDaily[Price]),Out_HoldingsDaily[Price],"Unavailable"),IF(ISNUMBER(Out_HoldingsDaily[PriceDate]),TEXT(Out_HoldingsDaily[PriceDate],"yyyy-mm-dd"),"Unavailable"),IF(ISNUMBER(Out_HoldingsDaily[MarketValue]),Out_HoldingsDaily[MarketValue],"Unavailable"),Out_HoldingsDaily[DividendReceivable],IF(ISNUMBER(Out_HoldingsDaily[UnrealizedPnL]),Out_HoldingsDaily[UnrealizedPnL],"Unavailable"),Out_HoldingsDaily[Status],Out_HoldingsDaily[Reason],IF(COUNTIF(AP_Notes[NoteKey],AP_SelectedPortfolio&"|"&_xlpm.ids)>1,"Duplicate note key; resolve AP_Notes",_xlfn.XLOOKUP(AP_SelectedPortfolio&"|"&_xlpm.ids,AP_Notes[NoteKey],AP_Notes[ReviewNote],""))),_xlpm.mask,"No account/date holdings snapshot")))} -> S_ALPHA | B12: Synthetic Alpha | C12: 220 | D12: 10937.667 | E12: 47.5 | F12: 2025-12-31 | G12: 10450 | H12: 0 | I12: -487.66667 | J12: OK | L12: Check partial sale, split and dividend trace
A13: S_BETA | B13: Synthetic Beta | C13: 30 | D13: 6006 | E13: 169 | F13: 2025-12-31 | G13: 5070 | H13: 0 | I13: -936 | J13: OK
A14: S_GAMMA | B14: Synthetic Gamma | C14: 0 | D14: 0 | E14: 77.8 | F14: 2025-12-31 | G14: 0 | H14: 0 | I14: 0 | J14: OK

Sheet Review
A1: Review accounting and price exceptions
A3: Fix the owning input, then Refresh All. Notes and legacy draft trade plans do not create completed transactions.
A6: Loaded exception rules
A7: {=IF(AP_InputsCurrent,"Inputs current","Inputs edited; exceptions below are last loaded state. Refresh All.")} -> Inputs current
A9: Rule | B9: Severity | C9: PortfolioID | D9: InstrumentID | E9: Date | F9: RecordID | G9: Reason | H9: AffectedResult
A10: {=_xlfn._xlws.FILTER(Out_Exceptions[#Data],Out_Exceptions[Rule]<>"","No loaded exceptions")} -> No loaded exceptions

Sheet Data Checks
A1: Data checks and coverage
A3: Terminal validation. Outputs do not depend on this sheet. Synthetic accounting checks do not establish historical-source coverage or user acceptance.
A6: Check | B6: Result | C6: Meaning
A7: AP_Portfolios | B7: {=IF(IFERROR(AND(ROWS(AP_Portfolios[#All])=ROWS(Out_LoadedPortfolios[#All]),COLUMNS(AP_Portfolios[#All])=COLUMNS(Out_LoadedPortfolios[#All]),AND(EXACT(AP_Portfolios[#All]&"",Out_LoadedPortfolios[#All]&""))),FALSE),"Matches","Refresh required")} -> Matches | C7: Exact headers, dimensions and cell arrays match loaded copy
A8: AP_Instruments | B8: {=IF(IFERROR(AND(ROWS(AP_Instruments[#All])=ROWS(Out_LoadedInstruments[#All]),COLUMNS(AP_Instruments[#All])=COLUMNS(Out_LoadedInstruments[#All]),AND(EXACT(AP_Instruments[#All]&"",Out_LoadedInstruments[#All]&""))),FALSE),"Matches","Refresh required")} -> Matches | C8: Exact headers, dimensions and cell arrays match loaded copy
A9: AP_Transactions | B9: {=IF(IFERROR(AND(ROWS(AP_Transactions[#All])=ROWS(Out_LoadedTransactions[#All]),COLUMNS(AP_Transactions[#All])=COLUMNS(Out_LoadedTransactions[#All]),AND(EXACT(AP_Transactions[#All]&"",Out_LoadedTransactions[#All]&""))),FALSE),"Matches","Refresh required")} -> Matches | C9: Exact headers, dimensions and cell arrays match loaded copy
A10: AP_Prices | B10: {=IF(IFERROR(AND(ROWS(AP_Prices[#All])=ROWS(Out_LoadedPrices[#All]),COLUMNS(AP_Prices[#All])=COLUMNS(Out_LoadedPrices[#All]),AND(EXACT(AP_Prices[#All]&"",Out_LoadedPrices[#All]&""))),FALSE),"Matches","Refresh required")} -> Matches | C10: Exact headers, dimensions and cell arrays match loaded copy
A11: AP_Actions | B11: {=IF(IFERROR(AND(ROWS(AP_Actions[#All])=ROWS(Out_LoadedActions[#All]),COLUMNS(AP_Actions[#All])=COLUMNS(Out_LoadedActions[#All]),AND(EXACT(AP_Actions[#All]&"",Out_LoadedActions[#All]&""))),FALSE),"Matches","Refresh required")} -> Matches | C11: Exact headers, dimensions and cell arrays match loaded copy
A12: AP_Calendar | B12: {=IF(IFERROR(AND(ROWS(AP_Calendar[#All])=ROWS(Out_LoadedCalendar[#All]),COLUMNS(AP_Calendar[#All])=COLUMNS(Out_LoadedCalendar[#All]),AND(EXACT(AP_Calendar[#All]&"",Out_LoadedCalendar[#All]&""))),FALSE),"Matches","Refresh required")} -> Matches | C12: Exact headers, dimensions and cell arrays match loaded copy
A13: AP_Settings | B13: {=IF(IFERROR(AND(ROWS(AP_Settings[#All])=ROWS(Out_LoadedSettings[#All]),COLUMNS(AP_Settings[#All])=COLUMNS(Out_LoadedSettings[#All]),AND(EXACT(AP_Settings[#All]&"",Out_LoadedSettings[#All]&""))),FALSE),"Matches","Refresh required")} -> Matches | C13: Exact headers, dimensions and cell arrays match loaded copy
A15: Loaded engine exceptions | B15: =COUNTIF(Out_Exceptions[Severity],"Error") -> 0 | C15: Affected accounts expose reasoned invalid states.
A16: Duplicate note keys | B16: {=SUMPRODUCT(--(AP_Notes[PortfolioID]<>""),--(COUNTIF(AP_Notes[NoteKey],AP_Notes[NoteKey])>1))} -> 0 | C16: Must be zero. Refresh never replaces notes.
A17: Snapshot value reconciliation | B17: {=_xlfn.LET(_xlpm.mask,(Out_PortfolioDaily[Date]=AP_ValuationDate)*(Out_PortfolioDaily[Status]="OK")*(Out_PortfolioDaily[PortfolioID]<>"__GROUP__"),IF(SUM(--_xlpm.mask)=0,"No eligible account snapshots",_xlfn.LET(_xlpm.values,_xlfn._xlws.FILTER(Out_PortfolioDaily[ClosingValue],_xlpm.mask),_xlpm.cash,_xlfn._xlws.FILTER(Out_PortfolioDaily[Cash],_xlpm.mask),_xlpm.stock,_xlfn._xlws.FILTER(Out_PortfolioDaily[StockValue],_xlpm.mask),_xlpm.recv,_xlfn._xlws.FILTER(Out_PortfolioDaily[DividendReceivable],_xlpm.mask),IF(MAX(ABS(_xlpm.values-_xlpm.cash-_xlpm.stock-_xlpm.recv))<=0.01,"Pass","FAIL"))))} -> Pass | C17: Eligible value = cash + stock + unpaid entitlement; INR 0.01 tolerance.
A18: Dataset basis | B18: SYNTHETIC | C18: Full-year invented prices, transactions and actions. No actual investment-performance claim.
A19: Historical acquisition | B19: On hold | C19: Owner approved synthetic delivery. No provider dataset, credential or redistribution permission is implied.
A20: Accounting engine SHA256 | B20: 2EBDA4E458622B3E38E3C52EC5921BF6046F63F2225C2819F1264DE1D081E202 | C20: Native fixtures bind the frozen engine; integration source adapter has its own recorded hash.
A22: Captured input/output consistency | B22: {=IF(AP_InputsCurrent,"Pass","INCOMPLETE REFRESH")} -> Pass | C22: Seven current inputs and six loaded outputs equal one captured audit bundle; independent mirror refresh cannot certify stale results.

Sheet Snapshot
A1: Explore one loaded portfolio snapshot
A3: ="Snapshot date: "&_xlfn.XLOOKUP("SnapshotDate",Out_LoadedSettings[Setting],Out_LoadedSettings[Value])&". This slicer filters the loaded snapshot only. Comparison dates and Include flags are separate. To change this date, edit AP_Settings SnapshotDate and Refresh All." -> Snapshot date: 2025-12-31. This slicer filters the loaded snapshot only. Comparison dates and Include flags are separate. To change this date, edit AP_Settings SnapshotDate and Refresh All.
A6: {=IF(AP_InputsCurrent,"Loaded snapshot. Confirm every query completed before interpreting a new refresh.","Inputs or outputs differ: this is a cached snapshot. Complete Refresh All and inspect errors.")} -> Loaded snapshot. Confirm every query completed before interpreting a new refresh.
A7: Back to common-period comparison
A9: PortfolioName | B9: AP Snapshot value INR | C9: AP Snapshot cash INR | D9: AP Snapshot receivable INR
A10: Balanced example | B10: 62490 | C10: 45840 | D10: 0
A11: Cash reserve | B11: 40990 | C11: 40990 | D11: 0
A12: Model | B12: 108611 | C12: 93091 | D12: 0
A13: Practice | B13: 73682 | C13: 48142 | D13: 0
A14: Grand Total | B14: 285773 | C14: 228063 | D14: 0

Sheet AP_RefreshInfo
A1: EngineSuccessAt | B1: OutputRows
A2: 2026-10-07 14:49:31 +05:30 | B2: 7042

Sheet AP_LoadedInputs
A1: Exact loaded input mirrors
A3: Seven refresh-owned copies arranged horizontally. Notes excluded. Exact dimensions and cell arrays, no weak checksums.
A6: PortfolioID | B6: PortfolioName | C6: Currency | D6: InceptionDate | E6: Active | F6: Include | I6: InstrumentID | J6: InstrumentName | K6: Symbol | L6: Exchange | M6: ISIN | N6: AssetClass | O6: Currency | R6: EventID | S6: PortfolioID | T6: Date | U6: Sequence | V6: Type | W6: InstrumentID | X6: Quantity | Y6: Price | Z6: Amount | AA6: Fees | AB6: TransferID | AC6: Timing | AD6: ActionID | AG6: PriceID | AH6: InstrumentID | AI6: Date | AJ6: Close | AK6: Currency | AL6: SourceID | AM6: Revision | AN6: RetrievedAt | AO6: PriceBasis | AR6: ActionID | AS6: InstrumentID | AT6: Type | AU6: ExDate | AV6: PaymentDate | AW6: Sequence | AX6: RatioNumerator | AY6: RatioDenominator | AZ6: CashPerUnit | BA6: Verified | BD6: Date | BE6: IsTradingSession | BH6: Setting | BI6: Value
A7: P1 | B7: Model | C7: INR | D7: 45658 | E7: Yes | F7: Yes | I7: S_ALPHA | J7: Synthetic Alpha | K7: S_ALPHA | L7: SYNTHETIC_QA | N7: Stock | O7: INR | R7: SYN_EVENT_P1_2025-01-01_01 | S7: P1 | T7: 45658 | U7: 1 | V7: DEPOSIT | X7: 0 | Y7: 0 | Z7: 100000 | AA7: 0 | AC7: OPEN | AG7: SYN_PRICE_S_ALPHA_2024-12-31 | AH7: S_ALPHA | AI7: 45657 | AJ7: 100 | AK7: INR | AL7: SYNTHETIC_FULL_YEAR_2025 | AM7: 0 | AN7: 46302 | AO7: Unadjusted | AR7: SYN_SPLIT_ALPHA_20250616 | AS7: S_ALPHA | AT7: SPLIT | AU7: 45824 | AW7: 1 | AX7: 2 | AY7: 1 | BA7: Yes | BD7: 45657 | BE7: Yes | BH7: AcceptedPriceSourceID | BI7: SYNTHETIC_FULL_YEAR_2025
A8: P2 | B8: Practice | C8: INR | D8: 45658 | E8: Yes | F8: Yes | I8: S_BETA | J8: Synthetic Beta | K8: S_BETA | L8: SYNTHETIC_QA | N8: Stock | O8: INR | R8: SYN_EVENT_P2_2025-01-01_01 | S8: P2 | T8: 45658 | U8: 1 | V8: DEPOSIT | X8: 0 | Y8: 0 | Z8: 80000 | AA8: 0 | AC8: OPEN | AG8: SYN_PRICE_S_ALPHA_2025-01-01 | AH8: S_ALPHA | AI8: 45658 | AJ8: 100 | AK8: INR | AL8: SYNTHETIC_FULL_YEAR_2025 | AM8: 0 | AN8: 46302 | AO8: Unadjusted | AR8: SYN_DIV_BETA_20250901 | AS8: S_BETA | AT8: DIVIDEND | AU8: 45901 | AV8: 45915 | AW8: 1 | AZ8: 3 | BA8: Yes | BD8: 45658 | BE8: Yes | BH8: CashTolerance | BI8: 0.01
A9: P3 | B9: Cash reserve | C9: INR | D9: 45658 | E9: Yes | F9: Yes | I9: S_GAMMA | J9: Synthetic Gamma | K9: S_GAMMA | L9: SYNTHETIC_QA | N9: Stock | O9: INR | R9: SYN_EVENT_P3_2025-01-01_01 | S9: P3 | T9: 45658 | U9: 1 | V9: DEPOSIT | X9: 0 | Y9: 0 | Z9: 40000 | AA9: 0 | AC9: OPEN | AG9: SYN_PRICE_S_ALPHA_2025-01-02 | AH9: S_ALPHA | AI9: 45659 | AJ9: 100.07 | AK9: INR | AL9: SYNTHETIC_FULL_YEAR_2025 | AM9: 0 | AN9: 46302 | AO9: Unadjusted | AR9: SYN_DIV_GAMMA_20251103 | AS9: S_GAMMA | AT9: DIVIDEND | AU9: 45964 | AV9: 46006 | AW9: 1 | AZ9: 1.2 | BA9: Yes | BD9: 45659 | BE9: Yes | BH9: UnitsTolerance | BI9: 0.00000001
A10: P4 | B10: Balanced example | C10: INR | D10: 45658 | E10: Yes | F10: No | R10: SYN_EVENT_P4_2025-01-01_01 | S10: P4 | T10: 45658 | U10: 1 | V10: DEPOSIT | X10: 0 | Y10: 0 | Z10: 60000 | AA10: 0 | AC10: OPEN | AG10: SYN_PRICE_S_ALPHA_2025-01-03 | AH10: S_ALPHA | AI10: 45660 | AJ10: 100.13 | AK10: INR | AL10: SYNTHETIC_FULL_YEAR_2025 | AM10: 0 | AN10: 46302 | AO10: Unadjusted | BD10: 45660 | BE10: Yes | BH10: PriceInputMode | BI10: Synthetic fixture
R11: SYN_EVENT_P1_2025-01-02_01 | S11: P1 | T11: 45659 | U11: 1 | V11: BUY | W11: S_ALPHA | X11: 100 | Y11: 100 | Z11: 0 | AA11: 10 | AC11: CLOSE | AG11: SYN_PRICE_S_ALPHA_2025-01-06 | AH11: S_ALPHA | AI11: 45663 | AJ11: 100.33 | AK11: INR | AL11: SYNTHETIC_FULL_YEAR_2025 | AM11: 0 | AN11: 46302 | AO11: Unadjusted | BD11: 45661 | BE11: No | BH11: PriceFolderPath
R12: SYN_EVENT_P1_2025-01-02_02 | S12: P1 | T12: 45659 | U12: 2 | V12: BUY | W12: S_BETA | X12: 50 | Y12: 200 | Z12: 0 | AA12: 10 | AC12: CLOSE | AG12: SYN_PRICE_S_ALPHA_2025-01-07 | AH12: S_ALPHA | AI12: 45664 | AJ12: 100.4 | AK12: INR | AL12: SYNTHETIC_FULL_YEAR_2025 | AM12: 0 | AN12: 46302 | AO12: Unadjusted | BD12: 45662 | BE12: No | BH12: SnapshotDate | BI12: 2025-12-31
R13: SYN_EVENT_P1_2025-01-02_03 | S13: P1 | T13: 45659 | U13: 3 | V13: BUY | W13: S_GAMMA | X13: 100 | Y13: 80 | Z13: 0 | AA13: 8 | AC13: CLOSE | AG13: SYN_PRICE_S_ALPHA_2025-01-08 | AH13: S_ALPHA | AI13: 45665 | AJ13: 100.47 | AK13: INR | AL13: SYNTHETIC_FULL_YEAR_2025 | AM13: 0 | AN13: 46302 | AO13: Unadjusted | BD13: 45663 | BE13: Yes | BH13: SourceDataStatus | BI13: Fictional full-year 2025 illustration; not observed market data
R14: SYN_EVENT_P2_2025-01-02_01 | S14: P2 | T14: 45659 | U14: 1 | V14: BUY | W14: S_ALPHA | X14: 80 | Y14: 100 | Z14: 0 | AA14: 8 | AC14: CLOSE | AG14: SYN_PRICE_S_ALPHA_2025-01-09 | AH14: S_ALPHA | AI14: 45666 | AJ14: 100.53 | AK14: INR | AL14: SYNTHETIC_FULL_YEAR_2025 | AM14: 0 | AN14: 46302 | AO14: Unadjusted | BD14: 45664 | BE14: Yes | BH14: RightsStatus | BI14: Project-authored synthetic inputs; historical acquisition on hold
R15: SYN_EVENT_P2_2025-01-02_02 | S15: P2 | T15: 45659 | U15: 2 | V15: BUY | W15: S_BETA | X15: 100 | Y15: 200 | Z15: 0 | AA15: 20 | AC15: CLOSE | AG15: SYN_PRICE_S_ALPHA_2025-01-10 | AH15: S_ALPHA | AI15: 45667 | AJ15: 100.6 | AK15: INR | AL15: SYNTHETIC_FULL_YEAR_2025 | AM15: 0 | AN15: 46302 | AO15: Unadjusted | BD15: 45665 | BE15: Yes | BH15: ObservedDataStatus | BI15: Historical-data acquisition on hold by owner; this is not historical market data
R16: SYN_EVENT_P4_2025-01-02_01 | S16: P4 | T16: 45659 | U16: 1 | V16: BUY | W16: S_ALPHA | X16: 40 | Y16: 100 | Z16: 0 | AA16: 4 | AC16: CLOSE | AG16: SYN_PRICE_S_ALPHA_2025-01-13 | AH16: S_ALPHA | AI16: 45670 | AJ16: 100.8 | AK16: INR | AL16: SYNTHETIC_FULL_YEAR_2025 | AM16: 0 | AN16: 46302 | AO16: Unadjusted | BD16: 45666 | BE16: Yes | BH16: CalendarBasis | BI16: Monday-Friday synthetic expectation, no exchange holiday verification
R17: SYN_EVENT_P4_2025-01-02_02 | S17: P4 | T17: 45659 | U17: 2 | V17: BUY | W17: S_GAMMA | X17: 100 | Y17: 80 | Z17: 0 | AA17: 8 | AC17: CLOSE | AG17: SYN_PRICE_S_ALPHA_2025-01-14 | AH17: S_ALPHA | AI17: 45671 | AJ17: 100.87 | AK17: INR | AL17: SYNTHETIC_FULL_YEAR_2025 | AM17: 0 | AN17: 46302 | AO17: Unadjusted | BD17: 45667 | BE17: Yes
R18: SYN_EVENT_P2_2025-02-03_01 | S18: P2 | T18: 45691 | U18: 1 | V18: BUY | W18: S_GAMMA | X18: 50 | Y18: 82 | Z18: 0 | AA18: 4 | AC18: CLOSE | AG18: SYN_PRICE_S_ALPHA_2025-01-15 | AH18: S_ALPHA | AI18: 45672 | AJ18: 100.93 | AK18: INR | AL18: SYNTHETIC_FULL_YEAR_2025 | AM18: 0 | AN18: 46302 | AO18: Unadjusted | BD18: 45668 | BE18: No
R19: SYN_EVENT_P1_2025-03-03_01 | S19: P1 | T19: 45719 | U19: 1 | V19: BUY | W19: S_ALPHA | X19: 50 | Y19: 98 | Z19: 0 | AA19: 5 | AC19: CLOSE | AG19: SYN_PRICE_S_ALPHA_2025-01-16 | AH19: S_ALPHA | AI19: 45673 | AJ19: 101 | AK19: INR | AL19: SYNTHETIC_FULL_YEAR_2025 | AM19: 0 | AN19: 46302 | AO19: Unadjusted | BD19: 45669 | BE19: No
R20: SYN_EVENT_P2_2025-03-03_01 | S20: P2 | T20: 45719 | U20: 1 | V20: DEPOSIT | X20: 0 | Y20: 0 | Z20: 5000 | AA20: 0 | AC20: CLOSE | AG20: SYN_PRICE_S_ALPHA_2025-01-17 | AH20: S_ALPHA | AI20: 45674 | AJ20: 101.07 | AK20: INR | AL20: SYNTHETIC_FULL_YEAR_2025 | AM20: 0 | AN20: 46302 | AO20: Unadjusted | BD20: 45670 | BE20: Yes
R21: SYN_EVENT_P3_2025-04-01_01 | S21: P3 | T21: 45748 | U21: 1 | V21: DEPOSIT | X21: 0 | Y21: 0 | Z21: 2000 | AA21: 0 | AC21: CLOSE | AG21: SYN_PRICE_S_ALPHA_2025-01-20 | AH21: S_ALPHA | AI21: 45677 | AJ21: 101.27 | AK21: INR | AL21: SYNTHETIC_FULL_YEAR_2025 | AM21: 0 | AN21: 46302 | AO21: Unadjusted | BD21: 45671 | BE21: Yes
R22: SYN_EVENT_P1_2025-05-01_01 | S22: P1 | T22: 45778 | U22: 1 | V22: DEPOSIT | X22: 0 | Y22: 0 | Z22: 10000 | AA22: 0 | AC22: CLOSE | AG22: SYN_PRICE_S_ALPHA_2025-01-21 | AH22: S_ALPHA | AI22: 45678 | AJ22: 101.33 | AK22: INR | AL22: SYNTHETIC_FULL_YEAR_2025 | AM22: 0 | AN22: 46302 | AO22: Unadjusted | BD22: 45672 | BE22: Yes
R23: SYN_EVENT_P4_2025-06-02_01 | S23: P4 | T23: 45810 | U23: 1 | V23: DEPOSIT | X23: 0 | Y23: 0 | Z23: 3000 | AA23: 0 | AC23: CLOSE | AG23: SYN_PRICE_S_ALPHA_2025-01-22 | AH23: S_ALPHA | AI23: 45679 | AJ23: 101.4 | AK23: INR | AL23: SYNTHETIC_FULL_YEAR_2025 | AM23: 0 | AN23: 46302 | AO23: Unadjusted | BD23: 45673 | BE23: Yes
R24: SYN_EVENT_P1_2025-07-01_01 | S24: P1 | T24: 45839 | U24: 1 | V24: SELL | W24: S_ALPHA | X24: 80 | Y24: 55 | Z24: 0 | AA24: 8 | AC24: CLOSE | AG24: SYN_PRICE_S_ALPHA_2025-01-23 | AH24: S_ALPHA | AI24: 45680 | AJ24: 101.47 | AK24: INR | AL24: SYNTHETIC_FULL_YEAR_2025 | AM24: 0 | AN24: 46302 | AO24: Unadjusted | BD24: 45674 | BE24: Yes
R25: SYN_EVENT_P4_2025-08-01_01 | S25: P4 | T25: 45870 | U25: 1 | V25: BUY | W25: S_BETA | X25: 30 | Y25: 178 | Z25: 0 | AA25: 3 | AC25: CLOSE | AG25: SYN_PRICE_S_ALPHA_2025-01-24 | AH25: S_ALPHA | AI25: 45681 | AJ25: 101.53 | AK25: INR | AL25: SYNTHETIC_FULL_YEAR_2025 | AM25: 0 | AN25: 46302 | AO25: Unadjusted | BD25: 45675 | BE25: No
R26: SYN_EVENT_P1_2025-08-18_01 | S26: P1 | T26: 45887 | U26: 1 | V26: TRANSFER_IN | X26: 0 | Y26: 0 | Z26: 5000 | AA26: 0 | AB26: SYN_TRANSFER_20250818 | AC26: CLOSE | AG26: SYN_PRICE_S_ALPHA_2025-01-27 | AH26: S_ALPHA | AI26: 45684 | AJ26: 101.73 | AK26: INR | AL26: SYNTHETIC_FULL_YEAR_2025 | AM26: 0 | AN26: 46302 | AO26: Unadjusted | BD26: 45676 | BE26: No
R27: SYN_EVENT_P2_2025-08-18_01 | S27: P2 | T27: 45887 | U27: 1 | V27: TRANSFER_OUT | X27: 0 | Y27: 0 | Z27: 5000 | AA27: 0 | AB27: SYN_TRANSFER_20250818 | AC27: CLOSE | AG27: SYN_PRICE_S_ALPHA_2025-01-28 | AH27: S_ALPHA | AI27: 45685 | AJ27: 101.8 | AK27: INR | AL27: SYNTHETIC_FULL_YEAR_2025 | AM27: 0 | AN27: 46302 | AO27: Unadjusted | BD27: 45677 | BE27: Yes
R28: SYN_EVENT_P2_2025-09-01_01 | S28: P2 | T28: 45901 | U28: 1 | V28: SELL | W28: S_ALPHA | X28: 60 | Y28: 49 | Z28: 0 | AA28: 6 | AC28: CLOSE | AG28: SYN_PRICE_S_ALPHA_2025-01-29 | AH28: S_ALPHA | AI28: 45686 | AJ28: 101.87 | AK28: INR | AL28: SYNTHETIC_FULL_YEAR_2025 | AM28: 0 | AN28: 46302 | AO28: Unadjusted | BD28: 45678 | BE28: Yes
R29: SYN_EVENT_P1_2025-09-10_01 | S29: P1 | T29: 45910 | U29: 1 | V29: SELL | W29: S_BETA | X29: 20 | Y29: 185 | Z29: 0 | AA29: 5 | AC29: CLOSE | AG29: SYN_PRICE_S_ALPHA_2025-01-30 | AH29: S_ALPHA | AI29: 45687 | AJ29: 101.93 | AK29: INR | AL29: SYNTHETIC_FULL_YEAR_2025 | AM29: 0 | AN29: 46302 | AO29: Unadjusted | BD29: 45679 | BE29: Yes
R30: SYN_EVENT_P1_2025-09-15_01 | S30: P1 | T30: 45915 | U30: 1 | V30: DIVIDEND | W30: S_BETA | X30: 0 | Y30: 0 | Z30: 150 | AA30: 0 | AC30: CLOSE | AD30: SYN_DIV_BETA_20250901 | AG30: SYN_PRICE_S_ALPHA_2025-01-31 | AH30: S_ALPHA | AI30: 45688 | AJ30: 102 | AK30: INR | AL30: SYNTHETIC_FULL_YEAR_2025 | AM30: 0 | AN30: 46302 | AO30: Unadjusted | BD30: 45680 | BE30: Yes
R31: SYN_EVENT_P1_2025-11-10_01 | S31: P1 | T31: 45971 | U31: 1 | V31: SELL | W31: S_GAMMA | X31: 100 | Y31: 77 | Z31: 0 | AA31: 8 | AC31: CLOSE | AG31: SYN_PRICE_S_ALPHA_2025-02-03 | AH31: S_ALPHA | AI31: 45691 | AJ31: 101.63 | AK31: INR | AL31: SYNTHETIC_FULL_YEAR_2025 | AM31: 0 | AN31: 46302 | AO31: Unadjusted | BD31: 45681 | BE31: Yes
R32: SYN_EVENT_P1_2025-12-15_01 | S32: P1 | T32: 46006 | U32: 1 | V32: DIVIDEND | W32: S_GAMMA | X32: 0 | Y32: 0 | Z32: 120 | AA32: 0 | AC32: CLOSE | AD32: SYN_DIV_GAMMA_20251103 | AG32: SYN_PRICE_S_ALPHA_2025-02-04 | AH32: S_ALPHA | AI32: 45692 | AJ32: 101.44 | AK32: INR | AL32: SYNTHETIC_FULL_YEAR_2025 | AM32: 0 | AN32: 46302 | AO32: Unadjusted | BD32: 45682 | BE32: No
R33: SYN_EVENT_P1_2025-12-18_01 | S33: P1 | T33: 46009 | U33: 1 | V33: WITHDRAW | X33: 0 | Y33: 0 | Z33: 5000 | AA33: 0 | AC33: CLOSE | AG33: SYN_PRICE_S_ALPHA_2025-02-05 | AH33: S_ALPHA | AI33: 45693 | AJ33: 101.26 | AK33: INR | AL33: SYNTHETIC_FULL_YEAR_2025 | AM33: 0 | AN33: 46302 | AO33: Unadjusted | BD33: 45683 | BE33: No
R34: SYN_EVENT_P2_2025-12-18_01 | S34: P2 | T34: 46009 | U34: 1 | V34: WITHDRAW | X34: 0 | Y34: 0 | Z34: 3000 | AA34: 0 | AC34: CLOSE | AG34: SYN_PRICE_S_ALPHA_2025-02-06 | AH34: S_ALPHA | AI34: 45694 | AJ34: 101.07 | AK34: INR | AL34: SYNTHETIC_FULL_YEAR_2025 | AM34: 0 | AN34: 46302 | AO34: Unadjusted | BD34: 45684 | BE34: Yes
R35: SYN_EVENT_P3_2025-12-18_01 | S35: P3 | T35: 46009 | U35: 1 | V35: WITHDRAW | X35: 0 | Y35: 0 | Z35: 1000 | AA35: 0 | AC35: CLOSE | AG35: SYN_PRICE_S_ALPHA_2025-02-07 | AH35: S_ALPHA | AI35: 45695 | AJ35: 100.89 | AK35: INR | AL35: SYNTHETIC_FULL_YEAR_2025 | AM35: 0 | AN35: 46302 | AO35: Unadjusted | BD35: 45685 | BE35: Yes
R36: SYN_EVENT_P1_2025-12-31_01 | S36: P1 | T36: 46022 | U36: 1 | V36: FEE | X36: 0 | Y36: 0 | Z36: 25 | AA36: 0 | AC36: CLOSE | AG36: SYN_PRICE_S_ALPHA_2025-02-10 | AH36: S_ALPHA | AI36: 45698 | AJ36: 100.33 | AK36: INR | AL36: SYNTHETIC_FULL_YEAR_2025 | AM36: 0 | AN36: 46302 | AO36: Unadjusted | BD36: 45686 | BE36: Yes
R37: SYN_EVENT_P2_2025-12-31_01 | S37: P2 | T37: 46022 | U37: 1 | V37: FEE | X37: 0 | Y37: 0 | Z37: 20 | AA37: 0 | AC37: CLOSE | AG37: SYN_PRICE_S_ALPHA_2025-02-11 | AH37: S_ALPHA | AI37: 45699 | AJ37: 100.15 | AK37: INR | AL37: SYNTHETIC_FULL_YEAR_2025 | AM37: 0 | AN37: 46302 | AO37: Unadjusted | BD37: 45687 | BE37: Yes
R38: SYN_EVENT_P3_2025-12-31_01 | S38: P3 | T38: 46022 | U38: 1 | V38: FEE | X38: 0 | Y38: 0 | Z38: 10 | AA38: 0 | AC38: CLOSE | AG38: SYN_PRICE_S_ALPHA_2025-02-12 | AH38: S_ALPHA | AI38: 45700 | AJ38: 99.96 | AK38: INR | AL38: SYNTHETIC_FULL_YEAR_2025 | AM38: 0 | AN38: 46302 | AO38: Unadjusted | BD38: 45688 | BE38: Yes
R39: SYN_EVENT_P4_2025-12-31_01 | S39: P4 | T39: 46022 | U39: 1 | V39: FEE | X39: 0 | Y39: 0 | Z39: 15 | AA39: 0 | AC39: CLOSE | AG39: SYN_PRICE_S_ALPHA_2025-02-13 | AH39: S_ALPHA | AI39: 45701 | AJ39: 99.78 | AK39: INR | AL39: SYNTHETIC_FULL_YEAR_2025 | AM39: 0 | AN39: 46302 | AO39: Unadjusted | BD39: 45689 | BE39: No
AG40: SYN_PRICE_S_ALPHA_2025-02-14 | AH40: S_ALPHA | AI40: 45702 | AJ40: 99.59 | AK40: INR | AL40: SYNTHETIC_FULL_YEAR_2025 | AM40: 0 | AN40: 46302 | AO40: Unadjusted | BD40: 45690 | BE40: No
AG41: SYN_PRICE_S_ALPHA_2025-02-17 | AH41: S_ALPHA | AI41: 45705 | AJ41: 99.04 | AK41: INR | AL41: SYNTHETIC_FULL_YEAR_2025 | AM41: 0 | AN41: 46302 | AO41: Unadjusted | BD41: 45691 | BE41: Yes
AG42: SYN_PRICE_S_ALPHA_2025-02-18 | AH42: S_ALPHA | AI42: 45706 | AJ42: 98.85 | AK42: INR | AL42: SYNTHETIC_FULL_YEAR_2025 | AM42: 0 | AN42: 46302 | AO42: Unadjusted | BD42: 45692 | BE42: Yes
AG43: SYN_PRICE_S_ALPHA_2025-02-19 | AH43: S_ALPHA | AI43: 45707 | AJ43: 98.67 | AK43: INR | AL43: SYNTHETIC_FULL_YEAR_2025 | AM43: 0 | AN43: 46302 | AO43: Unadjusted | BD43: 45693 | BE43: Yes
AG44: SYN_PRICE_S_ALPHA_2025-02-20 | AH44: S_ALPHA | AI44: 45708 | AJ44: 98.48 | AK44: INR | AL44: SYNTHETIC_FULL_YEAR_2025 | AM44: 0 | AN44: 46302 | AO44: Unadjusted | BD44: 45694 | BE44: Yes
AG45: SYN_PRICE_S_ALPHA_2025-02-21 | AH45: S_ALPHA | AI45: 45709 | AJ45: 98.3 | AK45: INR | AL45: SYNTHETIC_FULL_YEAR_2025 | AM45: 0 | AN45: 46302 | AO45: Unadjusted | BD45: 45695 | BE45: Yes
AG46: SYN_PRICE_S_ALPHA_2025-02-24 | AH46: S_ALPHA | AI46: 45712 | AJ46: 97.74 | AK46: INR | AL46: SYNTHETIC_FULL_YEAR_2025 | AM46: 0 | AN46: 46302 | AO46: Unadjusted | BD46: 45696 | BE46: No
AG47: SYN_PRICE_S_ALPHA_2025-02-25 | AH47: S_ALPHA | AI47: 45713 | AJ47: 97.56 | AK47: INR | AL47: SYNTHETIC_FULL_YEAR_2025 | AM47: 0 | AN47: 46302 | AO47: Unadjusted | BD47: 45697 | BE47: No
AG48: SYN_PRICE_S_ALPHA_2025-02-26 | AH48: S_ALPHA | AI48: 45714 | AJ48: 97.37 | AK48: INR | AL48: SYNTHETIC_FULL_YEAR_2025 | AM48: 0 | AN48: 46302 | AO48: Unadjusted | BD48: 45698 | BE48: Yes
AG49: SYN_PRICE_S_ALPHA_2025-02-27 | AH49: S_ALPHA | AI49: 45715 | AJ49: 97.19 | AK49: INR | AL49: SYNTHETIC_FULL_YEAR_2025 | AM49: 0 | AN49: 46302 | AO49: Unadjusted | BD49: 45699 | BE49: Yes
AG50: SYN_PRICE_S_ALPHA_2025-02-28 | AH50: S_ALPHA | AI50: 45716 | AJ50: 97 | AK50: INR | AL50: SYNTHETIC_FULL_YEAR_2025 | AM50: 0 | AN50: 46302 | AO50: Unadjusted | BD50: 45700 | BE50: Yes
AG51: SYN_PRICE_S_ALPHA_2025-03-03 | AH51: S_ALPHA | AI51: 45719 | AJ51: 97.6 | AK51: INR | AL51: SYNTHETIC_FULL_YEAR_2025 | AM51: 0 | AN51: 46302 | AO51: Unadjusted | BD51: 45701 | BE51: Yes
... AG372: SYN_PRICE_S_BETA_2025-05-23 | AH372: S_BETA | AI372: 45800 | AJ372: 191.4 | AK372: INR | AL372: SYNTHETIC_FULL_YEAR_2025 | AM372: 0 | AN372: 46302 | AO372: Unadjusted | BD372: 46022 | BE372: Yes
AG373: SYN_PRICE_S_BETA_2025-05-26 | AH373: S_BETA | AI373: 45803 | AJ373: 192 | AK373: INR | AL373: SYNTHETIC_FULL_YEAR_2025 | AM373: 0 | AN373: 46302 | AO373: Unadjusted
AG374: SYN_PRICE_S_BETA_2025-05-27 | AH374: S_BETA | AI374: 45804 | AJ374: 192.2 | AK374: INR | AL374: SYNTHETIC_FULL_YEAR_2025 | AM374: 0 | AN374: 46302 | AO374: Unadjusted
AG375: SYN_PRICE_S_BETA_2025-05-28 | AH375: S_BETA | AI375: 45805 | AJ375: 192.4 | AK375: INR | AL375: SYNTHETIC_FULL_YEAR_2025 | AM375: 0 | AN375: 46302 | AO375: Unadjusted
AG376: SYN_PRICE_S_BETA_2025-05-29 | AH376: S_BETA | AI376: 45806 | AJ376: 192.6 | AK376: INR | AL376: SYNTHETIC_FULL_YEAR_2025 | AM376: 0 | AN376: 46302 | AO376: Unadjusted
AG377: SYN_PRICE_S_BETA_2025-05-30 | AH377: S_BETA | AI377: 45807 | AJ377: 192.8 | AK377: INR | AL377: SYNTHETIC_FULL_YEAR_2025 | AM377: 0 | AN377: 46302 | AO377: Unadjusted
AG378: SYN_PRICE_S_BETA_2025-06-02 | AH378: S_BETA | AI378: 45810 | AJ378: 192.62 | AK378: INR | AL378: SYNTHETIC_FULL_YEAR_2025 | AM378: 0 | AN378: 46302 | AO378: Unadjusted
AG379: SYN_PRICE_S_BETA_2025-06-03 | AH379: S_BETA | AI379: 45811 | AJ379: 192.24 | AK379: INR | AL379: SYNTHETIC_FULL_YEAR_2025 | AM379: 0 | AN379: 46302 | AO379: Unadjusted
AG380: SYN_PRICE_S_BETA_2025-06-04 | AH380: S_BETA | AI380: 45812 | AJ380: 191.86 | AK380: INR | AL380: SYNTHETIC_FULL_YEAR_2025 | AM380: 0 | AN380: 46302 | AO380: Unadjusted
AG381: SYN_PRICE_S_BETA_2025-06-05 | AH381: S_BETA | AI381: 45813 | AJ381: 191.48 | AK381: INR | AL381: SYNTHETIC_FULL_YEAR_2025 | AM381: 0 | AN381: 46302 | AO381: Unadjusted
AG382: SYN_PRICE_S_BETA_2025-06-06 | AH382: S_BETA | AI382: 45814 | AJ382: 191.1 | AK382: INR | AL382: SYNTHETIC_FULL_YEAR_2025 | AM382: 0 | AN382: 46302 | AO382: Unadjusted
AG383: SYN_PRICE_S_BETA_2025-06-09 | AH383: S_BETA | AI383: 45817 | AJ383: 189.97 | AK383: INR | AL383: SYNTHETIC_FULL_YEAR_2025 | AM383: 0 | AN383: 46302 | AO383: Unadjusted
AG384: SYN_PRICE_S_BETA_2025-06-10 | AH384: S_BETA | AI384: 45818 | AJ384: 189.59 | AK384: INR | AL384: SYNTHETIC_FULL_YEAR_2025 | AM384: 0 | AN384: 46302 | AO384: Unadjusted
... AG792: SYN_PRICE_S_GAMMA_2025-12-31 | AH792: S_GAMMA | AI792: 46022 | AJ792: 77.8 | AK792: INR | AL792: SYNTHETIC_FULL_YEAR_2025 | AM792: 0 | AN792: 46302 | AO792: Unadjusted

Sheet AP_AcceptedPrices
A1: AcceptedPrices
A3: Loaded native output. Do not edit. Current eligibility is controlled by exact input mirrors.
A6: PriceID | B6: InstrumentID | C6: Date | D6: Close | E6: Currency | F6: SourceID | G6: Revision | H6: RetrievedAt | I6: PriceBasis | J6: DuplicateCount | K6: SupersededCount | L6: Status | M6: Reason
A7: SYN_PRICE_S_ALPHA_2024-12-31 | B7: S_ALPHA | C7: 45657 | D7: 100 | E7: INR | F7: SYNTHETIC_FULL_YEAR_2025 | G7: 0 | H7: 46302 | I7: Unadjusted | J7: 1 | K7: 0 | L7: OK
A8: SYN_PRICE_S_ALPHA_2025-01-01 | B8: S_ALPHA | C8: 45658 | D8: 100 | E8: INR | F8: SYNTHETIC_FULL_YEAR_2025 | G8: 0 | H8: 46302 | I8: Unadjusted | J8: 1 | K8: 0 | L8: OK
A9: SYN_PRICE_S_ALPHA_2025-01-02 | B9: S_ALPHA | C9: 45659 | D9: 100.07 | E9: INR | F9: SYNTHETIC_FULL_YEAR_2025 | G9: 0 | H9: 46302 | I9: Unadjusted | J9: 1 | K9: 0 | L9: OK
A10: SYN_PRICE_S_ALPHA_2025-01-03 | B10: S_ALPHA | C10: 45660 | D10: 100.13 | E10: INR | F10: SYNTHETIC_FULL_YEAR_2025 | G10: 0 | H10: 46302 | I10: Unadjusted | J10: 1 | K10: 0 | L10: OK
A11: SYN_PRICE_S_ALPHA_2025-01-06 | B11: S_ALPHA | C11: 45663 | D11: 100.33 | E11: INR | F11: SYNTHETIC_FULL_YEAR_2025 | G11: 0 | H11: 46302 | I11: Unadjusted | J11: 1 | K11: 0 | L11: OK
A12: SYN_PRICE_S_ALPHA_2025-01-07 | B12: S_ALPHA | C12: 45664 | D12: 100.4 | E12: INR | F12: SYNTHETIC_FULL_YEAR_2025 | G12: 0 | H12: 46302 | I12: Unadjusted | J12: 1 | K12: 0 | L12: OK
A13: SYN_PRICE_S_ALPHA_2025-01-08 | B13: S_ALPHA | C13: 45665 | D13: 100.47 | E13: INR | F13: SYNTHETIC_FULL_YEAR_2025 | G13: 0 | H13: 46302 | I13: Unadjusted | J13: 1 | K13: 0 | L13: OK
A14: SYN_PRICE_S_ALPHA_2025-01-09 | B14: S_ALPHA | C14: 45666 | D14: 100.53 | E14: INR | F14: SYNTHETIC_FULL_YEAR_2025 | G14: 0 | H14: 46302 | I14: Unadjusted | J14: 1 | K14: 0 | L14: OK
A15: SYN_PRICE_S_ALPHA_2025-01-10 | B15: S_ALPHA | C15: 45667 | D15: 100.6 | E15: INR | F15: SYNTHETIC_FULL_YEAR_2025 | G15: 0 | H15: 46302 | I15: Unadjusted | J15: 1 | K15: 0 | L15: OK
A16: SYN_PRICE_S_ALPHA_2025-01-13 | B16: S_ALPHA | C16: 45670 | D16: 100.8 | E16: INR | F16: SYNTHETIC_FULL_YEAR_2025 | G16: 0 | H16: 46302 | I16: Unadjusted | J16: 1 | K16: 0 | L16: OK
A17: SYN_PRICE_S_ALPHA_2025-01-14 | B17: S_ALPHA | C17: 45671 | D17: 100.87 | E17: INR | F17: SYNTHETIC_FULL_YEAR_2025 | G17: 0 | H17: 46302 | I17: Unadjusted | J17: 1 | K17: 0 | L17: OK
A18: SYN_PRICE_S_ALPHA_2025-01-15 | B18: S_ALPHA | C18: 45672 | D18: 100.93 | E18: INR | F18: SYNTHETIC_FULL_YEAR_2025 | G18: 0 | H18: 46302 | I18: Unadjusted | J18: 1 | K18: 0 | L18: OK
... A792: SYN_PRICE_S_GAMMA_2025-12-31 | B792: S_GAMMA | C792: 46022 | D792: 77.8 | E792: INR | F792: SYNTHETIC_FULL_YEAR_2025 | G792: 0 | H792: 46302 | I792: Unadjusted | J792: 1 | K792: 0 | L792: OK

Sheet AP_InvestorFlows
A1: InvestorFlows
A3: Loaded native output. Do not edit. Current eligibility is controlled by exact input mirrors.
A6: PortfolioID | B6: Date | C6: EventID | D6: Type | E6: Timing | F6: ExternalFlow | G6: InvestorFlow | H6: TransferID
A7: P1 | B7: 45658 | C7: SYN_EVENT_P1_2025-01-01_01 | D7: DEPOSIT | E7: OPEN | F7: 100000 | G7: -100000
A8: P1 | B8: 45778 | C8: SYN_EVENT_P1_2025-05-01_01 | D8: DEPOSIT | E8: CLOSE | F8: 10000 | G8: -10000
A9: P1 | B9: 45887 | C9: SYN_EVENT_P1_2025-08-18_01 | D9: TRANSFER_IN | E9: CLOSE | F9: 5000 | G9: -5000 | H9: SYN_TRANSFER_20250818
A10: P1 | B10: 46009 | C10: SYN_EVENT_P1_2025-12-18_01 | D10: WITHDRAW | E10: CLOSE | F10: -5000 | G10: 5000
A11: P2 | B11: 45658 | C11: SYN_EVENT_P2_2025-01-01_01 | D11: DEPOSIT | E11: OPEN | F11: 80000 | G11: -80000
A12: P2 | B12: 45719 | C12: SYN_EVENT_P2_2025-03-03_01 | D12: DEPOSIT | E12: CLOSE | F12: 5000 | G12: -5000
A13: P2 | B13: 45887 | C13: SYN_EVENT_P2_2025-08-18_01 | D13: TRANSFER_OUT | E13: CLOSE | F13: -5000 | G13: 5000 | H13: SYN_TRANSFER_20250818
A14: P2 | B14: 46009 | C14: SYN_EVENT_P2_2025-12-18_01 | D14: WITHDRAW | E14: CLOSE | F14: -3000 | G14: 3000
A15: P3 | B15: 45658 | C15: SYN_EVENT_P3_2025-01-01_01 | D15: DEPOSIT | E15: OPEN | F15: 40000 | G15: -40000
A16: P3 | B16: 45748 | C16: SYN_EVENT_P3_2025-04-01_01 | D16: DEPOSIT | E16: CLOSE | F16: 2000 | G16: -2000
A17: P3 | B17: 46009 | C17: SYN_EVENT_P3_2025-12-18_01 | D17: WITHDRAW | E17: CLOSE | F17: -1000 | G17: 1000
A18: P4 | B18: 45658 | C18: SYN_EVENT_P4_2025-01-01_01 | D18: DEPOSIT | E18: OPEN | F18: 60000 | G18: -60000
A19: P4 | B19: 45810 | C19: SYN_EVENT_P4_2025-06-02_01 | D19: DEPOSIT | E19: CLOSE | F19: 3000 | G19: -3000
A20: __GROUP__ | B20: 45658 | C20: __GROUP__|2025-01-01|OPEN | D20: GROUP_FLOW | E20: OPEN | F20: 220000 | G20: -220000
A21: __GROUP__ | B21: 45719 | C21: __GROUP__|2025-03-03|CLOSE | D21: GROUP_FLOW | E21: CLOSE | F21: 5000 | G21: -5000
A22: __GROUP__ | B22: 45748 | C22: __GROUP__|2025-04-01|CLOSE | D22: GROUP_FLOW | E22: CLOSE | F22: 2000 | G22: -2000
A23: __GROUP__ | B23: 45778 | C23: __GROUP__|2025-05-01|CLOSE | D23: GROUP_FLOW | E23: CLOSE | F23: 10000 | G23: -10000
A24: __GROUP__ | B24: 46009 | C24: __GROUP__|2025-12-18|CLOSE | D24: GROUP_FLOW | E24: CLOSE | F24: -9000 | G24: 9000

Sheet AP_Exceptions
A1: Exceptions
A3: Loaded native output. Do not edit. Current eligibility is controlled by exact input mirrors.
A6: Rule | B6: Severity | C6: PortfolioID | D6: InstrumentID | E6: Date | F6: RecordID | G6: Reason | H6: AffectedResult

Sheet AP_PortfolioDaily
A1: PortfolioDaily
A3: Loaded native output. Do not edit. Current eligibility is controlled by exact input mirrors.
A6: PortfolioID | B6: Date | C6: OpeningValue | D6: OpenFlow | E6: CloseFlow | F6: NetExternalFlow | G6: Cash | H6: StockValue | I6: DividendReceivable | J6: ClosingValue | K6: LastKnownValue | L6: Basis | M6: RealizedPnL | N6: Fees | O6: IncomeAccrued | P6: GainLoss | Q6: DailyReturn | R6: Status | S6: Reason | T6: ReturnStatus | U6: ReturnReason
A7: P1 | B7: 45658 | C7: 0 | D7: 100000 | E7: 0 | F7: 100000 | G7: 100000 | H7: 0 | I7: 0 | J7: 100000 | K7: 100000 | L7: 0 | M7: 0 | N7: 0 | O7: 0 | P7: 0 | Q7: 0 | R7: OK | T7: OK
A8: P1 | B8: 45659 | C8: 100000 | D8: 0 | E8: 0 | F8: 0 | G8: 71972 | H8: 28005.5 | I8: 0 | J8: 99977.5 | K8: 99977.5 | L8: 28028 | M8: 0 | N8: 28 | O8: 0 | P8: -22.5 | Q8: -0.000225 | R8: OK | T8: OK
A9: P1 | B9: 45660 | C9: 99977.5 | D9: 0 | E9: 0 | F9: 0 | G9: 71972 | H9: 28009.5 | I9: 0 | J9: 99981.5 | K9: 99981.5 | L9: 28028 | M9: 0 | N9: 0 | O9: 0 | P9: 4 | Q9: 4.0009002e-05 | R9: OK | T9: OK
A10: P1 | B10: 45661 | C10: 99981.5 | D10: 0 | E10: 0 | F10: 0 | G10: 71972 | H10: 28009.5 | I10: 0 | J10: 99981.5 | K10: 99981.5 | L10: 28028 | M10: 0 | N10: 0 | O10: 0 | P10: 0 | Q10: 0 | R10: OK | T10: OK
A11: P1 | B11: 45662 | C11: 99981.5 | D11: 0 | E11: 0 | F11: 0 | G11: 71972 | H11: 28009.5 | I11: 0 | J11: 99981.5 | K11: 99981.5 | L11: 28028 | M11: 0 | N11: 0 | O11: 0 | P11: 0 | Q11: 0 | R11: OK | T11: OK
A12: P1 | B12: 45663 | C12: 99981.5 | D12: 0 | E12: 0 | F12: 0 | G12: 71972 | H12: 28024.5 | I12: 0 | J12: 99996.5 | K12: 99996.5 | L12: 28028 | M12: 0 | N12: 0 | O12: 0 | P12: 15 | Q12: 0.00015002776 | R12: OK | T12: OK
A13: P1 | B13: 45664 | C13: 99996.5 | D13: 0 | E13: 0 | F13: 0 | G13: 71972 | H13: 28030 | I13: 0 | J13: 100002 | K13: 100002 | L13: 28028 | M13: 0 | N13: 0 | O13: 0 | P13: 5.5 | Q13: 5.5001925e-05 | R13: OK | T13: OK
A14: P1 | B14: 45665 | C14: 100002 | D14: 0 | E14: 0 | F14: 0 | G14: 71972 | H14: 28035.5 | I14: 0 | J14: 100007.5 | K14: 100007.5 | L14: 28028 | M14: 0 | N14: 0 | O14: 0 | P14: 5.5 | Q14: 5.49989e-05 | R14: OK | T14: OK
A15: P1 | B15: 45666 | C15: 100007.5 | D15: 0 | E15: 0 | F15: 0 | G15: 71972 | H15: 28039.5 | I15: 0 | J15: 100011.5 | K15: 100011.5 | L15: 28028 | M15: 0 | N15: 0 | O15: 0 | P15: 4 | Q15: 3.9997e-05 | R15: OK | T15: OK
A16: P1 | B16: 45667 | C16: 100011.5 | D16: 0 | E16: 0 | F16: 0 | G16: 71972 | H16: 28045 | I16: 0 | J16: 100017 | K16: 100017 | L16: 28028 | M16: 0 | N16: 0 | O16: 0 | P16: 5.5 | Q16: 5.4993676e-05 | R16: OK | T16: OK
A17: P1 | B17: 45668 | C17: 100017 | D17: 0 | E17: 0 | F17: 0 | G17: 71972 | H17: 28045 | I17: 0 | J17: 100017 | K17: 100017 | L17: 28028 | M17: 0 | N17: 0 | O17: 0 | P17: 0 | Q17: 0 | R17: OK | T17: OK
A18: P1 | B18: 45669 | C18: 100017 | D18: 0 | E18: 0 | F18: 0 | G18: 71972 | H18: 28045 | I18: 0 | J18: 100017 | K18: 100017 | L18: 28028 | M18: 0 | N18: 0 | O18: 0 | P18: 0 | Q18: 0 | R18: OK | T18: OK
... A1831: __GROUP__ | B1831: 46022 | C1831: 223349.8 | D1831: 0 | E1831: 0 | F1831: 0 | G1831: 182223 | H1831: 41060 | I1831: 0 | J1831: 223283 | K1831: 223283 | L1831: 46072.667 | M1831: -279.33333 | N1831: 55 | O1831: 0 | P1831: -66.8 | Q1831: -0.00029908243 | R1831: OK | T1831: OK

Sheet AP_HoldingsDaily
A1: HoldingsDaily
A3: Loaded native output. Do not edit. Current eligibility is controlled by exact input mirrors.
A6: PortfolioID | B6: Date | C6: InstrumentID | D6: Units | E6: Basis | F6: Price | G6: PriceDate | H6: PriceAgeDays | I6: MarketValue | J6: LastKnownValue | K6: DividendReceivable | L6: UnrealizedPnL | M6: Status | N6: Reason
A7: P1 | B7: 45658 | C7: S_ALPHA | D7: 0 | E7: 0 | F7: 100 | G7: 45658 | H7: 0 | I7: 0 | J7: 0 | K7: 0 | L7: 0 | M7: OK
A8: P1 | B8: 45658 | C8: S_BETA | D8: 0 | E8: 0 | F8: 200 | G8: 45658 | H8: 0 | I8: 0 | J8: 0 | K8: 0 | L8: 0 | M8: OK
A9: P1 | B9: 45658 | C9: S_GAMMA | D9: 0 | E9: 0 | F9: 80 | G9: 45658 | H9: 0 | I9: 0 | J9: 0 | K9: 0 | L9: 0 | M9: OK
A10: P1 | B10: 45659 | C10: S_ALPHA | D10: 100 | E10: 10010 | F10: 100.07 | G10: 45659 | H10: 0 | I10: 10007 | J10: 10007 | K10: 0 | L10: -3 | M10: OK
A11: P1 | B11: 45659 | C11: S_BETA | D11: 50 | E11: 10010 | F11: 199.83 | G11: 45659 | H11: 0 | I11: 9991.5 | J11: 9991.5 | K11: 0 | L11: -18.5 | M11: OK
A12: P1 | B12: 45659 | C12: S_GAMMA | D12: 100 | E12: 8008 | F12: 80.07 | G12: 45659 | H12: 0 | I12: 8007 | J12: 8007 | K12: 0 | L12: -1 | M12: OK
A13: P1 | B13: 45660 | C13: S_ALPHA | D13: 100 | E13: 10010 | F13: 100.13 | G13: 45660 | H13: 0 | I13: 10013 | J13: 10013 | K13: 0 | L13: 3 | M13: OK
A14: P1 | B14: 45660 | C14: S_BETA | D14: 50 | E14: 10010 | F14: 199.67 | G14: 45660 | H14: 0 | I14: 9983.5 | J14: 9983.5 | K14: 0 | L14: -26.5 | M14: OK
A15: P1 | B15: 45660 | C15: S_GAMMA | D15: 100 | E15: 8008 | F15: 80.13 | G15: 45660 | H15: 0 | I15: 8013 | J15: 8013 | K15: 0 | L15: 5 | M15: OK
A16: P1 | B16: 45661 | C16: S_ALPHA | D16: 100 | E16: 10010 | F16: 100.13 | G16: 45660 | H16: 1 | I16: 10013 | J16: 10013 | K16: 0 | L16: 3 | M16: OK
A17: P1 | B17: 45661 | C17: S_BETA | D17: 50 | E17: 10010 | F17: 199.67 | G17: 45660 | H17: 1 | I17: 9983.5 | J17: 9983.5 | K17: 0 | L17: -26.5 | M17: OK
A18: P1 | B18: 45661 | C18: S_GAMMA | D18: 100 | E18: 8008 | F18: 80.13 | G18: 45660 | H18: 1 | I18: 8013 | J18: 8013 | K18: 0 | L18: 5 | M18: OK
... A4386: P4 | B4386: 46022 | C4386: S_GAMMA | D4386: 100 | E4386: 8008 | F4386: 77.8 | G4386: 46022 | H4386: 0 | I4386: 7780 | J4386: 7780 | K4386: 0 | L4386: -228 | M4386: OK

Sheet AP_TransactionsClean
A1: TransactionsClean
A3: Loaded native output. Do not edit. Current eligibility is controlled by exact input mirrors.
A6: EventID | B6: PortfolioID | C6: Date | D6: Sequence | E6: Type | F6: InstrumentID | G6: Quantity | H6: Price | I6: Amount | J6: Fees | K6: TransferID | L6: Timing | M6: ActionID | N6: DuplicateCount | O6: Status | P6: Reason | Q6: UnitsDelta | R6: CashDelta | S6: ExternalFlow | T6: CostChange | U6: RealizedPnL | V6: CashAfter | W6: UnitsAfter | X6: BasisAfter
A7: SYN_EVENT_P1_2025-01-01_01 | B7: P1 | C7: 45658 | D7: 1 | E7: DEPOSIT | G7: 0 | H7: 0 | I7: 100000 | J7: 0 | L7: OPEN | N7: 1 | O7: OK | Q7: 0 | R7: 100000 | S7: 100000 | T7: 0 | U7: 0 | V7: 100000 | W7: 0 | X7: 0
A8: SYN_EVENT_P1_2025-01-02_01 | B8: P1 | C8: 45659 | D8: 1 | E8: BUY | F8: S_ALPHA | G8: 100 | H8: 100 | I8: 0 | J8: 10 | L8: CLOSE | N8: 1 | O8: OK | Q8: 100 | R8: -10010 | S8: 0 | T8: 10010 | U8: 0 | V8: 89990 | W8: 100 | X8: 10010
A9: SYN_EVENT_P1_2025-01-02_02 | B9: P1 | C9: 45659 | D9: 2 | E9: BUY | F9: S_BETA | G9: 50 | H9: 200 | I9: 0 | J9: 10 | L9: CLOSE | N9: 1 | O9: OK | Q9: 50 | R9: -10010 | S9: 0 | T9: 10010 | U9: 0 | V9: 79980 | W9: 50 | X9: 10010
A10: SYN_EVENT_P1_2025-01-02_03 | B10: P1 | C10: 45659 | D10: 3 | E10: BUY | F10: S_GAMMA | G10: 100 | H10: 80 | I10: 0 | J10: 8 | L10: CLOSE | N10: 1 | O10: OK | Q10: 100 | R10: -8008 | S10: 0 | T10: 8008 | U10: 0 | V10: 71972 | W10: 100 | X10: 8008
A11: SYN_EVENT_P1_2025-03-03_01 | B11: P1 | C11: 45719 | D11: 1 | E11: BUY | F11: S_ALPHA | G11: 50 | H11: 98 | I11: 0 | J11: 5 | L11: CLOSE | N11: 1 | O11: OK | Q11: 50 | R11: -4905 | S11: 0 | T11: 4905 | U11: 0 | V11: 67067 | W11: 150 | X11: 14915
A12: SYN_EVENT_P1_2025-05-01_01 | B12: P1 | C12: 45778 | D12: 1 | E12: DEPOSIT | G12: 0 | H12: 0 | I12: 10000 | J12: 0 | L12: CLOSE | N12: 1 | O12: OK | Q12: 0 | R12: 10000 | S12: 10000 | T12: 0 | U12: 0 | V12: 77067 | W12: 0 | X12: 0
A13: SYN_EVENT_P1_2025-07-01_01 | B13: P1 | C13: 45839 | D13: 1 | E13: SELL | F13: S_ALPHA | G13: 80 | H13: 55 | I13: 0 | J13: 8 | L13: CLOSE | N13: 1 | O13: OK | Q13: -80 | R13: 4392 | S13: 0 | T13: -3977.3333 | U13: 414.66667 | V13: 81459 | W13: 220 | X13: 10937.667
A14: SYN_EVENT_P1_2025-08-18_01 | B14: P1 | C14: 45887 | D14: 1 | E14: TRANSFER_IN | G14: 0 | H14: 0 | I14: 5000 | J14: 0 | K14: SYN_TRANSFER_20250818 | L14: CLOSE | N14: 1 | O14: OK | Q14: 0 | R14: 5000 | S14: 5000 | T14: 0 | U14: 0 | V14: 86459 | W14: 0 | X14: 0
A15: SYN_EVENT_P1_2025-09-10_01 | B15: P1 | C15: 45910 | D15: 1 | E15: SELL | F15: S_BETA | G15: 20 | H15: 185 | I15: 0 | J15: 5 | L15: CLOSE | N15: 1 | O15: OK | Q15: -20 | R15: 3695 | S15: 0 | T15: -4004 | U15: -309 | V15: 90154 | W15: 30 | X15: 6006
A16: SYN_EVENT_P1_2025-09-15_01 | B16: P1 | C16: 45915 | D16: 1 | E16: DIVIDEND | F16: S_BETA | G16: 0 | H16: 0 | I16: 150 | J16: 0 | L16: CLOSE | M16: SYN_DIV_BETA_20250901 | N16: 1 | O16: OK | Q16: 0 | R16: 0 | S16: 0 | T16: 0 | U16: 0 | V16: 90304 | W16: 30 | X16: 6006
A17: SYN_EVENT_P1_2025-11-10_01 | B17: P1 | C17: 45971 | D17: 1 | E17: SELL | F17: S_GAMMA | G17: 100 | H17: 77 | I17: 0 | J17: 8 | L17: CLOSE | N17: 1 | O17: OK | Q17: -100 | R17: 7692 | S17: 0 | T17: -8008 | U17: -316 | V17: 97996 | W17: 0 | X17: 0
A18: SYN_EVENT_P1_2025-12-15_01 | B18: P1 | C18: 46006 | D18: 1 | E18: DIVIDEND | F18: S_GAMMA | G18: 0 | H18: 0 | I18: 120 | J18: 0 | L18: CLOSE | M18: SYN_DIV_GAMMA_20251103 | N18: 1 | O18: OK | Q18: 0 | R18: 0 | S18: 0 | T18: 0 | U18: 0 | V18: 98116 | W18: 0 | X18: 0
A19: SYN_EVENT_P1_2025-12-18_01 | B19: P1 | C19: 46009 | D19: 1 | E19: WITHDRAW | G19: 0 | H19: 0 | I19: 5000 | J19: 0 | L19: CLOSE | N19: 1 | O19: OK | Q19: 0 | R19: -5000 | S19: -5000 | T19: 0 | U19: 0 | V19: 93116 | W19: 0 | X19: 0
A20: SYN_EVENT_P1_2025-12-31_01 | B20: P1 | C20: 46022 | D20: 1 | E20: FEE | G20: 0 | H20: 0 | I20: 25 | J20: 0 | L20: CLOSE | N20: 1 | O20: OK | Q20: 0 | R20: -25 | S20: 0 | T20: 0 | U20: 0 | V20: 93091 | W20: 0 | X20: 0
A21: SYN_EVENT_P2_2025-01-01_01 | B21: P2 | C21: 45658 | D21: 1 | E21: DEPOSIT | G21: 0 | H21: 0 | I21: 80000 | J21: 0 | L21: OPEN | N21: 1 | O21: OK | Q21: 0 | R21: 80000 | S21: 80000 | T21: 0 | U21: 0 | V21: 80000 | W21: 0 | X21: 0
A22: SYN_EVENT_P2_2025-01-02_01 | B22: P2 | C22: 45659 | D22: 1 | E22: BUY | F22: S_ALPHA | G22: 80 | H22: 100 | I22: 0 | J22: 8 | L22: CLOSE | N22: 1 | O22: OK | Q22: 80 | R22: -8008 | S22: 0 | T22: 8008 | U22: 0 | V22: 71992 | W22: 80 | X22: 8008
A23: SYN_EVENT_P2_2025-01-02_02 | B23: P2 | C23: 45659 | D23: 2 | E23: BUY | F23: S_BETA | G23: 100 | H23: 200 | I23: 0 | J23: 20 | L23: CLOSE | N23: 1 | O23: OK | Q23: 100 | R23: -20020 | S23: 0 | T23: 20020 | U23: 0 | V23: 51972 | W23: 100 | X23: 20020
A24: SYN_EVENT_P2_2025-02-03_01 | B24: P2 | C24: 45691 | D24: 1 | E24: BUY | F24: S_GAMMA | G24: 50 | H24: 82 | I24: 0 | J24: 4 | L24: CLOSE | N24: 1 | O24: OK | Q24: 50 | R24: -4104 | S24: 0 | T24: 4104 | U24: 0 | V24: 47868 | W24: 50 | X24: 4104
A25: SYN_EVENT_P2_2025-03-03_01 | B25: P2 | C25: 45719 | D25: 1 | E25: DEPOSIT | G25: 0 | H25: 0 | I25: 5000 | J25: 0 | L25: CLOSE | N25: 1 | O25: OK | Q25: 0 | R25: 5000 | S25: 5000 | T25: 0 | U25: 0 | V25: 52868 | W25: 0 | X25: 0
A26: SYN_EVENT_P2_2025-08-18_01 | B26: P2 | C26: 45887 | D26: 1 | E26: TRANSFER_OUT | G26: 0 | H26: 0 | I26: 5000 | J26: 0 | K26: SYN_TRANSFER_20250818 | L26: CLOSE | N26: 1 | O26: OK | Q26: 0 | R26: -5000 | S26: -5000 | T26: 0 | U26: 0 | V26: 47868 | W26: 0 | X26: 0
A27: SYN_EVENT_P2_2025-09-01_01 | B27: P2 | C27: 45901 | D27: 1 | E27: SELL | F27: S_ALPHA | G27: 60 | H27: 49 | I27: 0 | J27: 6 | L27: CLOSE | N27: 1 | O27: OK | Q27: -60 | R27: 2934 | S27: 0 | T27: -3003 | U27: -69 | V27: 50802 | W27: 100 | X27: 5005
A28: SYN_EVENT_P2_2025-12-18_01 | B28: P2 | C28: 46009 | D28: 1 | E28: WITHDRAW | G28: 0 | H28: 0 | I28: 3000 | J28: 0 | L28: CLOSE | N28: 1 | O28: OK | Q28: 0 | R28: -3000 | S28: -3000 | T28: 0 | U28: 0 | V28: 48162 | W28: 0 | X28: 0
A29: SYN_EVENT_P2_2025-12-31_01 | B29: P2 | C29: 46022 | D29: 1 | E29: FEE | G29: 0 | H29: 0 | I29: 20 | J29: 0 | L29: CLOSE | N29: 1 | O29: OK | Q29: 0 | R29: -20 | S29: 0 | T29: 0 | U29: 0 | V29: 48142 | W29: 0 | X29: 0
A30: SYN_EVENT_P3_2025-01-01_01 | B30: P3 | C30: 45658 | D30: 1 | E30: DEPOSIT | G30: 0 | H30: 0 | I30: 40000 | J30: 0 | L30: OPEN | N30: 1 | O30: OK | Q30: 0 | R30: 40000 | S30: 40000 | T30: 0 | U30: 0 | V30: 40000 | W30: 0 | X30: 0
A31: SYN_EVENT_P3_2025-04-01_01 | B31: P3 | C31: 45748 | D31: 1 | E31: DEPOSIT | G31: 0 | H31: 0 | I31: 2000 | J31: 0 | L31: CLOSE | N31: 1 | O31: OK | Q31: 0 | R31: 2000 | S31: 2000 | T31: 0 | U31: 0 | V31: 42000 | W31: 0 | X31: 0
A32: SYN_EVENT_P3_2025-12-18_01 | B32: P3 | C32: 46009 | D32: 1 | E32: WITHDRAW | G32: 0 | H32: 0 | I32: 1000 | J32: 0 | L32: CLOSE | N32: 1 | O32: OK | Q32: 0 | R32: -1000 | S32: -1000 | T32: 0 | U32: 0 | V32: 41000 | W32: 0 | X32: 0
A33: SYN_EVENT_P3_2025-12-31_01 | B33: P3 | C33: 46022 | D33: 1 | E33: FEE | G33: 0 | H33: 0 | I33: 10 | J33: 0 | L33: CLOSE | N33: 1 | O33: OK | Q33: 0 | R33: -10 | S33: 0 | T33: 0 | U33: 0 | V33: 40990 | W33: 0 | X33: 0
A34: SYN_EVENT_P4_2025-01-01_01 | B34: P4 | C34: 45658 | D34: 1 | E34: DEPOSIT | G34: 0 | H34: 0 | I34: 60000 | J34: 0 | L34: OPEN | N34: 1 | O34: OK | Q34: 0 | R34: 60000 | S34: 60000 | T34: 0 | U34: 0 | V34: 60000 | W34: 0 | X34: 0
A35: SYN_EVENT_P4_2025-01-02_01 | B35: P4 | C35: 45659 | D35: 1 | E35: BUY | F35: S_ALPHA | G35: 40 | H35: 100 | I35: 0 | J35: 4 | L35: CLOSE | N35: 1 | O35: OK | Q35: 40 | R35: -4004 | S35: 0 | T35: 4004 | U35: 0 | V35: 55996 | W35: 40 | X35: 4004
A36: SYN_EVENT_P4_2025-01-02_02 | B36: P4 | C36: 45659 | D36: 2 | E36: BUY | F36: S_GAMMA | G36: 100 | H36: 80 | I36: 0 | J36: 8 | L36: CLOSE | N36: 1 | O36: OK | Q36: 100 | R36: -8008 | S36: 0 | T36: 8008 | U36: 0 | V36: 47988 | W36: 100 | X36: 8008
A37: SYN_EVENT_P4_2025-06-02_01 | B37: P4 | C37: 45810 | D37: 1 | E37: DEPOSIT | G37: 0 | H37: 0 | I37: 3000 | J37: 0 | L37: CLOSE | N37: 1 | O37: OK | Q37: 0 | R37: 3000 | S37: 3000 | T37: 0 | U37: 0 | V37: 50988 | W37: 0 | X37: 0
A38: SYN_EVENT_P4_2025-08-01_01 | B38: P4 | C38: 45870 | D38: 1 | E38: BUY | F38: S_BETA | G38: 30 | H38: 178 | I38: 0 | J38: 3 | L38: CLOSE | N38: 1 | O38: OK | Q38: 30 | R38: -5343 | S38: 0 | T38: 5343 | U38: 0 | V38: 45645 | W38: 30 | X38: 5343
A39: SYN_EVENT_P4_2025-12-31_01 | B39: P4 | C39: 46022 | D39: 1 | E39: FEE | G39: 0 | H39: 0 | I39: 15 | J39: 0 | L39: CLOSE | N39: 1 | O39: OK | Q39: 0 | R39: -15 | S39: 0 | T39: 0 | U39: 0 | V39: 45840 | W39: 0 | X39: 0

Sheet AP_Notes
A1: Durable portfolio and instrument notes
A3: One unique PortfolioID + InstrumentID key. Notes remain outside refresh-owned outputs.
A6: PortfolioID | B6: InstrumentID | C6: InvestmentThesis | D6: NextReviewDate | E6: ReviewNote | F6: NoteKey
A7: P1 | B7: S_ALPHA | C7: Synthetic accounting example | D7: 46022 | E7: Check partial sale, split and dividend trace | F7: =AP_Notes[[#This Row],[PortfolioID]]&"|"&AP_Notes[[#This Row],[InstrumentID]] -> P1|S_ALPHA
A8: P2 | B8: S_ALPHA | C8: Synthetic comparison account | D8: 46022 | E8: Check outgoing transfer and settlement | F8: =AP_Notes[[#This Row],[PortfolioID]]&"|"&AP_Notes[[#This Row],[InstrumentID]] -> P2|S_ALPHA

Sheet AP_Settings
A1: AP_Settings | editable input
A3: Append structured-table rows; retain stable IDs and exact headers. Yellow inputs require Refresh All after edits.
A6: Setting | B6: Value
A7: AcceptedPriceSourceID | B7: SYNTHETIC_FULL_YEAR_2025
A8: CashTolerance | B8: 0.01
A9: UnitsTolerance | B9: 0.00000001
A10: PriceInputMode | B10: Synthetic fixture
A11: PriceFolderPath
A12: SnapshotDate | B12: 2025-12-31
A13: SourceDataStatus | B13: Fictional full-year 2025 illustration; not observed market data
A14: RightsStatus | B14: Project-authored synthetic inputs; historical acquisition on hold
A15: ObservedDataStatus | B15: Historical-data acquisition on hold by owner; this is not historical market data
A16: CalendarBasis | B16: Monday-Friday synthetic expectation, no exchange holiday verification

Sheet AP_Calendar
A1: AP_Calendar | editable input
A3: Append structured-table rows; retain stable IDs and exact headers. Yellow inputs require Refresh All after edits.
A6: Date | B6: IsTradingSession
A7: 45657 | B7: Yes
A8: 45658 | B8: Yes
A9: 45659 | B9: Yes
A10: 45660 | B10: Yes
A11: 45661 | B11: No
A12: 45662 | B12: No
A13: 45663 | B13: Yes
A14: 45664 | B14: Yes
A15: 45665 | B15: Yes
A16: 45666 | B16: Yes
A17: 45667 | B17: Yes
A18: 45668 | B18: No
... A372: 46022 | B372: Yes

Sheet AP_Actions
A1: AP_Actions | editable input
A3: Append structured-table rows; retain stable IDs and exact headers. Yellow inputs require Refresh All after edits.
A6: ActionID | B6: InstrumentID | C6: Type | D6: ExDate | E6: PaymentDate | F6: Sequence | G6: RatioNumerator | H6: RatioDenominator | I6: CashPerUnit | J6: Verified
A7: SYN_SPLIT_ALPHA_20250616 | B7: S_ALPHA | C7: SPLIT | D7: 45824 | F7: 1 | G7: 2 | H7: 1 | J7: Yes
A8: SYN_DIV_BETA_20250901 | B8: S_BETA | C8: DIVIDEND | D8: 45901 | E8: 45915 | F8: 1 | I8: 3 | J8: Yes
A9: SYN_DIV_GAMMA_20251103 | B9: S_GAMMA | C9: DIVIDEND | D9: 45964 | E9: 46006 | F9: 1 | I9: 1.2 | J9: Yes

Sheet AP_Prices
A1: AP_Prices | editable input
A3: Append structured-table rows; retain stable IDs and exact headers. Yellow inputs require Refresh All after edits.
A6: PriceID | B6: InstrumentID | C6: Date | D6: Close | E6: Currency | F6: SourceID | G6: Revision | H6: RetrievedAt | I6: PriceBasis
A7: SYN_PRICE_S_ALPHA_2024-12-31 | B7: S_ALPHA | C7: 45657 | D7: 100 | E7: INR | F7: SYNTHETIC_FULL_YEAR_2025 | G7: 0 | H7: 46302 | I7: Unadjusted
A8: SYN_PRICE_S_ALPHA_2025-01-01 | B8: S_ALPHA | C8: 45658 | D8: 100 | E8: INR | F8: SYNTHETIC_FULL_YEAR_2025 | G8: 0 | H8: 46302 | I8: Unadjusted
A9: SYN_PRICE_S_ALPHA_2025-01-02 | B9: S_ALPHA | C9: 45659 | D9: 100.07 | E9: INR | F9: SYNTHETIC_FULL_YEAR_2025 | G9: 0 | H9: 46302 | I9: Unadjusted
A10: SYN_PRICE_S_ALPHA_2025-01-03 | B10: S_ALPHA | C10: 45660 | D10: 100.13 | E10: INR | F10: SYNTHETIC_FULL_YEAR_2025 | G10: 0 | H10: 46302 | I10: Unadjusted
A11: SYN_PRICE_S_ALPHA_2025-01-06 | B11: S_ALPHA | C11: 45663 | D11: 100.33 | E11: INR | F11: SYNTHETIC_FULL_YEAR_2025 | G11: 0 | H11: 46302 | I11: Unadjusted
A12: SYN_PRICE_S_ALPHA_2025-01-07 | B12: S_ALPHA | C12: 45664 | D12: 100.4 | E12: INR | F12: SYNTHETIC_FULL_YEAR_2025 | G12: 0 | H12: 46302 | I12: Unadjusted
A13: SYN_PRICE_S_ALPHA_2025-01-08 | B13: S_ALPHA | C13: 45665 | D13: 100.47 | E13: INR | F13: SYNTHETIC_FULL_YEAR_2025 | G13: 0 | H13: 46302 | I13: Unadjusted
A14: SYN_PRICE_S_ALPHA_2025-01-09 | B14: S_ALPHA | C14: 45666 | D14: 100.53 | E14: INR | F14: SYNTHETIC_FULL_YEAR_2025 | G14: 0 | H14: 46302 | I14: Unadjusted
A15: SYN_PRICE_S_ALPHA_2025-01-10 | B15: S_ALPHA | C15: 45667 | D15: 100.6 | E15: INR | F15: SYNTHETIC_FULL_YEAR_2025 | G15: 0 | H15: 46302 | I15: Unadjusted
A16: SYN_PRICE_S_ALPHA_2025-01-13 | B16: S_ALPHA | C16: 45670 | D16: 100.8 | E16: INR | F16: SYNTHETIC_FULL_YEAR_2025 | G16: 0 | H16: 46302 | I16: Unadjusted
A17: SYN_PRICE_S_ALPHA_2025-01-14 | B17: S_ALPHA | C17: 45671 | D17: 100.87 | E17: INR | F17: SYNTHETIC_FULL_YEAR_2025 | G17: 0 | H17: 46302 | I17: Unadjusted
A18: SYN_PRICE_S_ALPHA_2025-01-15 | B18: S_ALPHA | C18: 45672 | D18: 100.93 | E18: INR | F18: SYNTHETIC_FULL_YEAR_2025 | G18: 0 | H18: 46302 | I18: Unadjusted
... A792: SYN_PRICE_S_GAMMA_2025-12-31 | B792: S_GAMMA | C792: 46022 | D792: 77.8 | E792: INR | F792: SYNTHETIC_FULL_YEAR_2025 | G792: 0 | H792: 46302 | I792: Unadjusted

Sheet AP_Transactions
A1: AP_Transactions | editable input
A3: Append structured-table rows; retain stable IDs and exact headers. Yellow inputs require Refresh All after edits.
A6: EventID | B6: PortfolioID | C6: Date | D6: Sequence | E6: Type | F6: InstrumentID | G6: Quantity | H6: Price | I6: Amount | J6: Fees | K6: TransferID | L6: Timing | M6: ActionID
A7: SYN_EVENT_P1_2025-01-01_01 | B7: P1 | C7: 45658 | D7: 1 | E7: DEPOSIT | G7: 0 | H7: 0 | I7: 100000 | J7: 0 | L7: OPEN
A8: SYN_EVENT_P2_2025-01-01_01 | B8: P2 | C8: 45658 | D8: 1 | E8: DEPOSIT | G8: 0 | H8: 0 | I8: 80000 | J8: 0 | L8: OPEN
A9: SYN_EVENT_P3_2025-01-01_01 | B9: P3 | C9: 45658 | D9: 1 | E9: DEPOSIT | G9: 0 | H9: 0 | I9: 40000 | J9: 0 | L9: OPEN
A10: SYN_EVENT_P4_2025-01-01_01 | B10: P4 | C10: 45658 | D10: 1 | E10: DEPOSIT | G10: 0 | H10: 0 | I10: 60000 | J10: 0 | L10: OPEN
A11: SYN_EVENT_P1_2025-01-02_01 | B11: P1 | C11: 45659 | D11: 1 | E11: BUY | F11: S_ALPHA | G11: 100 | H11: 100 | I11: 0 | J11: 10 | L11: CLOSE
A12: SYN_EVENT_P1_2025-01-02_02 | B12: P1 | C12: 45659 | D12: 2 | E12: BUY | F12: S_BETA | G12: 50 | H12: 200 | I12: 0 | J12: 10 | L12: CLOSE
A13: SYN_EVENT_P1_2025-01-02_03 | B13: P1 | C13: 45659 | D13: 3 | E13: BUY | F13: S_GAMMA | G13: 100 | H13: 80 | I13: 0 | J13: 8 | L13: CLOSE
A14: SYN_EVENT_P2_2025-01-02_01 | B14: P2 | C14: 45659 | D14: 1 | E14: BUY | F14: S_ALPHA | G14: 80 | H14: 100 | I14: 0 | J14: 8 | L14: CLOSE
A15: SYN_EVENT_P2_2025-01-02_02 | B15: P2 | C15: 45659 | D15: 2 | E15: BUY | F15: S_BETA | G15: 100 | H15: 200 | I15: 0 | J15: 20 | L15: CLOSE
A16: SYN_EVENT_P4_2025-01-02_01 | B16: P4 | C16: 45659 | D16: 1 | E16: BUY | F16: S_ALPHA | G16: 40 | H16: 100 | I16: 0 | J16: 4 | L16: CLOSE
A17: SYN_EVENT_P4_2025-01-02_02 | B17: P4 | C17: 45659 | D17: 2 | E17: BUY | F17: S_GAMMA | G17: 100 | H17: 80 | I17: 0 | J17: 8 | L17: CLOSE
A18: SYN_EVENT_P2_2025-02-03_01 | B18: P2 | C18: 45691 | D18: 1 | E18: BUY | F18: S_GAMMA | G18: 50 | H18: 82 | I18: 0 | J18: 4 | L18: CLOSE
A19: SYN_EVENT_P1_2025-03-03_01 | B19: P1 | C19: 45719 | D19: 1 | E19: BUY | F19: S_ALPHA | G19: 50 | H19: 98 | I19: 0 | J19: 5 | L19: CLOSE
A20: SYN_EVENT_P2_2025-03-03_01 | B20: P2 | C20: 45719 | D20: 1 | E20: DEPOSIT | G20: 0 | H20: 0 | I20: 5000 | J20: 0 | L20: CLOSE
A21: SYN_EVENT_P3_2025-04-01_01 | B21: P3 | C21: 45748 | D21: 1 | E21: DEPOSIT | G21: 0 | H21: 0 | I21: 2000 | J21: 0 | L21: CLOSE
A22: SYN_EVENT_P1_2025-05-01_01 | B22: P1 | C22: 45778 | D22: 1 | E22: DEPOSIT | G22: 0 | H22: 0 | I22: 10000 | J22: 0 | L22: CLOSE
A23: SYN_EVENT_P4_2025-06-02_01 | B23: P4 | C23: 45810 | D23: 1 | E23: DEPOSIT | G23: 0 | H23: 0 | I23: 3000 | J23: 0 | L23: CLOSE
A24: SYN_EVENT_P1_2025-07-01_01 | B24: P1 | C24: 45839 | D24: 1 | E24: SELL | F24: S_ALPHA | G24: 80 | H24: 55 | I24: 0 | J24: 8 | L24: CLOSE
A25: SYN_EVENT_P4_2025-08-01_01 | B25: P4 | C25: 45870 | D25: 1 | E25: BUY | F25: S_BETA | G25: 30 | H25: 178 | I25: 0 | J25: 3 | L25: CLOSE
A26: SYN_EVENT_P1_2025-08-18_01 | B26: P1 | C26: 45887 | D26: 1 | E26: TRANSFER_IN | G26: 0 | H26: 0 | I26: 5000 | J26: 0 | K26: SYN_TRANSFER_20250818 | L26: CLOSE
A27: SYN_EVENT_P2_2025-08-18_01 | B27: P2 | C27: 45887 | D27: 1 | E27: TRANSFER_OUT | G27: 0 | H27: 0 | I27: 5000 | J27: 0 | K27: SYN_TRANSFER_20250818 | L27: CLOSE
A28: SYN_EVENT_P2_2025-09-01_01 | B28: P2 | C28: 45901 | D28: 1 | E28: SELL | F28: S_ALPHA | G28: 60 | H28: 49 | I28: 0 | J28: 6 | L28: CLOSE
A29: SYN_EVENT_P1_2025-09-10_01 | B29: P1 | C29: 45910 | D29: 1 | E29: SELL | F29: S_BETA | G29: 20 | H29: 185 | I29: 0 | J29: 5 | L29: CLOSE
A30: SYN_EVENT_P1_2025-09-15_01 | B30: P1 | C30: 45915 | D30: 1 | E30: DIVIDEND | F30: S_BETA | G30: 0 | H30: 0 | I30: 150 | J30: 0 | L30: CLOSE | M30: SYN_DIV_BETA_20250901
A31: SYN_EVENT_P1_2025-11-10_01 | B31: P1 | C31: 45971 | D31: 1 | E31: SELL | F31: S_GAMMA | G31: 100 | H31: 77 | I31: 0 | J31: 8 | L31: CLOSE
A32: SYN_EVENT_P1_2025-12-15_01 | B32: P1 | C32: 46006 | D32: 1 | E32: DIVIDEND | F32: S_GAMMA | G32: 0 | H32: 0 | I32: 120 | J32: 0 | L32: CLOSE | M32: SYN_DIV_GAMMA_20251103
A33: SYN_EVENT_P1_2025-12-18_01 | B33: P1 | C33: 46009 | D33: 1 | E33: WITHDRAW | G33: 0 | H33: 0 | I33: 5000 | J33: 0 | L33: CLOSE
A34: SYN_EVENT_P2_2025-12-18_01 | B34: P2 | C34: 46009 | D34: 1 | E34: WITHDRAW | G34: 0 | H34: 0 | I34: 3000 | J34: 0 | L34: CLOSE
A35: SYN_EVENT_P3_2025-12-18_01 | B35: P3 | C35: 46009 | D35: 1 | E35: WITHDRAW | G35: 0 | H35: 0 | I35: 1000 | J35: 0 | L35: CLOSE
A36: SYN_EVENT_P1_2025-12-31_01 | B36: P1 | C36: 46022 | D36: 1 | E36: FEE | G36: 0 | H36: 0 | I36: 25 | J36: 0 | L36: CLOSE
A37: SYN_EVENT_P2_2025-12-31_01 | B37: P2 | C37: 46022 | D37: 1 | E37: FEE | G37: 0 | H37: 0 | I37: 20 | J37: 0 | L37: CLOSE
A38: SYN_EVENT_P3_2025-12-31_01 | B38: P3 | C38: 46022 | D38: 1 | E38: FEE | G38: 0 | H38: 0 | I38: 10 | J38: 0 | L38: CLOSE
A39: SYN_EVENT_P4_2025-12-31_01 | B39: P4 | C39: 46022 | D39: 1 | E39: FEE | G39: 0 | H39: 0 | I39: 15 | J39: 0 | L39: CLOSE

Sheet AP_Instruments
A1: AP_Instruments | editable input
A3: Append structured-table rows; retain stable IDs and exact headers. Yellow inputs require Refresh All after edits.
A6: InstrumentID | B6: InstrumentName | C6: Symbol | D6: Exchange | E6: ISIN | F6: AssetClass | G6: Currency
A7: S_ALPHA | B7: Synthetic Alpha | C7: S_ALPHA | D7: SYNTHETIC_QA | F7: Stock | G7: INR
A8: S_BETA | B8: Synthetic Beta | C8: S_BETA | D8: SYNTHETIC_QA | F8: Stock | G8: INR
A9: S_GAMMA | B9: Synthetic Gamma | C9: S_GAMMA | D9: SYNTHETIC_QA | F9: Stock | G9: INR

Sheet AP_Portfolios
A1: AP_Portfolios | editable input
A3: Append structured-table rows; retain stable IDs and exact headers. Yellow inputs require Refresh All after edits.
A6: PortfolioID | B6: PortfolioName | C6: Currency | D6: InceptionDate | E6: Active | F6: Include
A7: P1 | B7: Model | C7: INR | D7: 45658 | E7: Yes | F7: Yes
A8: P2 | B8: Practice | C8: INR | D8: 45658 | E8: Yes | F8: Yes
A9: P3 | B9: Cash reserve | C9: INR | D9: 45658 | E9: Yes | F9: Yes
A10: P4 | B10: Balanced example | C10: INR | D10: 45658 | E10: Yes | F10: No

Sheet AP_ReturnCalc
A1: ReturnCalc audit
AA2: {=_xlfn.UNIQUE(_xlfn._xlws.FILTER(AP_Portfolios[PortfolioID],(AP_Portfolios[Active]="Yes")*(AP_Portfolios[PortfolioID]<>""),""))} -> P1 | AB2: {=_xlfn.VSTACK(_xlfn.ANCHORARRAY(AA2),"__GROUP__")} -> P1 | AC2: {=_xlfn._xlws.SORT(_xlfn.UNIQUE(_xlfn._xlws.FILTER(AP_Calendar[Date],ISNUMBER(AP_Calendar[Date]))))} -> 45657 | AD2: {=_xlfn.UNIQUE(_xlfn._xlws.FILTER(AP_Instruments[InstrumentID],AP_Instruments[InstrumentID]<>"",""))} -> S_ALPHA
A3: One formula layer for gain/loss, geometrically linked TWR and guarded annualized native XIRR. Supporting sheet available through Unhide. | AA3: P2 | AB3: P2 | AC3: 45658 | AD3: S_BETA
AA4: P3 | AB4: P3 | AC4: 45659 | AD4: S_GAMMA
AA5: P4 | AB5: P4 | AC5: 45660
AB6: __GROUP__ | AC6: 45661
AC7: 45662
AC8: 45663
A9: PortfolioID | B9: Portfolio name | C9: Opening INR | D9: Closing INR | E9: Net funding INR | F9: Gain/loss INR | G9: TWR | H9: TWR status | I9: XIRR annualized | J9: XIRR status | K9: Cash at end INR | L9: Largest stock / account | AC9: 45664
A10: {=_xlfn.LET(_xlpm.ids,AP_PortfolioList,_xlfn.HSTACK(_xlpm.ids,_xlfn.MAP(_xlpm.ids,_xlfn.LAMBDA(_xlpm.pid,IF(_xlpm.pid="__GROUP__","Included accounts",_xlfn.XLOOKUP(_xlpm.pid,AP_Portfolios[PortfolioID],AP_Portfolios[PortfolioName],"Unknown ID")))),_xlfn.MAP(_xlpm.ids,_xlfn.LAMBDA(_xlpm.pid,AP_Opening(_xlpm.pid))),_xlfn.MAP(_xlpm.ids,_xlfn.LAMBDA(_xlpm.pid,AP_Closing(_xlpm.pid))),_xlfn.MAP(_xlpm.ids,_xlfn.LAMBDA(_xlpm.pid,AP_Funding(_xlpm.pid))),_xlfn.MAP(_xlpm.ids,_xlfn.LAMBDA(_xlpm.pid,IF(AP_PeriodStatus(_xlpm.pid)="OK",AP_Closing(_xlpm.pid)-AP_Opening(_xlpm.pid)-AP_Funding(_xlpm.pid),NA()))),_xlfn.MAP(_xlpm.ids,_xlfn.LAMBDA(_xlpm.pid,AP_TWR(_xlpm.pid))),_xlfn.MAP(_xlpm.ids,_xlfn.LAMBDA(_xlpm.pid,AP_TWRStatus(_xlpm.pid))),_xlfn.MAP(_xlpm.ids,_xlfn.LAMBDA(_xlpm.pid,AP_XIRR(_xlpm.pid))),_xlfn.MAP(_xlpm.ids,_xlfn.LAMBDA(_xlpm.pid,AP_XIRRStatus(_xlpm.pid))),_xlfn.MAP(_xlpm.ids,_xlfn.LAMBDA(_xlpm.pid,AP_EndCash(_xlpm.pid))),_xlfn.MAP(_xlpm.ids,_xlfn.LAMBDA(_xlpm.pid,AP_Concentration(_xlpm.pid)))))} -> P1 | B10: Model | C10: 0 | D10: 108611 | E10: 110000 | F10: -1389 | G10: -0.012614677 | H10: OK | I10: -0.012848655 | J10: OK | K10: 93091 | L10: 0.096214932 | AC10: 45665
A11: P2 | B11: Practice | C11: 0 | D11: 73682 | E11: 77000 | F11: -3318 | G11: -0.040661589 | H11: OK | I11: -0.040479179 | J11: OK | K11: 48142 | L11: 0.22936402 | AC11: 45666
A12: P3 | B12: Cash reserve | C12: 0 | D12: 40990 | E12: 41000 | F12: -10 | G12: -0.00024390244 | H12: OK | I12: -0.0002418016 | J12: OK | K12: 40990 | L12: 0 | AC12: 45667
A13: P4 | B13: Balanced example | C13: 0 | D13: 62490 | E13: 63000 | F13: -510 | G13: -0.0077431884 | H13: OK | I13: -0.0082816677 | J13: OK | K13: 45840 | L13: 0.12449992 | AC13: 45668
A14: __GROUP__ | B14: Included accounts | C14: 0 | D14: 223283 | E14: 228000 | F14: -4717 | G14: -0.020364805 | H14: OK | I14: -0.020380163 | J14: OK | K14: 182223 | L14: 0.09839531 | AC14: 45669
AC15: 45670
AC16: 45671
AC17: 45672
AC18: 45673
AC19: 45674
AC20: 45675
AC21: 45676
AC22: 45677
AC23: 45678
AC24: 45679
AC25: 45680
AC26: 45681
... AC367: 46022

Sheet Ledger
A2: Transaction accounting
A4: Query output sorted by date and EventID. Cost basis uses weighted-average cost.
A6: EventID | B6: Date | C6: Portfolio | D6: Type | E6: Instrument | F6: Quantity | G6: Price | H6: Amount | I6: Fees | J6: UnitsDelta | K6: CashDelta | L6: ExternalFlow | M6: PriorUnits | N6: PriorCost | O6: CostChange | P6: RealizedPnL | Q6: PositionAfter | R6: CostAfter | S6: RecordStatus | T6: SourceKey | U6: InputMatch
A7: EVT-0001 | B7: 46104 | C7: Model | D7: DEPOSIT | E7: CASH | F7: 0 | G7: 0 | H7: 500000 | I7: 0 | J7: =IF(D7="BUY",F7,IF(D7="SELL",-F7,IF(OR(D7="SPLIT",D7="BONUS"),F7,0))) -> 0 | K7: =IF(D7="BUY",-F7*G7-I7,IF(D7="SELL",F7*G7-I7,IF(D7="DEPOSIT",H7,IF(D7="WITHDRAW",-H7,IF(D7="DIVIDEND",H7-I7,IF(D7="FEE",-H7-I7,0)))))) -> 500000 | L7: =IF(D7="DEPOSIT",H7,IF(D7="WITHDRAW",-H7,0)) -> 500000 | M7: =SUMIFS($J$6:J6,$C$6:C6,C7,$E$6:E6,E7) -> 0 | N7: =SUMIFS($O$6:O6,$C$6:C6,C7,$E$6:E6,E7) -> 0 | O7: =IF(D7="BUY",F7*G7+I7,IF(D7="SELL",IF(M7>0,-F7*N7/M7,NA()),0)) -> 0 | P7: =IF(D7="SELL",F7*G7-I7+O7,0) -> 0 | Q7: =M7+J7 -> 0 | R7: =N7+O7 -> 0 | S7: =IF(OR(F7<0,G7<0,H7<0,I7<0),"Review negative input",IF(Q7<-0.000001,"Review short position",IF(SUMIFS($K$7:K7,$C$7:C7,C7)<-0.01,"Review negative cash",IF(COUNTIFS(History!$A$7:$A$136,B7)=0,"Review date","OK")))) -> OK | T7: =A7&"|"&TEXT(B7,"yyyy-mm-dd")&"|"&C7&"|"&D7&"|"&E7&"|"&TEXT(F7,"0.##############")&"|"&TEXT(G7,"0.##############")&"|"&TEXT(H7,"0.##############")&"|"&TEXT(I7,"0.##############") -> EVT-0001|2026-03-23|Model|DEPOSIT|CASH|0.|0.|500000.|0. | U7: =IF(COUNTIFS(Transactions!$A$7:$A$1006,A7,Transactions!$J$7:$J$1006,T7)>0,"Matched","Refresh required") -> Matched
A8: EVT-0002 | B8: 46104 | C8: Model | D8: BUY | E8: SYN_BANK | F8: 80 | G8: 550 | H8: 0 | I8: 30 | J8: =IF(D8="BUY",F8,IF(D8="SELL",-F8,IF(OR(D8="SPLIT",D8="BONUS"),F8,0))) -> 80 | K8: =IF(D8="BUY",-F8*G8-I8,IF(D8="SELL",F8*G8-I8,IF(D8="DEPOSIT",H8,IF(D8="WITHDRAW",-H8,IF(D8="DIVIDEND",H8-I8,IF(D8="FEE",-H8-I8,0)))))) -> -44030 | L8: =IF(D8="DEPOSIT",H8,IF(D8="WITHDRAW",-H8,0)) -> 0 | M8: =SUMIFS($J$6:J7,$C$6:C7,C8,$E$6:E7,E8) -> 0 | N8: =SUMIFS($O$6:O7,$C$6:C7,C8,$E$6:E7,E8) -> 0 | O8: =IF(D8="BUY",F8*G8+I8,IF(D8="SELL",IF(M8>0,-F8*N8/M8,NA()),0)) -> 44030 | P8: =IF(D8="SELL",F8*G8-I8+O8,0) -> 0 | Q8: =M8+J8 -> 80 | R8: =N8+O8 -> 44030 | S8: =IF(OR(F8<0,G8<0,H8<0,I8<0),"Review negative input",IF(Q8<-0.000001,"Review short position",IF(SUMIFS($K$7:K8,$C$7:C8,C8)<-0.01,"Review negative cash",IF(COUNTIFS(History!$A$7:$A$136,B8)=0,"Review date","OK")))) -> OK | T8: =A8&"|"&TEXT(B8,"yyyy-mm-dd")&"|"&C8&"|"&D8&"|"&E8&"|"&TEXT(F8,"0.##############")&"|"&TEXT(G8,"0.##############")&"|"&TEXT(H8,"0.##############")&"|"&TEXT(I8,"0.##############") -> EVT-0002|2026-03-23|Model|BUY|SYN_BANK|80.|550.|0.|30. | U8: =IF(COUNTIFS(Transactions!$A$7:$A$1006,A8,Transactions!$J$7:$J$1006,T8)>0,"Matched","Refresh required") -> Matched
A9: EVT-0003 | B9: 46104 | C9: Model | D9: BUY | E9: SYN_TECH | F9: 100 | G9: 1200 | H9: 0 | I9: 30 | J9: =IF(D9="BUY",F9,IF(D9="SELL",-F9,IF(OR(D9="SPLIT",D9="BONUS"),F9,0))) -> 100 | K9: =IF(D9="BUY",-F9*G9-I9,IF(D9="SELL",F9*G9-I9,IF(D9="DEPOSIT",H9,IF(D9="WITHDRAW",-H9,IF(D9="DIVIDEND",H9-I9,IF(D9="FEE",-H9-I9,0)))))) -> -120030 | L9: =IF(D9="DEPOSIT",H9,IF(D9="WITHDRAW",-H9,0)) -> 0 | M9: =SUMIFS($J$6:J8,$C$6:C8,C9,$E$6:E8,E9) -> 0 | N9: =SUMIFS($O$6:O8,$C$6:C8,C9,$E$6:E8,E9) -> 0 | O9: =IF(D9="BUY",F9*G9+I9,IF(D9="SELL",IF(M9>0,-F9*N9/M9,NA()),0)) -> 120030 | P9: =IF(D9="SELL",F9*G9-I9+O9,0) -> 0 | Q9: =M9+J9 -> 100 | R9: =N9+O9 -> 120030 | S9: =IF(OR(F9<0,G9<0,H9<0,I9<0),"Review negative input",IF(Q9<-0.000001,"Review short position",IF(SUMIFS($K$7:K9,$C$7:C9,C9)<-0.01,"Review negative cash",IF(COUNTIFS(History!$A$7:$A$136,B9)=0,"Review date","OK")))) -> OK | T9: =A9&"|"&TEXT(B9,"yyyy-mm-dd")&"|"&C9&"|"&D9&"|"&E9&"|"&TEXT(F9,"0.##############")&"|"&TEXT(G9,"0.##############")&"|"&TEXT(H9,"0.##############")&"|"&TEXT(I9,"0.##############") -> EVT-0003|2026-03-23|Model|BUY|SYN_TECH|100.|1200.|0.|30. | U9: =IF(COUNTIFS(Transactions!$A$7:$A$1006,A9,Transactions!$J$7:$J$1006,T9)>0,"Matched","Refresh required") -> Matched
A10: EVT-0004 | B10: 46104 | C10: Model | D10: BUY | E10: SYN_HEALTH | F10: 70 | G10: 850 | H10: 0 | I10: 30 | J10: =IF(D10="BUY",F10,IF(D10="SELL",-F10,IF(OR(D10="SPLIT",D10="BONUS"),F10,0))) -> 70 | K10: =IF(D10="BUY",-F10*G10-I10,IF(D10="SELL",F10*G10-I10,IF(D10="DEPOSIT",H10,IF(D10="WITHDRAW",-H10,IF(D10="DIVIDEND",H10-I10,IF(D10="FEE",-H10-I10,0)))))) -> -59530 | L10: =IF(D10="DEPOSIT",H10,IF(D10="WITHDRAW",-H10,0)) -> 0 | M10: =SUMIFS($J$6:J9,$C$6:C9,C10,$E$6:E9,E10) -> 0 | N10: =SUMIFS($O$6:O9,$C$6:C9,C10,$E$6:E9,E10) -> 0 | O10: =IF(D10="BUY",F10*G10+I10,IF(D10="SELL",IF(M10>0,-F10*N10/M10,NA()),0)) -> 59530 | P10: =IF(D10="SELL",F10*G10-I10+O10,0) -> 0 | Q10: =M10+J10 -> 70 | R10: =N10+O10 -> 59530 | S10: =IF(OR(F10<0,G10<0,H10<0,I10<0),"Review negative input",IF(Q10<-0.000001,"Review short position",IF(SUMIFS($K$7:K10,$C$7:C10,C10)<-0.01,"Review negative cash",IF(COUNTIFS(History!$A$7:$A$136,B10)=0,"Review date","OK")))) -> OK | T10: =A10&"|"&TEXT(B10,"yyyy-mm-dd")&"|"&C10&"|"&D10&"|"&E10&"|"&TEXT(F10,"0.##############")&"|"&TEXT(G10,"0.##############")&"|"&TEXT(H10,"0.##############")&"|"&TEXT(I10,"0.##############") -> EVT-0004|2026-03-23|Model|BUY|SYN_HEALTH|70.|850.|0.|30. | U10: =IF(COUNTIFS(Transactions!$A$7:$A$1006,A10,Transactions!$J$7:$J$1006,T10)>0,"Matched","Refresh required") -> Matched
A11: EVT-0005 | B11: 46104 | C11: Model | D11: BUY | E11: SYN_INDUSTRY | F11: 180 | G11: 430 | H11: 0 | I11: 30 | J11: =IF(D11="BUY",F11,IF(D11="SELL",-F11,IF(OR(D11="SPLIT",D11="BONUS"),F11,0))) -> 180 | K11: =IF(D11="BUY",-F11*G11-I11,IF(D11="SELL",F11*G11-I11,IF(D11="DEPOSIT",H11,IF(D11="WITHDRAW",-H11,IF(D11="DIVIDEND",H11-I11,IF(D11="FEE",-H11-I11,0)))))) -> -77430 | L11: =IF(D11="DEPOSIT",H11,IF(D11="WITHDRAW",-H11,0)) -> 0 | M11: =SUMIFS($J$6:J10,$C$6:C10,C11,$E$6:E10,E11) -> 0 | N11: =SUMIFS($O$6:O10,$C$6:C10,C11,$E$6:E10,E11) -> 0 | O11: =IF(D11="BUY",F11*G11+I11,IF(D11="SELL",IF(M11>0,-F11*N11/M11,NA()),0)) -> 77430 | P11: =IF(D11="SELL",F11*G11-I11+O11,0) -> 0 | Q11: =M11+J11 -> 180 | R11: =N11+O11 -> 77430 | S11: =IF(OR(F11<0,G11<0,H11<0,I11<0),"Review negative input",IF(Q11<-0.000001,"Review short position",IF(SUMIFS($K$7:K11,$C$7:C11,C11)<-0.01,"Review negative cash",IF(COUNTIFS(History!$A$7:$A$136,B11)=0,"Review date","OK")))) -> OK | T11: =A11&"|"&TEXT(B11,"yyyy-mm-dd")&"|"&C11&"|"&D11&"|"&E11&"|"&TEXT(F11,"0.##############")&"|"&TEXT(G11,"0.##############")&"|"&TEXT(H11,"0.##############")&"|"&TEXT(I11,"0.##############") -> EVT-0005|2026-03-23|Model|BUY|SYN_INDUSTRY|180.|430.|0.|30. | U11: =IF(COUNTIFS(Transactions!$A$7:$A$1006,A11,Transactions!$J$7:$J$1006,T11)>0,"Matched","Refresh required") -> Matched
A12: EVT-0006 | B12: 46104 | C12: Model | D12: BUY | E12: SYN_BROAD_ETF | F12: 400 | G12: 250 | H12: 0 | I12: 30 | J12: =IF(D12="BUY",F12,IF(D12="SELL",-F12,IF(OR(D12="SPLIT",D12="BONUS"),F12,0))) -> 400 | K12: =IF(D12="BUY",-F12*G12-I12,IF(D12="SELL",F12*G12-I12,IF(D12="DEPOSIT",H12,IF(D12="WITHDRAW",-H12,IF(D12="DIVIDEND",H12-I12,IF(D12="FEE",-H12-I12,0)))))) -> -100030 | L12: =IF(D12="DEPOSIT",H12,IF(D12="WITHDRAW",-H12,0)) -> 0 | M12: =SUMIFS($J$6:J11,$C$6:C11,C12,$E$6:E11,E12) -> 0 | N12: =SUMIFS($O$6:O11,$C$6:C11,C12,$E$6:E11,E12) -> 0 | O12: =IF(D12="BUY",F12*G12+I12,IF(D12="SELL",IF(M12>0,-F12*N12/M12,NA()),0)) -> 100030 | P12: =IF(D12="SELL",F12*G12-I12+O12,0) -> 0 | Q12: =M12+J12 -> 400 | R12: =N12+O12 -> 100030 | S12: =IF(OR(F12<0,G12<0,H12<0,I12<0),"Review negative input",IF(Q12<-0.000001,"Review short position",IF(SUMIFS($K$7:K12,$C$7:C12,C12)<-0.01,"Review negative cash",IF(COUNTIFS(History!$A$7:$A$136,B12)=0,"Review date","OK")))) -> OK | T12: =A12&"|"&TEXT(B12,"yyyy-mm-dd")&"|"&C12&"|"&D12&"|"&E12&"|"&TEXT(F12,"0.##############")&"|"&TEXT(G12,"0.##############")&"|"&TEXT(H12,"0.##############")&"|"&TEXT(I12,"0.##############") -> EVT-0006|2026-03-23|Model|BUY|SYN_BROAD_ETF|400.|250.|0.|30. | U12: =IF(COUNTIFS(Transactions!$A$7:$A$1006,A12,Transactions!$J$7:$J$1006,T12)>0,"Matched","Refresh required") -> Matched
A13: EVT-0007 | B13: 46104 | C13: Model | D13: BUY | E13: SYN_BOND_ETF | F13: 600 | G13: 100 | H13: 0 | I13: 30 | J13: =IF(D13="BUY",F13,IF(D13="SELL",-F13,IF(OR(D13="SPLIT",D13="BONUS"),F13,0))) -> 600 | K13: =IF(D13="BUY",-F13*G13-I13,IF(D13="SELL",F13*G13-I13,IF(D13="DEPOSIT",H13,IF(D13="WITHDRAW",-H13,IF(D13="DIVIDEND",H13-I13,IF(D13="FEE",-H13-I13,0)))))) -> -60030 | L13: =IF(D13="DEPOSIT",H13,IF(D13="WITHDRAW",-H13,0)) -> 0 | M13: =SUMIFS($J$6:J12,$C$6:C12,C13,$E$6:E12,E13) -> 0 | N13: =SUMIFS($O$6:O12,$C$6:C12,C13,$E$6:E12,E13) -> 0 | O13: =IF(D13="BUY",F13*G13+I13,IF(D13="SELL",IF(M13>0,-F13*N13/M13,NA()),0)) -> 60030 | P13: =IF(D13="SELL",F13*G13-I13+O13,0) -> 0 | Q13: =M13+J13 -> 600 | R13: =N13+O13 -> 60030 | S13: =IF(OR(F13<0,G13<0,H13<0,I13<0),"Review negative input",IF(Q13<-0.000001,"Review short position",IF(SUMIFS($K$7:K13,$C$7:C13,C13)<-0.01,"Review negative cash",IF(COUNTIFS(History!$A$7:$A$136,B13)=0,"Review date","OK")))) -> OK | T13: =A13&"|"&TEXT(B13,"yyyy-mm-dd")&"|"&C13&"|"&D13&"|"&E13&"|"&TEXT(F13,"0.##############")&"|"&TEXT(G13,"0.##############")&"|"&TEXT(H13,"0.##############")&"|"&TEXT(I13,"0.##############") -> EVT-0007|2026-03-23|Model|BUY|SYN_BOND_ETF|600.|100.|0.|30. | U13: =IF(COUNTIFS(Transactions!$A$7:$A$1006,A13,Transactions!$J$7:$J$1006,T13)>0,"Matched","Refresh required") -> Matched
A14: EVT-0008 | B14: 46104 | C14: Practice | D14: DEPOSIT | E14: CASH | F14: 0 | G14: 0 | H14: 250000 | I14: 0 | J14: =IF(D14="BUY",F14,IF(D14="SELL",-F14,IF(OR(D14="SPLIT",D14="BONUS"),F14,0))) -> 0 | K14: =IF(D14="BUY",-F14*G14-I14,IF(D14="SELL",F14*G14-I14,IF(D14="DEPOSIT",H14,IF(D14="WITHDRAW",-H14,IF(D14="DIVIDEND",H14-I14,IF(D14="FEE",-H14-I14,0)))))) -> 250000 | L14: =IF(D14="DEPOSIT",H14,IF(D14="WITHDRAW",-H14,0)) -> 250000 | M14: =SUMIFS($J$6:J13,$C$6:C13,C14,$E$6:E13,E14) -> 0 | N14: =SUMIFS($O$6:O13,$C$6:C13,C14,$E$6:E13,E14) -> 0 | O14: =IF(D14="BUY",F14*G14+I14,IF(D14="SELL",IF(M14>0,-F14*N14/M14,NA()),0)) -> 0 | P14: =IF(D14="SELL",F14*G14-I14+O14,0) -> 0 | Q14: =M14+J14 -> 0 | R14: =N14+O14 -> 0 | S14: =IF(OR(F14<0,G14<0,H14<0,I14<0),"Review negative input",IF(Q14<-0.000001,"Review short position",IF(SUMIFS($K$7:K14,$C$7:C14,C14)<-0.01,"Review negative cash",IF(COUNTIFS(History!$A$7:$A$136,B14)=0,"Review date","OK")))) -> OK | T14: =A14&"|"&TEXT(B14,"yyyy-mm-dd")&"|"&C14&"|"&D14&"|"&E14&"|"&TEXT(F14,"0.##############")&"|"&TEXT(G14,"0.##############")&"|"&TEXT(H14,"0.##############")&"|"&TEXT(I14,"0.##############") -> EVT-0008|2026-03-23|Practice|DEPOSIT|CASH|0.|0.|250000.|0. | U14: =IF(COUNTIFS(Transactions!$A$7:$A$1006,A14,Transactions!$J$7:$J$1006,T14)>0,"Matched","Refresh required") -> Matched
A15: EVT-0009 | B15: 46104 | C15: Practice | D15: BUY | E15: SYN_BANK | F15: 40 | G15: 550 | H15: 0 | I15: 15 | J15: =IF(D15="BUY",F15,IF(D15="SELL",-F15,IF(OR(D15="SPLIT",D15="BONUS"),F15,0))) -> 40 | K15: =IF(D15="BUY",-F15*G15-I15,IF(D15="SELL",F15*G15-I15,IF(D15="DEPOSIT",H15,IF(D15="WITHDRAW",-H15,IF(D15="DIVIDEND",H15-I15,IF(D15="FEE",-H15-I15,0)))))) -> -22015 | L15: =IF(D15="DEPOSIT",H15,IF(D15="WITHDRAW",-H15,0)) -> 0 | M15: =SUMIFS($J$6:J14,$C$6:C14,C15,$E$6:E14,E15) -> 0 | N15: =SUMIFS($O$6:O14,$C$6:C14,C15,$E$6:E14,E15) -> 0 | O15: =IF(D15="BUY",F15*G15+I15,IF(D15="SELL",IF(M15>0,-F15*N15/M15,NA()),0)) -> 22015 | P15: =IF(D15="SELL",F15*G15-I15+O15,0) -> 0 | Q15: =M15+J15 -> 40 | R15: =N15+O15 -> 22015 | S15: =IF(OR(F15<0,G15<0,H15<0,I15<0),"Review negative input",IF(Q15<-0.000001,"Review short position",IF(SUMIFS($K$7:K15,$C$7:C15,C15)<-0.01,"Review negative cash",IF(COUNTIFS(History!$A$7:$A$136,B15)=0,"Review date","OK")))) -> OK | T15: =A15&"|"&TEXT(B15,"yyyy-mm-dd")&"|"&C15&"|"&D15&"|"&E15&"|"&TEXT(F15,"0.##############")&"|"&TEXT(G15,"0.##############")&"|"&TEXT(H15,"0.##############")&"|"&TEXT(I15,"0.##############") -> EVT-0009|2026-03-23|Practice|BUY|SYN_BANK|40.|550.|0.|15. | U15: =IF(COUNTIFS(Transactions!$A$7:$A$1006,A15,Transactions!$J$7:$J$1006,T15)>0,"Matched","Refresh required") -> Matched
A16: EVT-0010 | B16: 46104 | C16: Practice | D16: BUY | E16: SYN_TECH | F16: 50 | G16: 1200 | H16: 0 | I16: 15 | J16: =IF(D16="BUY",F16,IF(D16="SELL",-F16,IF(OR(D16="SPLIT",D16="BONUS"),F16,0))) -> 50 | K16: =IF(D16="BUY",-F16*G16-I16,IF(D16="SELL",F16*G16-I16,IF(D16="DEPOSIT",H16,IF(D16="WITHDRAW",-H16,IF(D16="DIVIDEND",H16-I16,IF(D16="FEE",-H16-I16,0)))))) -> -60015 | L16: =IF(D16="DEPOSIT",H16,IF(D16="WITHDRAW",-H16,0)) -> 0 | M16: =SUMIFS($J$6:J15,$C$6:C15,C16,$E$6:E15,E16) -> 0 | N16: =SUMIFS($O$6:O15,$C$6:C15,C16,$E$6:E15,E16) -> 0 | O16: =IF(D16="BUY",F16*G16+I16,IF(D16="SELL",IF(M16>0,-F16*N16/M16,NA()),0)) -> 60015 | P16: =IF(D16="SELL",F16*G16-I16+O16,0) -> 0 | Q16: =M16+J16 -> 50 | R16: =N16+O16 -> 60015 | S16: =IF(OR(F16<0,G16<0,H16<0,I16<0),"Review negative input",IF(Q16<-0.000001,"Review short position",IF(SUMIFS($K$7:K16,$C$7:C16,C16)<-0.01,"Review negative cash",IF(COUNTIFS(History!$A$7:$A$136,B16)=0,"Review date","OK")))) -> OK | T16: =A16&"|"&TEXT(B16,"yyyy-mm-dd")&"|"&C16&"|"&D16&"|"&E16&"|"&TEXT(F16,"0.##############")&"|"&TEXT(G16,"0.##############")&"|"&TEXT(H16,"0.##############")&"|"&TEXT(I16,"0.##############") -> EVT-0010|2026-03-23|Practice|BUY|SYN_TECH|50.|1200.|0.|15. | U16: =IF(COUNTIFS(Transactions!$A$7:$A$1006,A16,Transactions!$J$7:$J$1006,T16)>0,"Matched","Refresh required") -> Matched
A17: EVT-0011 | B17: 46104 | C17: Practice | D17: BUY | E17: SYN_HEALTH | F17: 35 | G17: 850 | H17: 0 | I17: 15 | J17: =IF(D17="BUY",F17,IF(D17="SELL",-F17,IF(OR(D17="SPLIT",D17="BONUS"),F17,0))) -> 35 | K17: =IF(D17="BUY",-F17*G17-I17,IF(D17="SELL",F17*G17-I17,IF(D17="DEPOSIT",H17,IF(D17="WITHDRAW",-H17,IF(D17="DIVIDEND",H17-I17,IF(D17="FEE",-H17-I17,0)))))) -> -29765 | L17: =IF(D17="DEPOSIT",H17,IF(D17="WITHDRAW",-H17,0)) -> 0 | M17: =SUMIFS($J$6:J16,$C$6:C16,C17,$E$6:E16,E17) -> 0 | N17: =SUMIFS($O$6:O16,$C$6:C16,C17,$E$6:E16,E17) -> 0 | O17: =IF(D17="BUY",F17*G17+I17,IF(D17="SELL",IF(M17>0,-F17*N17/M17,NA()),0)) -> 29765 | P17: =IF(D17="SELL",F17*G17-I17+O17,0) -> 0 | Q17: =M17+J17 -> 35 | R17: =N17+O17 -> 29765 | S17: =IF(OR(F17<0,G17<0,H17<0,I17<0),"Review negative input",IF(Q17<-0.000001,"Review short position",IF(SUMIFS($K$7:K17,$C$7:C17,C17)<-0.01,"Review negative cash",IF(COUNTIFS(History!$A$7:$A$136,B17)=0,"Review date","OK")))) -> OK | T17: =A17&"|"&TEXT(B17,"yyyy-mm-dd")&"|"&C17&"|"&D17&"|"&E17&"|"&TEXT(F17,"0.##############")&"|"&TEXT(G17,"0.##############")&"|"&TEXT(H17,"0.##############")&"|"&TEXT(I17,"0.##############") -> EVT-0011|2026-03-23|Practice|BUY|SYN_HEALTH|35.|850.|0.|15. | U17: =IF(COUNTIFS(Transactions!$A$7:$A$1006,A17,Transactions!$J$7:$J$1006,T17)>0,"Matched","Refresh required") -> Matched
A18: EVT-0012 | B18: 46104 | C18: Practice | D18: BUY | E18: SYN_INDUSTRY | F18: 90 | G18: 430 | H18: 0 | I18: 15 | J18: =IF(D18="BUY",F18,IF(D18="SELL",-F18,IF(OR(D18="SPLIT",D18="BONUS"),F18,0))) -> 90 | K18: =IF(D18="BUY",-F18*G18-I18,IF(D18="SELL",F18*G18-I18,IF(D18="DEPOSIT",H18,IF(D18="WITHDRAW",-H18,IF(D18="DIVIDEND",H18-I18,IF(D18="FEE",-H18-I18,0)))))) -> -38715 | L18: =IF(D18="DEPOSIT",H18,IF(D18="WITHDRAW",-H18,0)) -> 0 | M18: =SUMIFS($J$6:J17,$C$6:C17,C18,$E$6:E17,E18) -> 0 | N18: =SUMIFS($O$6:O17,$C$6:C17,C18,$E$6:E17,E18) -> 0 | O18: =IF(D18="BUY",F18*G18+I18,IF(D18="SELL",IF(M18>0,-F18*N18/M18,NA()),0)) -> 38715 | P18: =IF(D18="SELL",F18*G18-I18+O18,0) -> 0 | Q18: =M18+J18 -> 90 | R18: =N18+O18 -> 38715 | S18: =IF(OR(F18<0,G18<0,H18<0,I18<0),"Review negative input",IF(Q18<-0.000001,"Review short position",IF(SUMIFS($K$7:K18,$C$7:C18,C18)<-0.01,"Review negative cash",IF(COUNTIFS(History!$A$7:$A$136,B18)=0,"Review date","OK")))) -> OK | T18: =A18&"|"&TEXT(B18,"yyyy-mm-dd")&"|"&C18&"|"&D18&"|"&E18&"|"&TEXT(F18,"0.##############")&"|"&TEXT(G18,"0.##############")&"|"&TEXT(H18,"0.##############")&"|"&TEXT(I18,"0.##############") -> EVT-0012|2026-03-23|Practice|BUY|SYN_INDUSTRY|90.|430.|0.|15. | U18: =IF(COUNTIFS(Transactions!$A$7:$A$1006,A18,Transactions!$J$7:$J$1006,T18)>0,"Matched","Refresh required") -> Matched
... A42: EVT-0036 | B42: 46268 | C42: Practice | D42: SELL | E42: SYN_BANK | F42: 5 | G42: 569.0415 | H42: 0 | I42: 15 | J42: =IF(D42="BUY",F42,IF(D42="SELL",-F42,IF(OR(D42="SPLIT",D42="BONUS"),F42,0))) -> -5 | K42: =IF(D42="BUY",-F42*G42-I42,IF(D42="SELL",F42*G42-I42,IF(D42="DEPOSIT",H42,IF(D42="WITHDRAW",-H42,IF(D42="DIVIDEND",H42-I42,IF(D42="FEE",-H42-I42,0)))))) -> 2830.2075 | L42: =IF(D42="DEPOSIT",H42,IF(D42="WITHDRAW",-H42,0)) -> 0 | M42: =SUMIFS($J$6:J41,$C$6:C41,C42,$E$6:E41,E42) -> 50 | N42: =SUMIFS($O$6:O41,$C$6:C41,C42,$E$6:E41,E42) -> 27112.871 | O42: =IF(D42="BUY",F42*G42+I42,IF(D42="SELL",IF(M42>0,-F42*N42/M42,NA()),0)) -> -2711.2871 | P42: =IF(D42="SELL",F42*G42-I42+O42,0) -> 118.9204 | Q42: =M42+J42 -> 45 | R42: =N42+O42 -> 24401.584 | S42: =IF(OR(F42<0,G42<0,H42<0,I42<0),"Review negative input",IF(Q42<-0.000001,"Review short position",IF(SUMIFS($K$7:K42,$C$7:C42,C42)<-0.01,"Review negative cash",IF(COUNTIFS(History!$A$7:$A$136,B42)=0,"Review date","OK")))) -> OK | T42: =A42&"|"&TEXT(B42,"yyyy-mm-dd")&"|"&C42&"|"&D42&"|"&E42&"|"&TEXT(F42,"0.##############")&"|"&TEXT(G42,"0.##############")&"|"&TEXT(H42,"0.##############")&"|"&TEXT(I42,"0.##############") -> EVT-0036|2026-09-03|Practice|SELL|SYN_BANK|5.|569.0415|0.|15. | U42: =IF(COUNTIFS(Transactions!$A$7:$A$1006,A42,Transactions!$J$7:$J$1006,T42)>0,"Matched","Refresh required") -> Matched

Sheet Daily
A2: Daily portfolio calculation
A4: Daily flows are at the close, except the initial deposit. Prices include explicit synthetic corporate actions.
A6: Date | B6: BANK units | C6: TECH units | D6: HEALTH units | E6: INDUSTRY units | F6: BROAD_ETF units | G6: BOND_ETF units | H6: Cash | I6: Securities | J6: Value | K6: External flow | L6: Daily return | M6: Return index | N6: Peak index | O6: Drawdown | P6: Benchmark index | Q6: Benchmark return | R6: Investor cash flow | S6: Price coverage | T6: Chart date | U6: Drawdown to date | V6: Portfolio risk sample | W6: Benchmark risk sample
A7: 46104 | B7: =SUMIFS(Ledger!$J$7:$J$1006,Ledger!$C$7:$C$1006,Portfolio!$C$5,Ledger!$E$7:$E$1006,History!B$6,Ledger!$B$7:$B$1006,"<="&$A7) -> 80 | C7: =SUMIFS(Ledger!$J$7:$J$1006,Ledger!$C$7:$C$1006,Portfolio!$C$5,Ledger!$E$7:$E$1006,History!C$6,Ledger!$B$7:$B$1006,"<="&$A7) -> 100 | D7: =SUMIFS(Ledger!$J$7:$J$1006,Ledger!$C$7:$C$1006,Portfolio!$C$5,Ledger!$E$7:$E$1006,History!D$6,Ledger!$B$7:$B$1006,"<="&$A7) -> 70 | E7: =SUMIFS(Ledger!$J$7:$J$1006,Ledger!$C$7:$C$1006,Portfolio!$C$5,Ledger!$E$7:$E$1006,History!E$6,Ledger!$B$7:$B$1006,"<="&$A7) -> 180 | F7: =SUMIFS(Ledger!$J$7:$J$1006,Ledger!$C$7:$C$1006,Portfolio!$C$5,Ledger!$E$7:$E$1006,History!F$6,Ledger!$B$7:$B$1006,"<="&$A7) -> 400 | G7: =SUMIFS(Ledger!$J$7:$J$1006,Ledger!$C$7:$C$1006,Portfolio!$C$5,Ledger!$E$7:$E$1006,History!G$6,Ledger!$B$7:$B$1006,"<="&$A7) -> 600 | H7: =SUMIFS(Ledger!$K$7:$K$1006,Ledger!$C$7:$C$1006,Portfolio!$C$5,Ledger!$B$7:$B$1006,"<="&$A7) -> 38920 | I7: =IF(S7=6,SUMPRODUCT(B7:G7,History!B7:G7),NA()) -> 460900 | J7: =SUM(H7:I7) -> 499820 | K7: =SUMIFS(Ledger!$L$7:$L$1006,Ledger!$C$7:$C$1006,Portfolio!$C$5,Ledger!$B$7:$B$1006,$A7) -> 500000 | L7: =IF(A7<Holdings!$G$24,"",IF(K7>0,J7/K7-1,NA())) -> -0.00036 | M7: =IF(A7<Holdings!$G$24,"",100*(1+L7)) -> 99.964 | N7: =IF(A7<Holdings!$G$24,"",MAX(100,M7)) -> 100 | O7: =IF(A7<Holdings!$G$24,"",M7/N7-1) -> -0.00036 | P7: =IF(A7<Holdings!$G$24,"",IF(History!H7>0,History!H7/INDEX(History!$H$7:$H$136,MATCH(Holdings!$G$24,History!$A$7:$A$136,0))*100,NA())) -> 100 | Q7: ="" | R7: =IF(A7>Portfolio!$J$5,0,-K7+IF(A7=Portfolio!$J$5,J7,0)) -> -500000 | S7: =COUNTIFS(History!B7:G7,">0") -> 6 | T7: =TEXT(A7,"dd-mmm") -> 23-Mar | U7: =IF(AND(A7<=Portfolio!$J$5,A7>=Holdings!$G$24),O7,0) -> -0.00036 | V7: =IF(AND(A7>Holdings!$G$24,A7<=Portfolio!$J$5),L7,"") | W7: =IF(AND(A7>Holdings!$G$24,A7<=Portfolio!$J$5),Q7,"")
A8: 46105 | B8: =SUMIFS(Ledger!$J$7:$J$1006,Ledger!$C$7:$C$1006,Portfolio!$C$5,Ledger!$E$7:$E$1006,History!B$6,Ledger!$B$7:$B$1006,"<="&$A8) -> 80 | C8: =SUMIFS(Ledger!$J$7:$J$1006,Ledger!$C$7:$C$1006,Portfolio!$C$5,Ledger!$E$7:$E$1006,History!C$6,Ledger!$B$7:$B$1006,"<="&$A8) -> 100 | D8: =SUMIFS(Ledger!$J$7:$J$1006,Ledger!$C$7:$C$1006,Portfolio!$C$5,Ledger!$E$7:$E$1006,History!D$6,Ledger!$B$7:$B$1006,"<="&$A8) -> 70 | E8: =SUMIFS(Ledger!$J$7:$J$1006,Ledger!$C$7:$C$1006,Portfolio!$C$5,Ledger!$E$7:$E$1006,History!E$6,Ledger!$B$7:$B$1006,"<="&$A8) -> 180 | F8: =SUMIFS(Ledger!$J$7:$J$1006,Ledger!$C$7:$C$1006,Portfolio!$C$5,Ledger!$E$7:$E$1006,History!F$6,Ledger!$B$7:$B$1006,"<="&$A8) -> 400 | G8: =SUMIFS(Ledger!$J$7:$J$1006,Ledger!$C$7:$C$1006,Portfolio!$C$5,Ledger!$E$7:$E$1006,History!G$6,Ledger!$B$7:$B$1006,"<="&$A8) -> 600 | H8: =SUMIFS(Ledger!$K$7:$K$1006,Ledger!$C$7:$C$1006,Portfolio!$C$5,Ledger!$B$7:$B$1006,"<="&$A8) -> 38920 | I8: =IF(S8=6,SUMPRODUCT(B8:G8,History!B8:G8),NA()) -> 464944.55 | J8: =SUM(H8:I8) -> 503864.55 | K8: =SUMIFS(Ledger!$L$7:$L$1006,Ledger!$C$7:$C$1006,Portfolio!$C$5,Ledger!$B$7:$B$1006,$A8) -> 0 | L8: =IF(A8<Holdings!$G$24,"",IF(A8=Holdings!$G$24,IF(K8>0,J8/K8-1,NA()),IF(J7>0,(J8-K8)/J7-1,NA()))) -> 0.0080920211 | M8: =IF(A8<Holdings!$G$24,"",IF(A8=Holdings!$G$24,100*(1+L8),M7*(1+L8))) -> 100.77291 | N8: =IF(A8<Holdings!$G$24,"",IF(A8=Holdings!$G$24,MAX(100,M8),MAX(N7,M8))) -> 100.77291 | O8: =IF(A8<Holdings!$G$24,"",M8/N8-1) -> 0 | P8: =IF(A8<Holdings!$G$24,"",IF(History!H8>0,History!H8/INDEX(History!$H$7:$H$136,MATCH(Holdings!$G$24,History!$A$7:$A$136,0))*100,NA())) -> 100.7209 | Q8: =IF(A8<=Holdings!$G$24,"",P8/P7-1) -> 0.007208993 | R8: =IF(A8>Portfolio!$J$5,0,-K8+IF(A8=Portfolio!$J$5,J8,0)) -> 0 | S8: =COUNTIFS(History!B8:G8,">0") -> 6 | T8: =TEXT(A8,"dd-mmm") -> 24-Mar | U8: =IF(AND(A8<=Portfolio!$J$5,A8>=Holdings!$G$24),O8,0) -> 0 | V8: =IF(AND(A8>Holdings!$G$24,A8<=Portfolio!$J$5),L8,"") -> 0.0080920211 | W8: =IF(AND(A8>Holdings!$G$24,A8<=Portfolio!$J$5),Q8,"") -> 0.007208993
A9: 46106 | B9: =SUMIFS(Ledger!$J$7:$J$1006,Ledger!$C$7:$C$1006,Portfolio!$C$5,Ledger!$E$7:$E$1006,History!B$6,Ledger!$B$7:$B$1006,"<="&$A9) -> 80 | C9: =SUMIFS(Ledger!$J$7:$J$1006,Ledger!$C$7:$C$1006,Portfolio!$C$5,Ledger!$E$7:$E$1006,History!C$6,Ledger!$B$7:$B$1006,"<="&$A9) -> 100 | D9: =SUMIFS(Ledger!$J$7:$J$1006,Ledger!$C$7:$C$1006,Portfolio!$C$5,Ledger!$E$7:$E$1006,History!D$6,Ledger!$B$7:$B$1006,"<="&$A9) -> 70 | E9: =SUMIFS(Ledger!$J$7:$J$1006,Ledger!$C$7:$C$1006,Portfolio!$C$5,Ledger!$E$7:$E$1006,History!E$6,Ledger!$B$7:$B$1006,"<="&$A9) -> 180 | F9: =SUMIFS(Ledger!$J$7:$J$1006,Ledger!$C$7:$C$1006,Portfolio!$C$5,Ledger!$E$7:$E$1006,History!F$6,Ledger!$B$7:$B$1006,"<="&$A9) -> 400 | G9: =SUMIFS(Ledger!$J$7:$J$1006,Ledger!$C$7:$C$1006,Portfolio!$C$5,Ledger!$E$7:$E$1006,History!G$6,Ledger!$B$7:$B$1006,"<="&$A9) -> 600 | H9: =SUMIFS(Ledger!$K$7:$K$1006,Ledger!$C$7:$C$1006,Portfolio!$C$5,Ledger!$B$7:$B$1006,"<="&$A9) -> 38920 | I9: =IF(S9=6,SUMPRODUCT(B9:G9,History!B9:G9),NA()) -> 463232.74 | J9: =SUM(H9:I9) -> 502152.74 | K9: =SUMIFS(Ledger!$L$7:$L$1006,Ledger!$C$7:$C$1006,Portfolio!$C$5,Ledger!$B$7:$B$1006,$A9) -> 0 | L9: =IF(A9<Holdings!$G$24,"",IF(A9=Holdings!$G$24,IF(K9>0,J9/K9-1,NA()),IF(J8>0,(J9-K9)/J8-1,NA()))) -> -0.0033973594 | M9: =IF(A9<Holdings!$G$24,"",IF(A9=Holdings!$G$24,100*(1+L9),M8*(1+L9))) -> 100.43055 | N9: =IF(A9<Holdings!$G$24,"",IF(A9=Holdings!$G$24,MAX(100,M9),MAX(N8,M9))) -> 100.77291 | O9: =IF(A9<Holdings!$G$24,"",M9/N9-1) -> -0.0033973594 | P9: =IF(A9<Holdings!$G$24,"",IF(History!H9>0,History!H9/INDEX(History!$H$7:$H$136,MATCH(Holdings!$G$24,History!$A$7:$A$136,0))*100,NA())) -> 100.85809 | Q9: =IF(A9<=Holdings!$G$24,"",P9/P8-1) -> 0.0013621106 | R9: =IF(A9>Portfolio!$J$5,0,-K9+IF(A9=Portfolio!$J$5,J9,0)) -> 0 | S9: =COUNTIFS(History!B9:G9,">0") -> 6 | T9: =TEXT(A9,"dd-mmm") -> 25-Mar | U9: =IF(AND(A9<=Portfolio!$J$5,A9>=Holdings!$G$24),O9,0) -> -0.0033973594 | V9: =IF(AND(A9>Holdings!$G$24,A9<=Portfolio!$J$5),L9,"") -> -0.0033973594 | W9: =IF(AND(A9>Holdings!$G$24,A9<=Portfolio!$J$5),Q9,"") -> 0.0013621106
A10: 46107 | B10: =SUMIFS(Ledger!$J$7:$J$1006,Ledger!$C$7:$C$1006,Portfolio!$C$5,Ledger!$E$7:$E$1006,History!B$6,Ledger!$B$7:$B$1006,"<="&$A10) -> 80 | C10: =SUMIFS(Ledger!$J$7:$J$1006,Ledger!$C$7:$C$1006,Portfolio!$C$5,Ledger!$E$7:$E$1006,History!C$6,Ledger!$B$7:$B$1006,"<="&$A10) -> 100 | D10: =SUMIFS(Ledger!$J$7:$J$1006,Ledger!$C$7:$C$1006,Portfolio!$C$5,Ledger!$E$7:$E$1006,History!D$6,Ledger!$B$7:$B$1006,"<="&$A10) -> 70 | E10: =SUMIFS(Ledger!$J$7:$J$1006,Ledger!$C$7:$C$1006,Portfolio!$C$5,Ledger!$E$7:$E$1006,History!E$6,Ledger!$B$7:$B$1006,"<="&$A10) -> 180 | F10: =SUMIFS(Ledger!$J$7:$J$1006,Ledger!$C$7:$C$1006,Portfolio!$C$5,Ledger!$E$7:$E$1006,History!F$6,Ledger!$B$7:$B$1006,"<="&$A10) -> 400 | G10: =SUMIFS(Ledger!$J$7:$J$1006,Ledger!$C$7:$C$1006,Portfolio!$C$5,Ledger!$E$7:$E$1006,History!G$6,Ledger!$B$7:$B$1006,"<="&$A10) -> 600 | H10: =SUMIFS(Ledger!$K$7:$K$1006,Ledger!$C$7:$C$1006,Portfolio!$C$5,Ledger!$B$7:$B$1006,"<="&$A10) -> 38920 | I10: =IF(S10=6,SUMPRODUCT(B10:G10,History!B10:G10),NA()) -> 466907.26 | J10: =SUM(H10:I10) -> 505827.26 | K10: =SUMIFS(Ledger!$L$7:$L$1006,Ledger!$C$7:$C$1006,Portfolio!$C$5,Ledger!$B$7:$B$1006,$A10) -> 0 | L10: =IF(A10<Holdings!$G$24,"",IF(A10=Holdings!$G$24,IF(K10>0,J10/K10-1,NA()),IF(J9>0,(J10-K10)/J9-1,NA()))) -> 0.0073175185 | M10: =IF(A10<Holdings!$G$24,"",IF(A10=Holdings!$G$24,100*(1+L10),M9*(1+L10))) -> 101.16545 | N10: =IF(A10<Holdings!$G$24,"",IF(A10=Holdings!$G$24,MAX(100,M10),MAX(N9,M10))) -> 101.16545 | O10: =IF(A10<Holdings!$G$24,"",M10/N10-1) -> 0 | P10: =IF(A10<Holdings!$G$24,"",IF(History!H10>0,History!H10/INDEX(History!$H$7:$H$136,MATCH(Holdings!$G$24,History!$A$7:$A$136,0))*100,NA())) -> 101.63115 | Q10: =IF(A10<=Holdings!$G$24,"",P10/P9-1) -> 0.0076647682 | R10: =IF(A10>Portfolio!$J$5,0,-K10+IF(A10=Portfolio!$J$5,J10,0)) -> 0 | S10: =COUNTIFS(History!B10:G10,">0") -> 6 | T10: =TEXT(A10,"dd-mmm") -> 26-Mar | U10: =IF(AND(A10<=Portfolio!$J$5,A10>=Holdings!$G$24),O10,0) -> 0 | V10: =IF(AND(A10>Holdings!$G$24,A10<=Portfolio!$J$5),L10,"") -> 0.0073175185 | W10: =IF(AND(A10>Holdings!$G$24,A10<=Portfolio!$J$5),Q10,"") -> 0.0076647682
A11: 46108 | B11: =SUMIFS(Ledger!$J$7:$J$1006,Ledger!$C$7:$C$1006,Portfolio!$C$5,Ledger!$E$7:$E$1006,History!B$6,Ledger!$B$7:$B$1006,"<="&$A11) -> 80 | C11: =SUMIFS(Ledger!$J$7:$J$1006,Ledger!$C$7:$C$1006,Portfolio!$C$5,Ledger!$E$7:$E$1006,History!C$6,Ledger!$B$7:$B$1006,"<="&$A11) -> 100 | D11: =SUMIFS(Ledger!$J$7:$J$1006,Ledger!$C$7:$C$1006,Portfolio!$C$5,Ledger!$E$7:$E$1006,History!D$6,Ledger!$B$7:$B$1006,"<="&$A11) -> 70 | E11: =SUMIFS(Ledger!$J$7:$J$1006,Ledger!$C$7:$C$1006,Portfolio!$C$5,Ledger!$E$7:$E$1006,History!E$6,Ledger!$B$7:$B$1006,"<="&$A11) -> 180 | F11: =SUMIFS(Ledger!$J$7:$J$1006,Ledger!$C$7:$C$1006,Portfolio!$C$5,Ledger!$E$7:$E$1006,History!F$6,Ledger!$B$7:$B$1006,"<="&$A11) -> 400 | G11: =SUMIFS(Ledger!$J$7:$J$1006,Ledger!$C$7:$C$1006,Portfolio!$C$5,Ledger!$E$7:$E$1006,History!G$6,Ledger!$B$7:$B$1006,"<="&$A11) -> 600 | H11: =SUMIFS(Ledger!$K$7:$K$1006,Ledger!$C$7:$C$1006,Portfolio!$C$5,Ledger!$B$7:$B$1006,"<="&$A11) -> 38920 | I11: =IF(S11=6,SUMPRODUCT(B11:G11,History!B11:G11),NA()) -> 467294.75 | J11: =SUM(H11:I11) -> 506214.75 | K11: =SUMIFS(Ledger!$L$7:$L$1006,Ledger!$C$7:$C$1006,Portfolio!$C$5,Ledger!$B$7:$B$1006,$A11) -> 0 | L11: =IF(A11<Holdings!$G$24,"",IF(A11=Holdings!$G$24,IF(K11>0,J11/K11-1,NA()),IF(J10>0,(J11-K11)/J10-1,NA()))) -> 0.00076606192 | M11: =IF(A11<Holdings!$G$24,"",IF(A11=Holdings!$G$24,100*(1+L11),M10*(1+L11))) -> 101.24295 | N11: =IF(A11<Holdings!$G$24,"",IF(A11=Holdings!$G$24,MAX(100,M11),MAX(N10,M11))) -> 101.24295 | O11: =IF(A11<Holdings!$G$24,"",M11/N11-1) -> 0 | P11: =IF(A11<Holdings!$G$24,"",IF(History!H11>0,History!H11/INDEX(History!$H$7:$H$136,MATCH(Holdings!$G$24,History!$A$7:$A$136,0))*100,NA())) -> 101.39548 | Q11: =IF(A11<=Holdings!$G$24,"",P11/P10-1) -> -0.0023188807 | R11: =IF(A11>Portfolio!$J$5,0,-K11+IF(A11=Portfolio!$J$5,J11,0)) -> 0 | S11: =COUNTIFS(History!B11:G11,">0") -> 6 | T11: =TEXT(A11,"dd-mmm") -> 27-Mar | U11: =IF(AND(A11<=Portfolio!$J$5,A11>=Holdings!$G$24),O11,0) -> 0 | V11: =IF(AND(A11>Holdings!$G$24,A11<=Portfolio!$J$5),L11,"") -> 0.00076606192 | W11: =IF(AND(A11>Holdings!$G$24,A11<=Portfolio!$J$5),Q11,"") -> -0.0023188807
A12: 46111 | B12: =SUMIFS(Ledger!$J$7:$J$1006,Ledger!$C$7:$C$1006,Portfolio!$C$5,Ledger!$E$7:$E$1006,History!B$6,Ledger!$B$7:$B$1006,"<="&$A12) -> 80 | C12: =SUMIFS(Ledger!$J$7:$J$1006,Ledger!$C$7:$C$1006,Portfolio!$C$5,Ledger!$E$7:$E$1006,History!C$6,Ledger!$B$7:$B$1006,"<="&$A12) -> 100 | D12: =SUMIFS(Ledger!$J$7:$J$1006,Ledger!$C$7:$C$1006,Portfolio!$C$5,Ledger!$E$7:$E$1006,History!D$6,Ledger!$B$7:$B$1006,"<="&$A12) -> 70 | E12: =SUMIFS(Ledger!$J$7:$J$1006,Ledger!$C$7:$C$1006,Portfolio!$C$5,Ledger!$E$7:$E$1006,History!E$6,Ledger!$B$7:$B$1006,"<="&$A12) -> 180 | F12: =SUMIFS(Ledger!$J$7:$J$1006,Ledger!$C$7:$C$1006,Portfolio!$C$5,Ledger!$E$7:$E$1006,History!F$6,Ledger!$B$7:$B$1006,"<="&$A12) -> 400 | G12: =SUMIFS(Ledger!$J$7:$J$1006,Ledger!$C$7:$C$1006,Portfolio!$C$5,Ledger!$E$7:$E$1006,History!G$6,Ledger!$B$7:$B$1006,"<="&$A12) -> 600 | H12: =SUMIFS(Ledger!$K$7:$K$1006,Ledger!$C$7:$C$1006,Portfolio!$C$5,Ledger!$B$7:$B$1006,"<="&$A12) -> 38920 | I12: =IF(S12=6,SUMPRODUCT(B12:G12,History!B12:G12),NA()) -> 467177.66 | J12: =SUM(H12:I12) -> 506097.66 | K12: =SUMIFS(Ledger!$L$7:$L$1006,Ledger!$C$7:$C$1006,Portfolio!$C$5,Ledger!$B$7:$B$1006,$A12) -> 0 | L12: =IF(A12<Holdings!$G$24,"",IF(A12=Holdings!$G$24,IF(K12>0,J12/K12-1,NA()),IF(J11>0,(J12-K12)/J11-1,NA()))) -> -0.00023129907 | M12: =IF(A12<Holdings!$G$24,"",IF(A12=Holdings!$G$24,100*(1+L12),M11*(1+L12))) -> 101.21953 | N12: =IF(A12<Holdings!$G$24,"",IF(A12=Holdings!$G$24,MAX(100,M12),MAX(N11,M12))) -> 101.24295 | O12: =IF(A12<Holdings!$G$24,"",M12/N12-1) -> -0.00023129907 | P12: =IF(A12<Holdings!$G$24,"",IF(History!H12>0,History!H12/INDEX(History!$H$7:$H$136,MATCH(Holdings!$G$24,History!$A$7:$A$136,0))*100,NA())) -> 101.25893 | Q12: =IF(A12<=Holdings!$G$24,"",P12/P11-1) -> -0.0013466291 | R12: =IF(A12>Portfolio!$J$5,0,-K12+IF(A12=Portfolio!$J$5,J12,0)) -> 0 | S12: =COUNTIFS(History!B12:G12,">0") -> 6 | T12: =TEXT(A12,"dd-mmm") -> 30-Mar | U12: =IF(AND(A12<=Portfolio!$J$5,A12>=Holdings!$G$24),O12,0) -> -0.00023129907 | V12: =IF(AND(A12>Holdings!$G$24,A12<=Portfolio!$J$5),L12,"") -> -0.00023129907 | W12: =IF(AND(A12>Holdings!$G$24,A12<=Portfolio!$J$5),Q12,"") -> -0.0013466291
A13: 46112 | B13: =SUMIFS(Ledger!$J$7:$J$1006,Ledger!$C$7:$C$1006,Portfolio!$C$5,Ledger!$E$7:$E$1006,History!B$6,Ledger!$B$7:$B$1006,"<="&$A13) -> 80 | C13: =SUMIFS(Ledger!$J$7:$J$1006,Ledger!$C$7:$C$1006,Portfolio!$C$5,Ledger!$E$7:$E$1006,History!C$6,Ledger!$B$7:$B$1006,"<="&$A13) -> 100 | D13: =SUMIFS(Ledger!$J$7:$J$1006,Ledger!$C$7:$C$1006,Portfolio!$C$5,Ledger!$E$7:$E$1006,History!D$6,Ledger!$B$7:$B$1006,"<="&$A13) -> 70 | E13: =SUMIFS(Ledger!$J$7:$J$1006,Ledger!$C$7:$C$1006,Portfolio!$C$5,Ledger!$E$7:$E$1006,History!E$6,Ledger!$B$7:$B$1006,"<="&$A13) -> 180 | F13: =SUMIFS(Ledger!$J$7:$J$1006,Ledger!$C$7:$C$1006,Portfolio!$C$5,Ledger!$E$7:$E$1006,History!F$6,Ledger!$B$7:$B$1006,"<="&$A13) -> 400 | G13: =SUMIFS(Ledger!$J$7:$J$1006,Ledger!$C$7:$C$1006,Portfolio!$C$5,Ledger!$E$7:$E$1006,History!G$6,Ledger!$B$7:$B$1006,"<="&$A13) -> 600 | H13: =SUMIFS(Ledger!$K$7:$K$1006,Ledger!$C$7:$C$1006,Portfolio!$C$5,Ledger!$B$7:$B$1006,"<="&$A13) -> 38920 | I13: =IF(S13=6,SUMPRODUCT(B13:G13,History!B13:G13),NA()) -> 469031.89 | J13: =SUM(H13:I13) -> 507951.89 | K13: =SUMIFS(Ledger!$L$7:$L$1006,Ledger!$C$7:$C$1006,Portfolio!$C$5,Ledger!$B$7:$B$1006,$A13) -> 0 | L13: =IF(A13<Holdings!$G$24,"",IF(A13=Holdings!$G$24,IF(K13>0,J13/K13-1,NA()),IF(J12>0,(J13-K13)/J12-1,NA()))) -> 0.0036637691 | M13: =IF(A13<Holdings!$G$24,"",IF(A13=Holdings!$G$24,100*(1+L13),M12*(1+L13))) -> 101.59038 | N13: =IF(A13<Holdings!$G$24,"",IF(A13=Holdings!$G$24,MAX(100,M13),MAX(N12,M13))) -> 101.59038 | O13: =IF(A13<Holdings!$G$24,"",M13/N13-1) -> 0 | P13: =IF(A13<Holdings!$G$24,"",IF(History!H13>0,History!H13/INDEX(History!$H$7:$H$136,MATCH(Holdings!$G$24,History!$A$7:$A$136,0))*100,NA())) -> 100.94062 | Q13: =IF(A13<=Holdings!$G$24,"",P13/P12-1) -> -0.0031435844 | R13: =IF(A13>Portfolio!$J$5,0,-K13+IF(A13=Portfolio!$J$5,J13,0)) -> 0 | S13: =COUNTIFS(History!B13:G13,">0") -> 6 | T13: =TEXT(A13,"dd-mmm") -> 31-Mar | U13: =IF(AND(A13<=Portfolio!$J$5,A13>=Holdings!$G$24),O13,0) -> 0 | V13: =IF(AND(A13>Holdings!$G$24,A13<=Portfolio!$J$5),L13,"") -> 0.0036637691 | W13: =IF(AND(A13>Holdings!$G$24,A13<=Portfolio!$J$5),Q13,"") -> -0.0031435844
A14: 46113 | B14: =SUMIFS(Ledger!$J$7:$J$1006,Ledger!$C$7:$C$1006,Portfolio!$C$5,Ledger!$E$7:$E$1006,History!B$6,Ledger!$B$7:$B$1006,"<="&$A14) -> 80 | C14: =SUMIFS(Ledger!$J$7:$J$1006,Ledger!$C$7:$C$1006,Portfolio!$C$5,Ledger!$E$7:$E$1006,History!C$6,Ledger!$B$7:$B$1006,"<="&$A14) -> 100 | D14: =SUMIFS(Ledger!$J$7:$J$1006,Ledger!$C$7:$C$1006,Portfolio!$C$5,Ledger!$E$7:$E$1006,History!D$6,Ledger!$B$7:$B$1006,"<="&$A14) -> 70 | E14: =SUMIFS(Ledger!$J$7:$J$1006,Ledger!$C$7:$C$1006,Portfolio!$C$5,Ledger!$E$7:$E$1006,History!E$6,Ledger!$B$7:$B$1006,"<="&$A14) -> 180 | F14: =SUMIFS(Ledger!$J$7:$J$1006,Ledger!$C$7:$C$1006,Portfolio!$C$5,Ledger!$E$7:$E$1006,History!F$6,Ledger!$B$7:$B$1006,"<="&$A14) -> 400 | G14: =SUMIFS(Ledger!$J$7:$J$1006,Ledger!$C$7:$C$1006,Portfolio!$C$5,Ledger!$E$7:$E$1006,History!G$6,Ledger!$B$7:$B$1006,"<="&$A14) -> 600 | H14: =SUMIFS(Ledger!$K$7:$K$1006,Ledger!$C$7:$C$1006,Portfolio!$C$5,Ledger!$B$7:$B$1006,"<="&$A14) -> 38920 | I14: =IF(S14=6,SUMPRODUCT(B14:G14,History!B14:G14),NA()) -> 468579.64 | J14: =SUM(H14:I14) -> 507499.64 | K14: =SUMIFS(Ledger!$L$7:$L$1006,Ledger!$C$7:$C$1006,Portfolio!$C$5,Ledger!$B$7:$B$1006,$A14) -> 0 | L14: =IF(A14<Holdings!$G$24,"",IF(A14=Holdings!$G$24,IF(K14>0,J14/K14-1,NA()),IF(J13>0,(J14-K14)/J13-1,NA()))) -> -0.0008903481 | M14: =IF(A14<Holdings!$G$24,"",IF(A14=Holdings!$G$24,100*(1+L14),M13*(1+L14))) -> 101.49993 | N14: =IF(A14<Holdings!$G$24,"",IF(A14=Holdings!$G$24,MAX(100,M14),MAX(N13,M14))) -> 101.59038 | O14: =IF(A14<Holdings!$G$24,"",M14/N14-1) -> -0.0008903481 | P14: =IF(A14<Holdings!$G$24,"",IF(History!H14>0,History!H14/INDEX(History!$H$7:$H$136,MATCH(Holdings!$G$24,History!$A$7:$A$136,0))*100,NA())) -> 100.49778 | Q14: =IF(A14<=Holdings!$G$24,"",P14/P13-1) -> -0.0043871537 | R14: =IF(A14>Portfolio!$J$5,0,-K14+IF(A14=Portfolio!$J$5,J14,0)) -> 0 | S14: =COUNTIFS(History!B14:G14,">0") -> 6 | T14: =TEXT(A14,"dd-mmm") -> 01-Apr | U14: =IF(AND(A14<=Portfolio!$J$5,A14>=Holdings!$G$24),O14,0) -> -0.0008903481 | V14: =IF(AND(A14>Holdings!$G$24,A14<=Portfolio!$J$5),L14,"") -> -0.0008903481 | W14: =IF(AND(A14>Holdings!$G$24,A14<=Portfolio!$J$5),Q14,"") -> -0.0043871537
A15: 46114 | B15: =SUMIFS(Ledger!$J$7:$J$1006,Ledger!$C$7:$C$1006,Portfolio!$C$5,Ledger!$E$7:$E$1006,History!B$6,Ledger!$B$7:$B$1006,"<="&$A15) -> 80 | C15: =SUMIFS(Ledger!$J$7:$J$1006,Ledger!$C$7:$C$1006,Portfolio!$C$5,Ledger!$E$7:$E$1006,History!C$6,Ledger!$B$7:$B$1006,"<="&$A15) -> 100 | D15: =SUMIFS(Ledger!$J$7:$J$1006,Ledger!$C$7:$C$1006,Portfolio!$C$5,Ledger!$E$7:$E$1006,History!D$6,Ledger!$B$7:$B$1006,"<="&$A15) -> 70 | E15: =SUMIFS(Ledger!$J$7:$J$1006,Ledger!$C$7:$C$1006,Portfolio!$C$5,Ledger!$E$7:$E$1006,History!E$6,Ledger!$B$7:$B$1006,"<="&$A15) -> 180 | F15: =SUMIFS(Ledger!$J$7:$J$1006,Ledger!$C$7:$C$1006,Portfolio!$C$5,Ledger!$E$7:$E$1006,History!F$6,Ledger!$B$7:$B$1006,"<="&$A15) -> 400 | G15: =SUMIFS(Ledger!$J$7:$J$1006,Ledger!$C$7:$C$1006,Portfolio!$C$5,Ledger!$E$7:$E$1006,History!G$6,Ledger!$B$7:$B$1006,"<="&$A15) -> 600 | H15: =SUMIFS(Ledger!$K$7:$K$1006,Ledger!$C$7:$C$1006,Portfolio!$C$5,Ledger!$B$7:$B$1006,"<="&$A15) -> 38920 | I15: =IF(S15=6,SUMPRODUCT(B15:G15,History!B15:G15),NA()) -> 466182.59 | J15: =SUM(H15:I15) -> 505102.59 | K15: =SUMIFS(Ledger!$L$7:$L$1006,Ledger!$C$7:$C$1006,Portfolio!$C$5,Ledger!$B$7:$B$1006,$A15) -> 0 | L15: =IF(A15<Holdings!$G$24,"",IF(A15=Holdings!$G$24,IF(K15>0,J15/K15-1,NA()),IF(J14>0,(J15-K15)/J14-1,NA()))) -> -0.0047232526 | M15: =IF(A15<Holdings!$G$24,"",IF(A15=Holdings!$G$24,100*(1+L15),M14*(1+L15))) -> 101.02052 | N15: =IF(A15<Holdings!$G$24,"",IF(A15=Holdings!$G$24,MAX(100,M15),MAX(N14,M15))) -> 101.59038 | O15: =IF(A15<Holdings!$G$24,"",M15/N15-1) -> -0.0056093954 | P15: =IF(A15<Holdings!$G$24,"",IF(History!H15>0,History!H15/INDEX(History!$H$7:$H$136,MATCH(Holdings!$G$24,History!$A$7:$A$136,0))*100,NA())) -> 100.23689 | Q15: =IF(A15<=Holdings!$G$24,"",P15/P14-1) -> -0.0025959271 | R15: =IF(A15>Portfolio!$J$5,0,-K15+IF(A15=Portfolio!$J$5,J15,0)) -> 0 | S15: =COUNTIFS(History!B15:G15,">0") -> 6 | T15: =TEXT(A15,"dd-mmm") -> 02-Apr | U15: =IF(AND(A15<=Portfolio!$J$5,A15>=Holdings!$G$24),O15,0) -> -0.0056093954 | V15: =IF(AND(A15>Holdings!$G$24,A15<=Portfolio!$J$5),L15,"") -> -0.0047232526 | W15: =IF(AND(A15>Holdings!$G$24,A15<=Portfolio!$J$5),Q15,"") -> -0.0025959271
A16: 46115 | B16: =SUMIFS(Ledger!$J$7:$J$1006,Ledger!$C$7:$C$1006,Portfolio!$C$5,Ledger!$E$7:$E$1006,History!B$6,Ledger!$B$7:$B$1006,"<="&$A16) -> 80 | C16: =SUMIFS(Ledger!$J$7:$J$1006,Ledger!$C$7:$C$1006,Portfolio!$C$5,Ledger!$E$7:$E$1006,History!C$6,Ledger!$B$7:$B$1006,"<="&$A16) -> 100 | D16: =SUMIFS(Ledger!$J$7:$J$1006,Ledger!$C$7:$C$1006,Portfolio!$C$5,Ledger!$E$7:$E$1006,History!D$6,Ledger!$B$7:$B$1006,"<="&$A16) -> 70 | E16: =SUMIFS(Ledger!$J$7:$J$1006,Ledger!$C$7:$C$1006,Portfolio!$C$5,Ledger!$E$7:$E$1006,History!E$6,Ledger!$B$7:$B$1006,"<="&$A16) -> 180 | F16: =SUMIFS(Ledger!$J$7:$J$1006,Ledger!$C$7:$C$1006,Portfolio!$C$5,Ledger!$E$7:$E$1006,History!F$6,Ledger!$B$7:$B$1006,"<="&$A16) -> 400 | G16: =SUMIFS(Ledger!$J$7:$J$1006,Ledger!$C$7:$C$1006,Portfolio!$C$5,Ledger!$E$7:$E$1006,History!G$6,Ledger!$B$7:$B$1006,"<="&$A16) -> 600 | H16: =SUMIFS(Ledger!$K$7:$K$1006,Ledger!$C$7:$C$1006,Portfolio!$C$5,Ledger!$B$7:$B$1006,"<="&$A16) -> 38920 | I16: =IF(S16=6,SUMPRODUCT(B16:G16,History!B16:G16),NA()) -> 461263.63 | J16: =SUM(H16:I16) -> 500183.63 | K16: =SUMIFS(Ledger!$L$7:$L$1006,Ledger!$C$7:$C$1006,Portfolio!$C$5,Ledger!$B$7:$B$1006,$A16) -> 0 | L16: =IF(A16<Holdings!$G$24,"",IF(A16=Holdings!$G$24,IF(K16>0,J16/K16-1,NA()),IF(J15>0,(J16-K16)/J15-1,NA()))) -> -0.0097385346 | M16: =IF(A16<Holdings!$G$24,"",IF(A16=Holdings!$G$24,100*(1+L16),M15*(1+L16))) -> 100.03673 | N16: =IF(A16<Holdings!$G$24,"",IF(A16=Holdings!$G$24,MAX(100,M16),MAX(N15,M16))) -> 101.59038 | O16: =IF(A16<Holdings!$G$24,"",M16/N16-1) -> -0.015293303 | P16: =IF(A16<Holdings!$G$24,"",IF(History!H16>0,History!H16/INDEX(History!$H$7:$H$136,MATCH(Holdings!$G$24,History!$A$7:$A$136,0))*100,NA())) -> 99.582566 | Q16: =IF(A16<=Holdings!$G$24,"",P16/P15-1) -> -0.0065277793 | R16: =IF(A16>Portfolio!$J$5,0,-K16+IF(A16=Portfolio!$J$5,J16,0)) -> 0 | S16: =COUNTIFS(History!B16:G16,">0") -> 6 | T16: =TEXT(A16,"dd-mmm") -> 03-Apr | U16: =IF(AND(A16<=Portfolio!$J$5,A16>=Holdings!$G$24),O16,0) -> -0.015293303 | V16: =IF(AND(A16>Holdings!$G$24,A16<=Portfolio!$J$5),L16,"") -> -0.0097385346 | W16: =IF(AND(A16>Holdings!$G$24,A16<=Portfolio!$J$5),Q16,"") -> -0.0065277793
A17: 46118 | B17: =SUMIFS(Ledger!$J$7:$J$1006,Ledger!$C$7:$C$1006,Portfolio!$C$5,Ledger!$E$7:$E$1006,History!B$6,Ledger!$B$7:$B$1006,"<="&$A17) -> 80 | C17: =SUMIFS(Ledger!$J$7:$J$1006,Ledger!$C$7:$C$1006,Portfolio!$C$5,Ledger!$E$7:$E$1006,History!C$6,Ledger!$B$7:$B$1006,"<="&$A17) -> 100 | D17: =SUMIFS(Ledger!$J$7:$J$1006,Ledger!$C$7:$C$1006,Portfolio!$C$5,Ledger!$E$7:$E$1006,History!D$6,Ledger!$B$7:$B$1006,"<="&$A17) -> 70 | E17: =SUMIFS(Ledger!$J$7:$J$1006,Ledger!$C$7:$C$1006,Portfolio!$C$5,Ledger!$E$7:$E$1006,History!E$6,Ledger!$B$7:$B$1006,"<="&$A17) -> 180 | F17: =SUMIFS(Ledger!$J$7:$J$1006,Ledger!$C$7:$C$1006,Portfolio!$C$5,Ledger!$E$7:$E$1006,History!F$6,Ledger!$B$7:$B$1006,"<="&$A17) -> 400 | G17: =SUMIFS(Ledger!$J$7:$J$1006,Ledger!$C$7:$C$1006,Portfolio!$C$5,Ledger!$E$7:$E$1006,History!G$6,Ledger!$B$7:$B$1006,"<="&$A17) -> 600 | H17: =SUMIFS(Ledger!$K$7:$K$1006,Ledger!$C$7:$C$1006,Portfolio!$C$5,Ledger!$B$7:$B$1006,"<="&$A17) -> 38920 | I17: =IF(S17=6,SUMPRODUCT(B17:G17,History!B17:G17),NA()) -> 459827.08 | J17: =SUM(H17:I17) -> 498747.08 | K17: =SUMIFS(Ledger!$L$7:$L$1006,Ledger!$C$7:$C$1006,Portfolio!$C$5,Ledger!$B$7:$B$1006,$A17) -> 0 | L17: =IF(A17<Holdings!$G$24,"",IF(A17=Holdings!$G$24,IF(K17>0,J17/K17-1,NA()),IF(J16>0,(J17-K17)/J16-1,NA()))) -> -0.0028720472 | M17: =IF(A17<Holdings!$G$24,"",IF(A17=Holdings!$G$24,100*(1+L17),M16*(1+L17))) -> 99.749415 | N17: =IF(A17<Holdings!$G$24,"",IF(A17=Holdings!$G$24,MAX(100,M17),MAX(N16,M17))) -> 101.59038 | O17: =IF(A17<Holdings!$G$24,"",M17/N17-1) -> -0.018121427 | P17: =IF(A17<Holdings!$G$24,"",IF(History!H17>0,History!H17/INDEX(History!$H$7:$H$136,MATCH(Holdings!$G$24,History!$A$7:$A$136,0))*100,NA())) -> 99.457097 | Q17: =IF(A17<=Holdings!$G$24,"",P17/P16-1) -> -0.0012599565 | R17: =IF(A17>Portfolio!$J$5,0,-K17+IF(A17=Portfolio!$J$5,J17,0)) -> 0 | S17: =COUNTIFS(History!B17:G17,">0") -> 6 | T17: =TEXT(A17,"dd-mmm") -> 06-Apr | U17: =IF(AND(A17<=Portfolio!$J$5,A17>=Holdings!$G$24),O17,0) -> -0.018121427 | V17: =IF(AND(A17>Holdings!$G$24,A17<=Portfolio!$J$5),L17,"") -> -0.0028720472 | W17: =IF(AND(A17>Holdings!$G$24,A17<=Portfolio!$J$5),Q17,"") -> -0.0012599565
A18: 46119 | B18: =SUMIFS(Ledger!$J$7:$J$1006,Ledger!$C$7:$C$1006,Portfolio!$C$5,Ledger!$E$7:$E$1006,History!B$6,Ledger!$B$7:$B$1006,"<="&$A18) -> 80 | C18: =SUMIFS(Ledger!$J$7:$J$1006,Ledger!$C$7:$C$1006,Portfolio!$C$5,Ledger!$E$7:$E$1006,History!C$6,Ledger!$B$7:$B$1006,"<="&$A18) -> 100 | D18: =SUMIFS(Ledger!$J$7:$J$1006,Ledger!$C$7:$C$1006,Portfolio!$C$5,Ledger!$E$7:$E$1006,History!D$6,Ledger!$B$7:$B$1006,"<="&$A18) -> 70 | E18: =SUMIFS(Ledger!$J$7:$J$1006,Ledger!$C$7:$C$1006,Portfolio!$C$5,Ledger!$E$7:$E$1006,History!E$6,Ledger!$B$7:$B$1006,"<="&$A18) -> 180 | F18: =SUMIFS(Ledger!$J$7:$J$1006,Ledger!$C$7:$C$1006,Portfolio!$C$5,Ledger!$E$7:$E$1006,History!F$6,Ledger!$B$7:$B$1006,"<="&$A18) -> 400 | G18: =SUMIFS(Ledger!$J$7:$J$1006,Ledger!$C$7:$C$1006,Portfolio!$C$5,Ledger!$E$7:$E$1006,History!G$6,Ledger!$B$7:$B$1006,"<="&$A18) -> 600 | H18: =SUMIFS(Ledger!$K$7:$K$1006,Ledger!$C$7:$C$1006,Portfolio!$C$5,Ledger!$B$7:$B$1006,"<="&$A18) -> 38920 | I18: =IF(S18=6,SUMPRODUCT(B18:G18,History!B18:G18),NA()) -> 462570.07 | J18: =SUM(H18:I18) -> 501490.07 | K18: =SUMIFS(Ledger!$L$7:$L$1006,Ledger!$C$7:$C$1006,Portfolio!$C$5,Ledger!$B$7:$B$1006,$A18) -> 0 | L18: =IF(A18<Holdings!$G$24,"",IF(A18=Holdings!$G$24,IF(K18>0,J18/K18-1,NA()),IF(J17>0,(J18-K18)/J17-1,NA()))) -> 0.0054997676 | M18: =IF(A18<Holdings!$G$24,"",IF(A18=Holdings!$G$24,100*(1+L18),M17*(1+L18))) -> 100.29801 | N18: =IF(A18<Holdings!$G$24,"",IF(A18=Holdings!$G$24,MAX(100,M18),MAX(N17,M18))) -> 101.59038 | O18: =IF(A18<Holdings!$G$24,"",M18/N18-1) -> -0.012721323 | P18: =IF(A18<Holdings!$G$24,"",IF(History!H18>0,History!H18/INDEX(History!$H$7:$H$136,MATCH(Holdings!$G$24,History!$A$7:$A$136,0))*100,NA())) -> 99.658942 | Q18: =IF(A18<=Holdings!$G$24,"",P18/P17-1) -> 0.0020294701 | R18: =IF(A18>Portfolio!$J$5,0,-K18+IF(A18=Portfolio!$J$5,J18,0)) -> 0 | S18: =COUNTIFS(History!B18:G18,">0") -> 6 | T18: =TEXT(A18,"dd-mmm") -> 07-Apr | U18: =IF(AND(A18<=Portfolio!$J$5,A18>=Holdings!$G$24),O18,0) -> -0.012721323 | V18: =IF(AND(A18>Holdings!$G$24,A18<=Portfolio!$J$5),L18,"") -> 0.0054997676 | W18: =IF(AND(A18>Holdings!$G$24,A18<=Portfolio!$J$5),Q18,"") -> 0.0020294701
A19: 46120 | B19: =SUMIFS(Ledger!$J$7:$J$1006,Ledger!$C$7:$C$1006,Portfolio!$C$5,Ledger!$E$7:$E$1006,History!B$6,Ledger!$B$7:$B$1006,"<="&$A19) -> 80 | C19: =SUMIFS(Ledger!$J$7:$J$1006,Ledger!$C$7:$C$1006,Portfolio!$C$5,Ledger!$E$7:$E$1006,History!C$6,Ledger!$B$7:$B$1006,"<="&$A19) -> 100 | D19: =SUMIFS(Ledger!$J$7:$J$1006,Ledger!$C$7:$C$1006,Portfolio!$C$5,Ledger!$E$7:$E$1006,History!D$6,Ledger!$B$7:$B$1006,"<="&$A19) -> 70 | E19: =SUMIFS(Ledger!$J$7:$J$1006,Ledger!$C$7:$C$1006,Portfolio!$C$5,Ledger!$E$7:$E$1006,History!E$6,Ledger!$B$7:$B$1006,"<="&$A19) -> 180 | F19: =SUMIFS(Ledger!$J$7:$J$1006,Ledger!$C$7:$C$1006,Portfolio!$C$5,Ledger!$E$7:$E$1006,History!F$6,Ledger!$B$7:$B$1006,"<="&$A19) -> 400 | G19: =SUMIFS(Ledger!$J$7:$J$1006,Ledger!$C$7:$C$1006,Portfolio!$C$5,Ledger!$E$7:$E$1006,History!G$6,Ledger!$B$7:$B$1006,"<="&$A19) -> 600 | H19: =SUMIFS(Ledger!$K$7:$K$1006,Ledger!$C$7:$C$1006,Portfolio!$C$5,Ledger!$B$7:$B$1006,"<="&$A19) -> 38920 | I19: =IF(S19=6,SUMPRODUCT(B19:G19,History!B19:G19),NA()) -> 459775.11 | J19: =SUM(H19:I19) -> 498695.11 | K19: =SUMIFS(Ledger!$L$7:$L$1006,Ledger!$C$7:$C$1006,Portfolio!$C$5,Ledger!$B$7:$B$1006,$A19) -> 0 | L19: =IF(A19<Holdings!$G$24,"",IF(A19=Holdings!$G$24,IF(K19>0,J19/K19-1,NA()),IF(J18>0,(J19-K19)/J18-1,NA()))) -> -0.0055733048 | M19: =IF(A19<Holdings!$G$24,"",IF(A19=Holdings!$G$24,100*(1+L19),M18*(1+L19))) -> 99.739023 | N19: =IF(A19<Holdings!$G$24,"",IF(A19=Holdings!$G$24,MAX(100,M19),MAX(N18,M19))) -> 101.59038 | O19: =IF(A19<Holdings!$G$24,"",M19/N19-1) -> -0.018223728 | P19: =IF(A19<Holdings!$G$24,"",IF(History!H19>0,History!H19/INDEX(History!$H$7:$H$136,MATCH(Holdings!$G$24,History!$A$7:$A$136,0))*100,NA())) -> 99.216425 | Q19: =IF(A19<=Holdings!$G$24,"",P19/P18-1) -> -0.0044403161 | R19: =IF(A19>Portfolio!$J$5,0,-K19+IF(A19=Portfolio!$J$5,J19,0)) -> 0 | S19: =COUNTIFS(History!B19:G19,">0") -> 6 | T19: =TEXT(A19,"dd-mmm") -> 08-Apr | U19: =IF(AND(A19<=Portfolio!$J$5,A19>=Holdings!$G$24),O19,0) -> -0.018223728 | V19: =IF(AND(A19>Holdings!$G$24,A19<=Portfolio!$J$5),L19,"") -> -0.0055733048 | W19: =IF(AND(A19>Holdings!$G$24,A19<=Portfolio!$J$5),Q19,"") -> -0.0044403161
... A136: 46283 | B136: =SUMIFS(Ledger!$J$7:$J$1006,Ledger!$C$7:$C$1006,Portfolio!$C$5,Ledger!$E$7:$E$1006,History!B$6,Ledger!$B$7:$B$1006,"<="&$A136) -> 90 | C136: =SUMIFS(Ledger!$J$7:$J$1006,Ledger!$C$7:$C$1006,Portfolio!$C$5,Ledger!$E$7:$E$1006,History!C$6,Ledger!$B$7:$B$1006,"<="&$A136) -> 220 | D136: =SUMIFS(Ledger!$J$7:$J$1006,Ledger!$C$7:$C$1006,Portfolio!$C$5,Ledger!$E$7:$E$1006,History!D$6,Ledger!$B$7:$B$1006,"<="&$A136) -> 80 | E136: =SUMIFS(Ledger!$J$7:$J$1006,Ledger!$C$7:$C$1006,Portfolio!$C$5,Ledger!$E$7:$E$1006,History!E$6,Ledger!$B$7:$B$1006,"<="&$A136) -> 130 | F136: =SUMIFS(Ledger!$J$7:$J$1006,Ledger!$C$7:$C$1006,Portfolio!$C$5,Ledger!$E$7:$E$1006,History!F$6,Ledger!$B$7:$B$1006,"<="&$A136) -> 480 | G136: =SUMIFS(Ledger!$J$7:$J$1006,Ledger!$C$7:$C$1006,Portfolio!$C$5,Ledger!$E$7:$E$1006,History!G$6,Ledger!$B$7:$B$1006,"<="&$A136) -> 600 | H136: =SUMIFS(Ledger!$K$7:$K$1006,Ledger!$C$7:$C$1006,Portfolio!$C$5,Ledger!$B$7:$B$1006,"<="&$A136) -> 49454.401 | I136: =IF(S136=6,SUMPRODUCT(B136:G136,History!B136:G136),NA()) -> 477459.59 | J136: =SUM(H136:I136) -> 526914 | K136: =SUMIFS(Ledger!$L$7:$L$1006,Ledger!$C$7:$C$1006,Portfolio!$C$5,Ledger!$B$7:$B$1006,$A136) -> 0 | L136: =IF(A136<Holdings!$G$24,"",IF(A136=Holdings!$G$24,IF(K136>0,J136/K136-1,NA()),IF(J135>0,(J136-K136)/J135-1,NA()))) -> -0.0076813761 | M136: =IF(A136<Holdings!$G$24,"",IF(A136=Holdings!$G$24,100*(1+L136),M135*(1+L136))) -> 98.282376 | N136: =IF(A136<Holdings!$G$24,"",IF(A136=Holdings!$G$24,MAX(100,M136),MAX(N135,M136))) -> 102.94362 | O136: =IF(A136<Holdings!$G$24,"",M136/N136-1) -> -0.045279569 | P136: =IF(A136<Holdings!$G$24,"",IF(History!H136>0,History!H136/INDEX(History!$H$7:$H$136,MATCH(Holdings!$G$24,History!$A$7:$A$136,0))*100,NA())) -> 96.624134 | Q136: =IF(A136<=Holdings!$G$24,"",P136/P135-1) -> -0.0054953009 | R136: =IF(A136>Portfolio!$J$5,0,-K136+IF(A136=Portfolio!$J$5,J136,0)) -> 526914 | S136: =COUNTIFS(History!B136:G136,">0") -> 6 | T136: =TEXT(A136,"dd-mmm") -> 18-Sep | U136: =IF(AND(A136<=Portfolio!$J$5,A136>=Holdings!$G$24),O136,0) -> -0.045279569 | V136: =IF(AND(A136>Holdings!$G$24,A136<=Portfolio!$J$5),L136,"") -> -0.0076813761 | W136: =IF(AND(A136>Holdings!$G$24,A136<=Portfolio!$J$5),Q136,"") -> -0.0054953009

Sheet History
A2: Synthetic price history
A4: Fictional prices. Weekday simulation calendar; not NSE trading history.
A6: Date | B6: SYN_BANK | C6: SYN_TECH | D6: SYN_HEALTH | E6: SYN_INDUSTRY | F6: SYN_BROAD_ETF | G6: SYN_BOND_ETF | H6: BENCH | K6: Instrument | L6: Name | M6: Type | N6: Sector
A7: 46104 | B7: 550 | C7: 1200 | D7: 850 | E7: 430 | F7: 250 | G7: 100 | H7: 1000 | K7: SYN_BANK | L7: Demo Bank | M7: Stock | N7: Banking
A8: 46105 | B8: 553.2661 | C8: 1220.826 | D8: 859.2402 | E8: 431.4914 | F8: 251.8348 | G8: 100.0858 | H8: 1007.209 | K8: SYN_TECH | L8: Demo Technology | M8: Stock | N8: Technology
A9: 46106 | B9: 550.6827 | C9: 1212.2826 | D9: 852.0129 | E9: 430.7487 | F9: 251.6286 | G9: 100.2046 | H9: 1008.5809 | K9: SYN_HEALTH | L9: Demo Healthcare | M9: Stock | N9: Healthcare
A10: 46107 | B10: 554.2582 | C10: 1223.3541 | D10: 862.6971 | E10: 434.3783 | F10: 253.8152 | G10: 100.2137 | H10: 1016.3115 | K10: SYN_INDUSTRY | L10: Demo Industry | M10: Stock | N10: Industrials
A11: 46108 | B11: 550.762 | C11: 1236.7342 | D11: 858.4144 | E11: 433.9488 | F11: 253.0659 | G11: 100.2237 | H11: 1013.9548 | K11: SYN_BROAD_ETF | L11: Demo Broad ETF | M11: ETF | N11: Diversified equity
A12: 46111 | B12: 549.211 | C12: 1235.6043 | D12: 859.7341 | E12: 434.0516 | F12: 253.0264 | G12: 100.2652 | H12: 1012.5893 | K12: SYN_BOND_ETF | L12: Demo Bond ETF | M12: ETF | N12: Fixed income
A13: 46112 | B13: 554.8743 | C13: 1251.5308 | D13: 852.313 | E13: 436.9542 | F13: 252.3518 | G13: 100.3908 | H13: 1009.4062
A14: 46113 | B14: 551.067 | C14: 1254.5781 | D14: 855.066 | E14: 435.0877 | F14: 251.4417 | G14: 100.4823 | H14: 1004.9778
A15: 46114 | B15: 547.1249 | C15: 1248.6719 | D15: 853.2241 | E15: 428.4781 | F15: 251.1859 | G15: 100.3655 | H15: 1002.3689 | K15: Source: deterministic synthetic dataset v1.
A16: 46115 | B16: 550.7101 | C16: 1225.3833 | D16: 846.3616 | E16: 418.5711 | F16: 249.905 | G16: 100.1973 | H16: 995.82566
A17: 46118 | B17: 547.2516 | C17: 1221.0833 | D17: 843.4045 | E17: 416.4298 | F17: 249.5878 | G17: 100.1797 | H17: 994.57097 | K17: BENCH is a fictional total-return index.
A18: 46119 | B18: 549.0846 | C18: 1225.4286 | D18: 850.103 | E18: 423.3374 | F18: 250.5704 | G18: 100.2739 | H18: 996.58942
A19: 46120 | B19: 544.039 | C19: 1209.5274 | D19: 837.2997 | E19: 424.7413 | F19: 250.0711 | G19: 100.344 | H19: 992.16425 | K19: Prices are raw: the split and dividend affect the price path.
A20: 46121 | B20: 545.4062 | C20: 1215.9159 | D20: 839.127 | E20: 428.9209 | F20: 250.2402 | G20: 100.5633 | H20: 990.94466
A21: 46122 | B21: 538.5348 | C21: 1201.9039 | D21: 833.1458 | E21: 427.7294 | F21: 249.3213 | G21: 100.5699 | H21: 985.99512 | K21: No prices, transactions or names represent actual investments.
A22: 46125 | B22: 525.8261 | C22: 1215.224 | D22: 836.4169 | E22: 423.718 | F22: 247.813 | G22: 100.5634 | H22: 979.68122
A23: 46126 | B23: 531.8491 | C23: 1214.1178 | D23: 839.2828 | E23: 426.2923 | F23: 249.2477 | G23: 100.5509 | H23: 983.65433
A24: 46127 | B24: 528.6601 | C24: 1206.0775 | D24: 830.3301 | E24: 420.5709 | F24: 249.4781 | G24: 100.4606 | H24: 984.74649
A25: 46128 | B25: 528.7717 | C25: 1218.5278 | D25: 835.6323 | E25: 428.3747 | F25: 250.5645 | G25: 100.5498 | H25: 987.54352
A26: 46129 | B26: 528.0517 | C26: 1223.9805 | D26: 835.8926 | E26: 423.7047 | F26: 250.3676 | G26: 100.5003 | H26: 988.54472
A27: 46132 | B27: 524.8951 | C27: 1197.259 | D27: 826.6276 | E27: 421.8791 | F27: 249.2095 | G27: 100.3258 | H27: 977.84281
A28: 46133 | B28: 522.8731 | C28: 1198.1204 | D28: 836.8501 | E28: 424.1701 | F28: 249.3217 | G28: 100.3484 | H28: 978.30249
A29: 46134 | B29: 523.2407 | C29: 1198.6506 | D29: 837.5272 | E29: 422.8499 | F29: 249.5965 | G29: 100.3863 | H29: 974.78269
A30: 46135 | B30: 520.3884 | C30: 1194.9615 | D30: 834.269 | E30: 419.3808 | F30: 249.5251 | G30: 100.2829 | H30: 971.79288
A31: 46136 | B31: 521.2058 | C31: 1211.8351 | D31: 837.6814 | E31: 423.2567 | F31: 250.503 | G31: 100.2155 | H31: 973.28269
A32: 46139 | B32: 515.2597 | C32: 1183.4147 | D32: 829.1212 | E32: 419.2954 | F32: 248.1413 | G32: 100.2922 | H32: 965.37744
A33: 46140 | B33: 519.6344 | C33: 1203.0546 | D33: 832.62 | E33: 422.0998 | F33: 249.9121 | G33: 100.3948 | H33: 973.03479
... A136: 46283 | B136: 547.4307 | C136: 522.9475 | D136: 859.5599 | E136: 453.3229 | F136: 256.7424 | G136: 103.6821 | H136: 966.24134

Sheet Quotes
A2: Synthetic quote snapshot
A4: Five-minute baseline. Followed stocks have an independent one-minute query on FastQuotes. Synthetic data.
A6: Instrument | B6: Price | C6: ObservedAt | D6: RefreshedAt
A7: SYN_BANK | B7: 547.4307 | C7: 46283.646 | D7: 46302.619
A8: SYN_TECH | B8: 522.9475 | C8: 46283.646 | D8: 46302.619
A9: SYN_HEALTH | B9: 859.5599 | C9: 46283.646 | D9: 46302.619
A10: SYN_INDUSTRY | B10: 453.3229 | C10: 46283.646 | D10: 46302.619
A11: SYN_BROAD_ETF | B11: 256.7424 | C11: 46283.646 | D11: 46302.619
A12: SYN_BOND_ETF | B12: 103.6821 | C12: 46283.646 | D12: 46302.619

Sheet FastQuotes
A2: Followed quote snapshots
A4: One-minute query output. Follow flags and notes stay on Watchlist. Synthetic source only.
A6: Instrument | B6: Price | C6: ObservedAt | D6: RefreshedAt | E6: FollowSet | F6: Status | G6: AttemptedAt
A7: SYN_BANK | B7: 547.4307 | C7: 46283.646 | D7: 46302.619 | E7: SYN_BANK|SYN_TECH| | F7: OK | G7: 46302.619
A8: SYN_TECH | B8: 522.9475 | C8: 46283.646 | D8: 46302.619 | E8: SYN_BANK|SYN_TECH| | F8: OK | G8: 46302.619

Sheet Checks
A2: Accounting checks
A4: These checks observe the model. They do not supply its calculations.
A6: Check | B6: Observed | C6: Expected | D6: Result
A7: Value reconciliation | B7: =Holdings!G16-INDEX(Daily!$J$7:$J$136,MATCH(Portfolio!$J$5,Daily!$A$7:$A$136,0)) -> 0 | C7: 0 | D7: =IF(ABS(B7-C7)<=0.01,"OK","Review") -> OK
A8: Transaction record issues | B8: =COUNTIFS(Ledger!$S$7:$S$1006,"Review*") -> 0 | C8: 0 | D8: =IF(B8=C8,"OK","Review") -> OK
A9: Price observations per date | B9: =MIN(Daily!$S$7:$S$136) -> 6 | C9: 6 | D9: =IF(B9=C9,"OK","Review") -> OK
A10: Allocation incl. cash | B10: =SUM(Holdings!H7:H12)+Holdings!G15/Holdings!G16 -> 1 | C10: 1 | D10: =IF(ABS(B10-C10)<0.000001,"OK","Review") -> OK
A11: P&L reconciliation | B11: =Holdings!G19-SUM(Holdings!J7:L12)+SUMIFS(Ledger!$H$7:$H$1006,Ledger!$C$7:$C$1006,Portfolio!$C$5,Ledger!$D$7:$D$1006,"FEE",Ledger!$B$7:$B$1006,"<="&Portfolio!$J$5)+SUMIFS(Ledger!$I$7:$I$1006,Ledger!$C$7:$C$1006,Portfolio!$C$5,Ledger!$D$7:$D$1006,"DIVIDEND",Ledger!$B$7:$B$1006,"<="&Portfolio!$J$5)+SUMIFS(Ledger!$I$7:$I$1006,Ledger!$C$7:$C$1006,Portfolio!$C$5,Ledger!$D$7:$D$1006,"FEE",Ledger!$B$7:$B$1006,"<="&Portfolio!$J$5) -> 1.4370016e-10 | C11: 0 | D11: =IF(ABS(B11-C11)<=0.01,"OK","Review") -> OK

Sheet Guide
A2: Using the demonstration
A4: Standard .xlsx. No Python, macros, add-ins, brokerage account or network connection is needed.
A6: Topic | B6: Explanation
A7: Purpose | B7: Explore an auditable portfolio workflow using simulated data. All financial results are synthetic.
A8: Start | B8: On Portfolio choose Model or Practice and a valuation date. Charts and calculations update.
A9: Edit | B9: On Import edit or append rows within the DemoEvents table. Choose Data > Refresh All.
A10: Refresh | B10: CleanTransactions and QuoteSnapshot are local Power Query connections, set to refresh every five minutes while Excel is open.
A11: Enable content | B11: If Excel asks, enable data connections only for this trusted local demonstration. It makes no network requests.
A12: Duplicates | B12: Identical repeated rows are ignored. Conflicting records with the same EventID stop the import.
A13: Failed import | B13: Changed or removed inputs that do not match the loaded ledger show Refresh required on Portfolio. Failed queries retain last-good data.
A14: Capacity | B14: The demo supports up to 1,000 ledger events and the supplied 130 weekday dates. Extend the model deliberately for longer history.
A15: Event fields | B15: BUY/SELL: positive Quantity and Price, nonnegative Fees. Cash events use positive Amount. Unused numeric fields are zero.
A16: Transfer charges | B16: Enter transfer or corporate-action charges as a separate FEE event. Nonzero Fees on DEPOSIT/WITHDRAW/SPLIT/BONUS are rejected.
A17: Corporate actions | B17: SPLIT/BONUS Quantity is the incremental number of shares, not the split ratio. No cash or cost basis is added.
... A32: Try a change | B32: Increase a BUY fee on Transactions, refresh, and inspect cash, cost basis and returns. Restore it before comparing with baseline results.
A36: Watchlist refresh: Follow = Yes uses the one-minute query; No uses five-minute monitoring. Data > Refresh All updates both.
A38: Follow flags and notes are saved inputs. Changed membership is pending until the next followed refresh. All-No is valid.
A40: One-minute and five-minute intervals are scheduled refreshes while Excel is open, not guaranteed market-data latency.

Sheet Watchlist
B2: My watchlist | N2: =IF(COUNTIFS(WatchSettings[Instrument],"SYN_BANK",WatchSettings[Follow],"Yes")>0,"SYN_BANK|","")&IF(COUNTIFS(WatchSettings[Instrument],"SYN_BOND_ETF",WatchSettings[Follow],"Yes")>0,"SYN_BOND_ETF|","")&IF(COUNTIFS(WatchSettings[Instrument],"SYN_BROAD_ETF",WatchSettings[Follow],"Yes")>0,"SYN_BROAD_ETF|","")&IF(COUNTIFS(WatchSettings[Instrument],"SYN_HEALTH",WatchSettings[Follow],"Yes")>0,"SYN_HEALTH|","")&IF(COUNTIFS(WatchSettings[Instrument],"SYN_INDUSTRY",WatchSettings[Follow],"Yes")>0,"SYN_INDUSTRY|","")&IF(COUNTIFS(WatchSettings[Instrument],"SYN_TECH",WatchSettings[Follow],"Yes")>0,"SYN_TECH|","") -> SYN_BANK|SYN_TECH|
B3: Holdings | D3: Transactions | E3: Headlines | F3: Portfolio | G3: Trade plan | H3: Stock view | I3: Help
B5: DEMO DATA | Prices as at 18 Sep 2026 15:30 IST. Market prices are not connected.
A7: Instrument | B7: Stock / ETF | C7: Follow | D7: Price (INR) | E7: Day change | F7: Refresh | G7: Updated | H7: Status | I7: Notes | J7: Price observed | K7: Quote source | N7: SlowPrice | O7: SlowObserved | P7: SlowRefreshed | Q7: FastPrice | R7: FastObserved | S7: FastRefreshed | T7: FastKey | U7: UseFast | V7: FastStatus | W7: InputValid | X7: RawStatus
A8: SYN_BANK | B8: =IFERROR(INDEX(DemoInstruments[Name],MATCH(A8,DemoInstruments[Instrument],0)),"Unknown stock") -> Demo Bank | C8: Yes | D8: =IF(NOT(W8),"",IF(U8,Q8,IF(N8>0,N8,""))) -> 547.4307 | E8: =IFERROR(IF(ISNUMBER(D8),D8/INDEX(History!$B$135:$G$135,1,MATCH(A8,History!$B$6:$G$6,0))-1,""),"") -> -0.011060722 | F8: =IF(W8,IF(C8="Yes",1,5),"") -> 1 | G8: =IF(NOT(W8),"",IF(U8,S8,IF(P8>0,P8,""))) -> 46302.619 | H8: =IF(X8="Synthetic snapshot","Demo price",IF(X8="Follow change: refresh","Waiting for update",IF(X8="Fast quote unavailable","Using 5-min backup",IF(X8="Fast refresh overdue","1-min update overdue",IF(X8="Unknown demo instrument","Unknown stock code",IF(X8="Duplicate instrument","Duplicate stock",X8)))))) -> Demo price | I8: Followed example | J8: =IF(NOT(W8),"",IF(U8,R8,IF(O8>0,O8,""))) -> 46283.646 | K8: =IF(NOT(W8),"",IF(U8,"1-min",IF(N8>0,"5-min","None"))) -> 1-min | N8: =IFERROR(INDEX(QuoteData[Price],MATCH(A8,QuoteData[Instrument],0)),0) -> 547.4307 | O8: =IFERROR(INDEX(QuoteData[ObservedAt],MATCH(A8,QuoteData[Instrument],0)),0) -> 46283.646 | P8: =IFERROR(INDEX(QuoteData[RefreshedAt],MATCH(A8,QuoteData[Instrument],0)),0) -> 46302.619 | Q8: =IFERROR(INDEX(FastQuoteData[Price],MATCH(A8,FastQuoteData[Instrument],0)),0) -> 547.4307 | R8: =IFERROR(INDEX(FastQuoteData[ObservedAt],MATCH(A8,FastQuoteData[Instrument],0)),0) -> 46283.646 | S8: =IFERROR(INDEX(FastQuoteData[RefreshedAt],MATCH(A8,FastQuoteData[Instrument],0)),0) -> 46302.619 | T8: =IFERROR(INDEX(FastQuoteData[FollowSet],MATCH(A8,FastQuoteData[Instrument],0)),"") -> SYN_BANK|SYN_TECH| | U8: =AND(W8,C8="Yes",T8=FollowSelection,V8="OK",Q8>0,OR(R8>O8,AND(R8=O8,S8>=P8))) -> TRUE | V8: =IFERROR(INDEX(FastQuoteData[Status],MATCH(A8,FastQuoteData[Instrument],0)),"Missing") -> OK | W8: =AND(COUNTIF(DemoInstruments[Instrument],A8)=1,COUNTIF(WatchSettings[Instrument],A8)=1,OR(C8="Yes",C8="No")) -> TRUE | X8: =IF(COUNTIF(DemoInstruments[Instrument],A8)<>1,"Unknown demo instrument",IF(COUNTIF(WatchSettings[Instrument],A8)<>1,"Duplicate instrument",IF(NOT(OR(C8="Yes",C8="No")),"Choose Yes/No",IF(NOT(ISNUMBER(D8)),"Quote unavailable",IF(AND(C8="Yes",T8<>FollowSelection),"Follow change: refresh",IF(AND(C8="Yes",V8<>"OK"),"Fast quote unavailable",IF(AND(C8="Yes",(NOW()-S8)*1440>2),"Fast refresh overdue",IF((NOW()-G8)*1440>IF(C8="Yes",2,6),"Refresh overdue","Synthetic snapshot")))))))) -> Synthetic snapshot
A9: SYN_TECH | B9: =IFERROR(INDEX(DemoInstruments[Name],MATCH(A9,DemoInstruments[Instrument],0)),"Unknown stock") -> Demo Technology | C9: Yes | D9: =IF(NOT(W9),"",IF(U9,Q9,IF(N9>0,N9,""))) -> 522.9475 | E9: =IFERROR(IF(ISNUMBER(D9),D9/INDEX(History!$B$135:$G$135,1,MATCH(A9,History!$B$6:$G$6,0))-1,""),"") -> -0.012518295 | F9: =IF(W9,IF(C9="Yes",1,5),"") -> 1 | G9: =IF(NOT(W9),"",IF(U9,S9,IF(P9>0,P9,""))) -> 46302.619 | H9: =IF(X9="Synthetic snapshot","Demo price",IF(X9="Follow change: refresh","Waiting for update",IF(X9="Fast quote unavailable","Using 5-min backup",IF(X9="Fast refresh overdue","1-min update overdue",IF(X9="Unknown demo instrument","Unknown stock code",IF(X9="Duplicate instrument","Duplicate stock",X9)))))) -> Demo price | I9: Followed example | J9: =IF(NOT(W9),"",IF(U9,R9,IF(O9>0,O9,""))) -> 46283.646 | K9: =IF(NOT(W9),"",IF(U9,"1-min",IF(N9>0,"5-min","None"))) -> 1-min | N9: =IFERROR(INDEX(QuoteData[Price],MATCH(A9,QuoteData[Instrument],0)),0) -> 522.9475 | O9: =IFERROR(INDEX(QuoteData[ObservedAt],MATCH(A9,QuoteData[Instrument],0)),0) -> 46283.646 | P9: =IFERROR(INDEX(QuoteData[RefreshedAt],MATCH(A9,QuoteData[Instrument],0)),0) -> 46302.619 | Q9: =IFERROR(INDEX(FastQuoteData[Price],MATCH(A9,FastQuoteData[Instrument],0)),0) -> 522.9475 | R9: =IFERROR(INDEX(FastQuoteData[ObservedAt],MATCH(A9,FastQuoteData[Instrument],0)),0) -> 46283.646 | S9: =IFERROR(INDEX(FastQuoteData[RefreshedAt],MATCH(A9,FastQuoteData[Instrument],0)),0) -> 46302.619 | T9: =IFERROR(INDEX(FastQuoteData[FollowSet],MATCH(A9,FastQuoteData[Instrument],0)),"") -> SYN_BANK|SYN_TECH| | U9: =AND(W9,C9="Yes",T9=FollowSelection,V9="OK",Q9>0,OR(R9>O9,AND(R9=O9,S9>=P9))) -> TRUE | V9: =IFERROR(INDEX(FastQuoteData[Status],MATCH(A9,FastQuoteData[Instrument],0)),"Missing") -> OK | W9: =AND(COUNTIF(DemoInstruments[Instrument],A9)=1,COUNTIF(WatchSettings[Instrument],A9)=1,OR(C9="Yes",C9="No")) -> TRUE | X9: =IF(COUNTIF(DemoInstruments[Instrument],A9)<>1,"Unknown demo instrument",IF(COUNTIF(WatchSettings[Instrument],A9)<>1,"Duplicate instrument",IF(NOT(OR(C9="Yes",C9="No")),"Choose Yes/No",IF(NOT(ISNUMBER(D9)),"Quote unavailable",IF(AND(C9="Yes",T9<>FollowSelection),"Follow change: refresh",IF(AND(C9="Yes",V9<>"OK"),"Fast quote unavailable",IF(AND(C9="Yes",(NOW()-S9)*1440>2),"Fast refresh overdue",IF((NOW()-G9)*1440>IF(C9="Yes",2,6),"Refresh overdue","Synthetic snapshot")))))))) -> Synthetic snapshot
A10: SYN_HEALTH | B10: =IFERROR(INDEX(DemoInstruments[Name],MATCH(A10,DemoInstruments[Instrument],0)),"Unknown stock") -> Demo Healthcare | C10: No | D10: =IF(NOT(W10),"",IF(U10,Q10,IF(N10>0,N10,""))) -> 859.5599 | E10: =IFERROR(IF(ISNUMBER(D10),D10/INDEX(History!$B$135:$G$135,1,MATCH(A10,History!$B$6:$G$6,0))-1,""),"") -> -0.0076472222 | F10: =IF(W10,IF(C10="Yes",1,5),"") -> 5 | G10: =IF(NOT(W10),"",IF(U10,S10,IF(P10>0,P10,""))) -> 46302.619 | H10: =IF(X10="Synthetic snapshot","Demo price",IF(X10="Follow change: refresh","Waiting for update",IF(X10="Fast quote unavailable","Using 5-min backup",IF(X10="Fast refresh overdue","1-min update overdue",IF(X10="Unknown demo instrument","Unknown stock code",IF(X10="Duplicate instrument","Duplicate stock",X10)))))) -> Demo price | J10: =IF(NOT(W10),"",IF(U10,R10,IF(O10>0,O10,""))) -> 46283.646 | K10: =IF(NOT(W10),"",IF(U10,"1-min",IF(N10>0,"5-min","None"))) -> 5-min | N10: =IFERROR(INDEX(QuoteData[Price],MATCH(A10,QuoteData[Instrument],0)),0) -> 859.5599 | O10: =IFERROR(INDEX(QuoteData[ObservedAt],MATCH(A10,QuoteData[Instrument],0)),0) -> 46283.646 | P10: =IFERROR(INDEX(QuoteData[RefreshedAt],MATCH(A10,QuoteData[Instrument],0)),0) -> 46302.619 | Q10: =IFERROR(INDEX(FastQuoteData[Price],MATCH(A10,FastQuoteData[Instrument],0)),0) -> 0 | R10: =IFERROR(INDEX(FastQuoteData[ObservedAt],MATCH(A10,FastQuoteData[Instrument],0)),0) -> 0 | S10: =IFERROR(INDEX(FastQuoteData[RefreshedAt],MATCH(A10,FastQuoteData[Instrument],0)),0) -> 0 | T10: =IFERROR(INDEX(FastQuoteData[FollowSet],MATCH(A10,FastQuoteData[Instrument],0)),"") | U10: =AND(W10,C10="Yes",T10=FollowSelection,V10="OK",Q10>0,OR(R10>O10,AND(R10=O10,S10>=P10))) -> FALSE | V10: =IFERROR(INDEX(FastQuoteData[Status],MATCH(A10,FastQuoteData[Instrument],0)),"Missing") -> Missing | W10: =AND(COUNTIF(DemoInstruments[Instrument],A10)=1,COUNTIF(WatchSettings[Instrument],A10)=1,OR(C10="Yes",C10="No")) -> TRUE | X10: =IF(COUNTIF(DemoInstruments[Instrument],A10)<>1,"Unknown demo instrument",IF(COUNTIF(WatchSettings[Instrument],A10)<>1,"Duplicate instrument",IF(NOT(OR(C10="Yes",C10="No")),"Choose Yes/No",IF(NOT(ISNUMBER(D10)),"Quote unavailable",IF(AND(C10="Yes",T10<>FollowSelection),"Follow change: refresh",IF(AND(C10="Yes",V10<>"OK"),"Fast quote unavailable",IF(AND(C10="Yes",(NOW()-S10)*1440>2),"Fast refresh overdue",IF((NOW()-G10)*1440>IF(C10="Yes",2,6),"Refresh overdue","Synthetic snapshot")))))))) -> Synthetic snapshot
A11: SYN_INDUSTRY | B11: =IFERROR(INDEX(DemoInstruments[Name],MATCH(A11,DemoInstruments[Instrument],0)),"Unknown stock") -> Demo Industry | C11: No | D11: =IF(NOT(W11),"",IF(U11,Q11,IF(N11>0,N11,""))) -> 453.3229 | E11: =IFERROR(IF(ISNUMBER(D11),D11/INDEX(History!$B$135:$G$135,1,MATCH(A11,History!$B$6:$G$6,0))-1,""),"") -> -0.014740117 | F11: =IF(W11,IF(C11="Yes",1,5),"") -> 5 | G11: =IF(NOT(W11),"",IF(U11,S11,IF(P11>0,P11,""))) -> 46302.619 | H11: =IF(X11="Synthetic snapshot","Demo price",IF(X11="Follow change: refresh","Waiting for update",IF(X11="Fast quote unavailable","Using 5-min backup",IF(X11="Fast refresh overdue","1-min update overdue",IF(X11="Unknown demo instrument","Unknown stock code",IF(X11="Duplicate instrument","Duplicate stock",X11)))))) -> Demo price | J11: =IF(NOT(W11),"",IF(U11,R11,IF(O11>0,O11,""))) -> 46283.646 | K11: =IF(NOT(W11),"",IF(U11,"1-min",IF(N11>0,"5-min","None"))) -> 5-min | N11: =IFERROR(INDEX(QuoteData[Price],MATCH(A11,QuoteData[Instrument],0)),0) -> 453.3229 | O11: =IFERROR(INDEX(QuoteData[ObservedAt],MATCH(A11,QuoteData[Instrument],0)),0) -> 46283.646 | P11: =IFERROR(INDEX(QuoteData[RefreshedAt],MATCH(A11,QuoteData[Instrument],0)),0) -> 46302.619 | Q11: =IFERROR(INDEX(FastQuoteData[Price],MATCH(A11,FastQuoteData[Instrument],0)),0) -> 0 | R11: =IFERROR(INDEX(FastQuoteData[ObservedAt],MATCH(A11,FastQuoteData[Instrument],0)),0) -> 0 | S11: =IFERROR(INDEX(FastQuoteData[RefreshedAt],MATCH(A11,FastQuoteData[Instrument],0)),0) -> 0 | T11: =IFERROR(INDEX(FastQuoteData[FollowSet],MATCH(A11,FastQuoteData[Instrument],0)),"") | U11: =AND(W11,C11="Yes",T11=FollowSelection,V11="OK",Q11>0,OR(R11>O11,AND(R11=O11,S11>=P11))) -> FALSE | V11: =IFERROR(INDEX(FastQuoteData[Status],MATCH(A11,FastQuoteData[Instrument],0)),"Missing") -> Missing | W11: =AND(COUNTIF(DemoInstruments[Instrument],A11)=1,COUNTIF(WatchSettings[Instrument],A11)=1,OR(C11="Yes",C11="No")) -> TRUE | X11: =IF(COUNTIF(DemoInstruments[Instrument],A11)<>1,"Unknown demo instrument",IF(COUNTIF(WatchSettings[Instrument],A11)<>1,"Duplicate instrument",IF(NOT(OR(C11="Yes",C11="No")),"Choose Yes/No",IF(NOT(ISNUMBER(D11)),"Quote unavailable",IF(AND(C11="Yes",T11<>FollowSelection),"Follow change: refresh",IF(AND(C11="Yes",V11<>"OK"),"Fast quote unavailable",IF(AND(C11="Yes",(NOW()-S11)*1440>2),"Fast refresh overdue",IF((NOW()-G11)*1440>IF(C11="Yes",2,6),"Refresh overdue","Synthetic snapshot")))))))) -> Synthetic snapshot
A12: SYN_BROAD_ETF | B12: =IFERROR(INDEX(DemoInstruments[Name],MATCH(A12,DemoInstruments[Instrument],0)),"Unknown stock") -> Demo Broad ETF | C12: No | D12: =IF(NOT(W12),"",IF(U12,Q12,IF(N12>0,N12,""))) -> 256.7424 | E12: =IFERROR(IF(ISNUMBER(D12),D12/INDEX(History!$B$135:$G$135,1,MATCH(A12,History!$B$6:$G$6,0))-1,""),"") -> -0.0049874181 | F12: =IF(W12,IF(C12="Yes",1,5),"") -> 5 | G12: =IF(NOT(W12),"",IF(U12,S12,IF(P12>0,P12,""))) -> 46302.619 | H12: =IF(X12="Synthetic snapshot","Demo price",IF(X12="Follow change: refresh","Waiting for update",IF(X12="Fast quote unavailable","Using 5-min backup",IF(X12="Fast refresh overdue","1-min update overdue",IF(X12="Unknown demo instrument","Unknown stock code",IF(X12="Duplicate instrument","Duplicate stock",X12)))))) -> Demo price | J12: =IF(NOT(W12),"",IF(U12,R12,IF(O12>0,O12,""))) -> 46283.646 | K12: =IF(NOT(W12),"",IF(U12,"1-min",IF(N12>0,"5-min","None"))) -> 5-min | N12: =IFERROR(INDEX(QuoteData[Price],MATCH(A12,QuoteData[Instrument],0)),0) -> 256.7424 | O12: =IFERROR(INDEX(QuoteData[ObservedAt],MATCH(A12,QuoteData[Instrument],0)),0) -> 46283.646 | P12: =IFERROR(INDEX(QuoteData[RefreshedAt],MATCH(A12,QuoteData[Instrument],0)),0) -> 46302.619 | Q12: =IFERROR(INDEX(FastQuoteData[Price],MATCH(A12,FastQuoteData[Instrument],0)),0) -> 0 | R12: =IFERROR(INDEX(FastQuoteData[ObservedAt],MATCH(A12,FastQuoteData[Instrument],0)),0) -> 0 | S12: =IFERROR(INDEX(FastQuoteData[RefreshedAt],MATCH(A12,FastQuoteData[Instrument],0)),0) -> 0 | T12: =IFERROR(INDEX(FastQuoteData[FollowSet],MATCH(A12,FastQuoteData[Instrument],0)),"") | U12: =AND(W12,C12="Yes",T12=FollowSelection,V12="OK",Q12>0,OR(R12>O12,AND(R12=O12,S12>=P12))) -> FALSE | V12: =IFERROR(INDEX(FastQuoteData[Status],MATCH(A12,FastQuoteData[Instrument],0)),"Missing") -> Missing | W12: =AND(COUNTIF(DemoInstruments[Instrument],A12)=1,COUNTIF(WatchSettings[Instrument],A12)=1,OR(C12="Yes",C12="No")) -> TRUE | X12: =IF(COUNTIF(DemoInstruments[Instrument],A12)<>1,"Unknown demo instrument",IF(COUNTIF(WatchSettings[Instrument],A12)<>1,"Duplicate instrument",IF(NOT(OR(C12="Yes",C12="No")),"Choose Yes/No",IF(NOT(ISNUMBER(D12)),"Quote unavailable",IF(AND(C12="Yes",T12<>FollowSelection),"Follow change: refresh",IF(AND(C12="Yes",V12<>"OK"),"Fast quote unavailable",IF(AND(C12="Yes",(NOW()-S12)*1440>2),"Fast refresh overdue",IF((NOW()-G12)*1440>IF(C12="Yes",2,6),"Refresh overdue","Synthetic snapshot")))))))) -> Synthetic snapshot
A13: SYN_BOND_ETF | B13: =IFERROR(INDEX(DemoInstruments[Name],MATCH(A13,DemoInstruments[Instrument],0)),"Unknown stock") -> Demo Bond ETF | C13: No | D13: =IF(NOT(W13),"",IF(U13,Q13,IF(N13>0,N13,""))) -> 103.6821 | E13: =IFERROR(IF(ISNUMBER(D13),D13/INDEX(History!$B$135:$G$135,1,MATCH(A13,History!$B$6:$G$6,0))-1,""),"") -> -0.00064193575 | F13: =IF(W13,IF(C13="Yes",1,5),"") -> 5 | G13: =IF(NOT(W13),"",IF(U13,S13,IF(P13>0,P13,""))) -> 46302.619 | H13: =IF(X13="Synthetic snapshot","Demo price",IF(X13="Follow change: refresh","Waiting for update",IF(X13="Fast quote unavailable","Using 5-min backup",IF(X13="Fast refresh overdue","1-min update overdue",IF(X13="Unknown demo instrument","Unknown stock code",IF(X13="Duplicate instrument","Duplicate stock",X13)))))) -> Demo price | J13: =IF(NOT(W13),"",IF(U13,R13,IF(O13>0,O13,""))) -> 46283.646 | K13: =IF(NOT(W13),"",IF(U13,"1-min",IF(N13>0,"5-min","None"))) -> 5-min | N13: =IFERROR(INDEX(QuoteData[Price],MATCH(A13,QuoteData[Instrument],0)),0) -> 103.6821 | O13: =IFERROR(INDEX(QuoteData[ObservedAt],MATCH(A13,QuoteData[Instrument],0)),0) -> 46283.646 | P13: =IFERROR(INDEX(QuoteData[RefreshedAt],MATCH(A13,QuoteData[Instrument],0)),0) -> 46302.619 | Q13: =IFERROR(INDEX(FastQuoteData[Price],MATCH(A13,FastQuoteData[Instrument],0)),0) -> 0 | R13: =IFERROR(INDEX(FastQuoteData[ObservedAt],MATCH(A13,FastQuoteData[Instrument],0)),0) -> 0 | S13: =IFERROR(INDEX(FastQuoteData[RefreshedAt],MATCH(A13,FastQuoteData[Instrument],0)),0) -> 0 | T13: =IFERROR(INDEX(FastQuoteData[FollowSet],MATCH(A13,FastQuoteData[Instrument],0)),"") | U13: =AND(W13,C13="Yes",T13=FollowSelection,V13="OK",Q13>0,OR(R13>O13,AND(R13=O13,S13>=P13))) -> FALSE | V13: =IFERROR(INDEX(FastQuoteData[Status],MATCH(A13,FastQuoteData[Instrument],0)),"Missing") -> Missing | W13: =AND(COUNTIF(DemoInstruments[Instrument],A13)=1,COUNTIF(WatchSettings[Instrument],A13)=1,OR(C13="Yes",C13="No")) -> TRUE | X13: =IF(COUNTIF(DemoInstruments[Instrument],A13)<>1,"Unknown demo instrument",IF(COUNTIF(WatchSettings[Instrument],A13)<>1,"Duplicate instrument",IF(NOT(OR(C13="Yes",C13="No")),"Choose Yes/No",IF(NOT(ISNUMBER(D13)),"Quote unavailable",IF(AND(C13="Yes",T13<>FollowSelection),"Follow change: refresh",IF(AND(C13="Yes",V13<>"OK"),"Fast quote unavailable",IF(AND(C13="Yes",(NOW()-S13)*1440>2),"Fast refresh overdue",IF((NOW()-G13)*1440>IF(C13="Yes",2,6),"Refresh overdue","Synthetic snapshot")))))))) -> Synthetic snapshot
B15: =COUNTIF(WatchSettings[Follow],"Yes")&" followed (1 min) | "&COUNTIF(WatchSettings[Follow],"No")&" others (5 min)" -> 2 followed (1 min) | 4 others (5 min)
B17: Edit the yellow cells: Follow = Yes for one-minute updates. Add your own notes.
B18: Refresh now: Data > Refresh All, or Ctrl+Alt+F5. Keep Excel open and the computer awake.
B20: Help and stock codes

Sheet Stock view
A2: 1000 | B2: Stock view
B3: Watchlist | E3: Trade plan | H3: Holdings | J3: Headlines | K3: Help
A5: =IF(COUNTIFS(DemoInstruments[Name],D5)<>1,"",INDEX(DemoInstruments[Instrument],MATCH(D5,DemoInstruments[Name],0))) -> SYN_BANK | B5: Stock | D5: Demo Bank | J5: Chart range | K5: All closes
A6: =COUNTIFS(StockSplitRules[Instrument],A5) -> 0 | B6: DEMO DATA. Fictional stocks and prices. Market prices are not connected. All price amounts are INR.
A7: =IF(A6=1,INDEX(StockSplitRules[Split date],MATCH(A5,StockSplitRules[Instrument],0)),0) -> 0
A8: =IF(A6=1,INDEX(StockSplitRules[New / old shares],MATCH(A5,StockSplitRules[Instrument],0)),1) -> 1 | B8: Current quote (INR) | F8: 21-session price change | J8: 63-session price change
B9: =IF($A$23=0,"n.a.",INDEX(WatchSettings[Price (INR)],$A$23)) -> 547.4307 | F9: =IF($A$13<>"Ready","n.a.",IF($A$10<22,"n.a.",INDEX(StockDaily[Adjusted close],$A$10)/INDEX(StockDaily[Adjusted close],$A$10-21)-1)) -> -0.026105457 | J9: =IF($A$13<>"Ready","n.a.",IF($A$10<64,"n.a.",INDEX(StockDaily[Adjusted close],$A$10)/INDEX(StockDaily[Adjusted close],$A$10-63)-1)) -> 0.019857034
A10: =ROWS(DemoHistory[Date]) -> 130
A11: =MAX(1,MIN(A10,A2)-IF(K5="21 closes",21,IF(K5="63 closes",63,MIN(A10,A2)))+1) -> 1 | B11: =IF($A$23=0,"No unique Watchlist quote",INDEX(WatchSettings[Status],$A$23)&". Market time: "&IF(ISNUMBER(INDEX(WatchSettings[Price observed],$A$23)),TEXT(INDEX(WatchSettings[Price observed],$A$23),"dd mmm yyyy hh:mm")&" IST","unavailable")&". Refresh: "&INDEX(WatchSettings[Refresh],$A$23)&" min.") -> Demo price. Market time: 18 Sep 2026 15:30 IST. Refresh: 1 min.
A12: =IF(A6=0,TRUE,IF(A6<>1,FALSE,IF(COUNT(A7:A8)<>2,FALSE,AND(A7>0,A7=INT(A7),A8>0)))) -> TRUE | B12: =IF($A$13<>"Ready",$A$13,"Daily history: "&TEXT(MIN(DemoHistory[Date]),"dd mmm yyyy")&" to "&TEXT($A$24,"dd mmm yyyy")&". "&$A$10&" observations. Returns use completed closes, not the current quote.") -> Daily history: 23 Mar 2026 to 18 Sep 2026. 130 observations. Returns use completed closes, not the current quote.
A13: =IF(A5="","Choose a stock",IF(NOT(OR(K5="All closes",K5="63 closes",K5="21 closes")),"Choose a chart range",IF(A10>A2,"History exceeds 1,000 rows; extend and validate the view",IF(COUNT(DemoHistory[Date])=0,"No dated daily history",IF(NOT(A12),"Check split rule",IF(COUNTIFS(StockDaily[Row status],"OK")<>MIN(A10,A2),"Check daily history for missing prices or invalid dates","Ready")))))) -> Ready
B14: 50-session average | F14: 200-session average | J14: 63-session closing range
B15: =IF($A$13<>"Ready","n.a.",INDEX(StockDaily[50-session average],$A$10)) -> 565.72541 | F15: =IF($A$13<>"Ready","n.a.",INDEX(StockDaily[200-session average],$A$10)) -> n.a. | J15: =IF($A$13<>"Ready","n.a.",IF($A$10<63,"n.a.",TEXT(MIN(INDEX(StockDaily[Adjusted close],$A$10-62):INDEX(StockDaily[Adjusted close],$A$10)),"#,##0.00")&" to "&TEXT(MAX(INDEX(StockDaily[Adjusted close],$A$10-62):INDEX(StockDaily[Adjusted close],$A$10)),"#,##0.00"))) -> 540.26 to 591.48
B17: =IF($A$13<>"Ready",$A$13,IF($A$10<200,"200-session average needs 200 closes; "&$A$10&" available. ","")&"Split-adjusted prices. Dividends excluded.") -> 200-session average needs 200 closes; 130 available. Split-adjusted prices. Dividends excluded.
B19: Your current draft
B20: Entry | D20: =IF($A$22=0,"n.a.",IF(COUNT(INDEX(PlanInputs[Entry],$A$22))<>1,"n.a.",IF(INDEX(PlanInputs[Entry],$A$22)<=0,"n.a.",INDEX(PlanInputs[Entry],$A$22)))) -> 550 | F20: Stop | H20: =IF($A$22=0,"n.a.",IF(COUNT(INDEX(PlanInputs[Stop],$A$22))<>1,"n.a.",IF(INDEX(PlanInputs[Stop],$A$22)<=0,"n.a.",INDEX(PlanInputs[Stop],$A$22)))) -> 525 | J20: Target | K20: =IF($A$22=0,"n.a.",IF(COUNT(INDEX(PlanInputs[Target],$A$22))<>1,"n.a.",IF(INDEX(PlanInputs[Target],$A$22)<=0,"n.a.",INDEX(PlanInputs[Target],$A$22)))) -> 600
A21: ="PLAN-"&A5 -> PLAN-SYN_BANK | B21: From entry | D21: =IF(AND(ISNUMBER($B$9),ISNUMBER(D20)),IF(D20>0,$B$9/D20-1,"n.a."),"n.a.") -> -0.0046714545 | F21: From stop | H21: =IF(AND(ISNUMBER($B$9),ISNUMBER(H20)),IF(H20>0,$B$9/H20-1,"n.a."),"n.a.") -> 0.042725143 | J21: From target | K21: =IF(AND(ISNUMBER($B$9),ISNUMBER(K20)),IF(K20>0,$B$9/K20-1,"n.a."),"n.a.") -> -0.0876155
A22: =IF(COUNTIFS(PlanInputs[PlanID],A21)=1,MATCH(A21,PlanInputs[PlanID],0),0) -> 1 | B22: =IF(COUNTIFS(PlanResults[PlanID],$A$21)<>1,"No unique draft", "Draft: "&INDEX(PlanResults[Plan status],MATCH($A$21,PlanResults[PlanID],0))) -> Draft: Calculated draft
A23: =IF(COUNTIFS(WatchSettings[Instrument],A5)=1,MATCH(A5,WatchSettings[Instrument],0),0) -> 1 | B23: Edit draft levels on Trade plan. Positive distance means the current quote is above that level.
A24: =IF(A13="Ready",MAX(DemoHistory[Date]),0) -> 46283
B41: Daily data and calculations below. Closes are adjusted for the documented split only; dividends are excluded.
B43: Daily history for the selected stock
A44: Index | B44: Date | C44: Raw close | D44: Split divisor | E44: Adjusted close | F44: 50-session average | G44: 200-session average | H44: Row status | J44: Instrument | K44: Split date | L44: New / old shares
A45: 1 | B45: =IF($A45>MIN($A$10,$A$2),"",INDEX(DemoHistory[Date],$A45)) -> 46104 | C45: =IF(OR($A45>MIN($A$10,$A$2),$A$5=""),"",INDEX(DemoHistory[],$A45,MATCH($A$5,DemoHistory[#Headers],0))) -> 550 | D45: =IF($A45>MIN($A$10,$A$2),"",IF(AND($A$12,$A$6=1,B45<$A$7,$A$7<=MAX(DemoHistory[Date])),$A$8,1)) -> 1 | E45: =IF($A45>MIN($A$10,$A$2),"",IF(H45="OK",C45/D45,"n.a.")) -> 550 | F45: =IF($A45>MIN($A$10,$A$2),"",IF($A45<50,"n.a.",IF(COUNT(INDEX(StockDaily[Adjusted close],MAX(1,$A45-50+1)):E45)=50,AVERAGE(INDEX(StockDaily[Adjusted close],MAX(1,$A45-50+1)):E45),"n.a."))) -> n.a. | G45: =IF($A45>MIN($A$10,$A$2),"",IF($A45<200,"n.a.",IF(COUNT(INDEX(StockDaily[Adjusted close],MAX(1,$A45-200+1)):E45)=200,AVERAGE(INDEX(StockDaily[Adjusted close],MAX(1,$A45-200+1)):E45),"n.a."))) -> n.a. | H45: =IF($A45>MIN($A$10,$A$2),"",IF($A$5="","Choose stock",IF(NOT($A$12),"Check split rule",IF(NOT(ISNUMBER(B45)),"Invalid date",IF(OR(B45<=0,B45<>INT(B45)),"Invalid date",IF(COUNTIFS(DemoHistory[Date],B45)<>1,"Duplicate date",IF(AND($A45>1,B45<=B44),"Dates out of order",IF(NOT(ISNUMBER(C45)),"Missing price",IF(C45<=0,"Nonpositive price","OK"))))))))) -> OK | J45: SYN_TECH | K45: 46195 | L45: 2 | N45: =IF(AND($A$13="Ready",ISNUMBER(E45)),E45,NA()) -> 550 | O45: =IF(AND($A$13="Ready",ISNUMBER(F45)),F45,NA()) -> #N/A
A46: 2 | B46: =IF($A46>MIN($A$10,$A$2),"",INDEX(DemoHistory[Date],$A46)) -> 46105 | C46: =IF(OR($A46>MIN($A$10,$A$2),$A$5=""),"",INDEX(DemoHistory[],$A46,MATCH($A$5,DemoHistory[#Headers],0))) -> 553.2661 | D46: =IF($A46>MIN($A$10,$A$2),"",IF(AND($A$12,$A$6=1,B46<$A$7,$A$7<=MAX(DemoHistory[Date])),$A$8,1)) -> 1 | E46: =IF($A46>MIN($A$10,$A$2),"",IF(H46="OK",C46/D46,"n.a.")) -> 553.2661 | F46: =IF($A46>MIN($A$10,$A$2),"",IF($A46<50,"n.a.",IF(COUNT(INDEX(StockDaily[Adjusted close],MAX(1,$A46-50+1)):E46)=50,AVERAGE(INDEX(StockDaily[Adjusted close],MAX(1,$A46-50+1)):E46),"n.a."))) -> n.a. | G46: =IF($A46>MIN($A$10,$A$2),"",IF($A46<200,"n.a.",IF(COUNT(INDEX(StockDaily[Adjusted close],MAX(1,$A46-200+1)):E46)=200,AVERAGE(INDEX(StockDaily[Adjusted close],MAX(1,$A46-200+1)):E46),"n.a."))) -> n.a. | H46: =IF($A46>MIN($A$10,$A$2),"",IF($A$5="","Choose stock",IF(NOT($A$12),"Check split rule",IF(NOT(ISNUMBER(B46)),"Invalid date",IF(OR(B46<=0,B46<>INT(B46)),"Invalid date",IF(COUNTIFS(DemoHistory[Date],B46)<>1,"Duplicate date",IF(AND($A46>1,B46<=B45),"Dates out of order",IF(NOT(ISNUMBER(C46)),"Missing price",IF(C46<=0,"Nonpositive price","OK"))))))))) -> OK | N46: =IF(AND($A$13="Ready",ISNUMBER(E46)),E46,NA()) -> 553.2661 | O46: =IF(AND($A$13="Ready",ISNUMBER(F46)),F46,NA()) -> #N/A
A47: 3 | B47: =IF($A47>MIN($A$10,$A$2),"",INDEX(DemoHistory[Date],$A47)) -> 46106 | C47: =IF(OR($A47>MIN($A$10,$A$2),$A$5=""),"",INDEX(DemoHistory[],$A47,MATCH($A$5,DemoHistory[#Headers],0))) -> 550.6827 | D47: =IF($A47>MIN($A$10,$A$2),"",IF(AND($A$12,$A$6=1,B47<$A$7,$A$7<=MAX(DemoHistory[Date])),$A$8,1)) -> 1 | E47: =IF($A47>MIN($A$10,$A$2),"",IF(H47="OK",C47/D47,"n.a.")) -> 550.6827 | F47: =IF($A47>MIN($A$10,$A$2),"",IF($A47<50,"n.a.",IF(COUNT(INDEX(StockDaily[Adjusted close],MAX(1,$A47-50+1)):E47)=50,AVERAGE(INDEX(StockDaily[Adjusted close],MAX(1,$A47-50+1)):E47),"n.a."))) -> n.a. | G47: =IF($A47>MIN($A$10,$A$2),"",IF($A47<200,"n.a.",IF(COUNT(INDEX(StockDaily[Adjusted close],MAX(1,$A47-200+1)):E47)=200,AVERAGE(INDEX(StockDaily[Adjusted close],MAX(1,$A47-200+1)):E47),"n.a."))) -> n.a. | H47: =IF($A47>MIN($A$10,$A$2),"",IF($A$5="","Choose stock",IF(NOT($A$12),"Check split rule",IF(NOT(ISNUMBER(B47)),"Invalid date",IF(OR(B47<=0,B47<>INT(B47)),"Invalid date",IF(COUNTIFS(DemoHistory[Date],B47)<>1,"Duplicate date",IF(AND($A47>1,B47<=B46),"Dates out of order",IF(NOT(ISNUMBER(C47)),"Missing price",IF(C47<=0,"Nonpositive price","OK"))))))))) -> OK | J47: Synthetic fixture rule | N47: =IF(AND($A$13="Ready",ISNUMBER(E47)),E47,NA()) -> 550.6827 | O47: =IF(AND($A$13="Ready",ISNUMBER(F47)),F47,NA()) -> #N/A
A48: 4 | B48: =IF($A48>MIN($A$10,$A$2),"",INDEX(DemoHistory[Date],$A48)) -> 46107 | C48: =IF(OR($A48>MIN($A$10,$A$2),$A$5=""),"",INDEX(DemoHistory[],$A48,MATCH($A$5,DemoHistory[#Headers],0))) -> 554.2582 | D48: =IF($A48>MIN($A$10,$A$2),"",IF(AND($A$12,$A$6=1,B48<$A$7,$A$7<=MAX(DemoHistory[Date])),$A$8,1)) -> 1 | E48: =IF($A48>MIN($A$10,$A$2),"",IF(H48="OK",C48/D48,"n.a.")) -> 554.2582 | F48: =IF($A48>MIN($A$10,$A$2),"",IF($A48<50,"n.a.",IF(COUNT(INDEX(StockDaily[Adjusted close],MAX(1,$A48-50+1)):E48)=50,AVERAGE(INDEX(StockDaily[Adjusted close],MAX(1,$A48-50+1)):E48),"n.a."))) -> n.a. | G48: =IF($A48>MIN($A$10,$A$2),"",IF($A48<200,"n.a.",IF(COUNT(INDEX(StockDaily[Adjusted close],MAX(1,$A48-200+1)):E48)=200,AVERAGE(INDEX(StockDaily[Adjusted close],MAX(1,$A48-200+1)):E48),"n.a."))) -> n.a. | H48: =IF($A48>MIN($A$10,$A$2),"",IF($A$5="","Choose stock",IF(NOT($A$12),"Check split rule",IF(NOT(ISNUMBER(B48)),"Invalid date",IF(OR(B48<=0,B48<>INT(B48)),"Invalid date",IF(COUNTIFS(DemoHistory[Date],B48)<>1,"Duplicate date",IF(AND($A48>1,B48<=B47),"Dates out of order",IF(NOT(ISNUMBER(C48)),"Missing price",IF(C48<=0,"Nonpositive price","OK"))))))))) -> OK | J48: Source: synthetic-demo-v1 notes. Technology split 2 for 1 on 22 June 2026. Earlier prices are divided by 2 after the split takes effect. | N48: =IF(AND($A$13="Ready",ISNUMBER(E48)),E48,NA()) -> 554.2582 | O48: =IF(AND($A$13="Ready",ISNUMBER(F48)),F48,NA()) -> #N/A
A49: 5 | B49: =IF($A49>MIN($A$10,$A$2),"",INDEX(DemoHistory[Date],$A49)) -> 46108 | C49: =IF(OR($A49>MIN($A$10,$A$2),$A$5=""),"",INDEX(DemoHistory[],$A49,MATCH($A$5,DemoHistory[#Headers],0))) -> 550.762 | D49: =IF($A49>MIN($A$10,$A$2),"",IF(AND($A$12,$A$6=1,B49<$A$7,$A$7<=MAX(DemoHistory[Date])),$A$8,1)) -> 1 | E49: =IF($A49>MIN($A$10,$A$2),"",IF(H49="OK",C49/D49,"n.a.")) -> 550.762 | F49: =IF($A49>MIN($A$10,$A$2),"",IF($A49<50,"n.a.",IF(COUNT(INDEX(StockDaily[Adjusted close],MAX(1,$A49-50+1)):E49)=50,AVERAGE(INDEX(StockDaily[Adjusted close],MAX(1,$A49-50+1)):E49),"n.a."))) -> n.a. | G49: =IF($A49>MIN($A$10,$A$2),"",IF($A49<200,"n.a.",IF(COUNT(INDEX(StockDaily[Adjusted close],MAX(1,$A49-200+1)):E49)=200,AVERAGE(INDEX(StockDaily[Adjusted close],MAX(1,$A49-200+1)):E49),"n.a."))) -> n.a. | H49: =IF($A49>MIN($A$10,$A$2),"",IF($A$5="","Choose stock",IF(NOT($A$12),"Check split rule",IF(NOT(ISNUMBER(B49)),"Invalid date",IF(OR(B49<=0,B49<>INT(B49)),"Invalid date",IF(COUNTIFS(DemoHistory[Date],B49)<>1,"Duplicate date",IF(AND($A49>1,B49<=B48),"Dates out of order",IF(NOT(ISNUMBER(C49)),"Missing price",IF(C49<=0,"Nonpositive price","OK"))))))))) -> OK | N49: =IF(AND($A$13="Ready",ISNUMBER(E49)),E49,NA()) -> 550.762 | O49: =IF(AND($A$13="Ready",ISNUMBER(F49)),F49,NA()) -> #N/A
A50: 6 | B50: =IF($A50>MIN($A$10,$A$2),"",INDEX(DemoHistory[Date],$A50)) -> 46111 | C50: =IF(OR($A50>MIN($A$10,$A$2),$A$5=""),"",INDEX(DemoHistory[],$A50,MATCH($A$5,DemoHistory[#Headers],0))) -> 549.211 | D50: =IF($A50>MIN($A$10,$A$2),"",IF(AND($A$12,$A$6=1,B50<$A$7,$A$7<=MAX(DemoHistory[Date])),$A$8,1)) -> 1 | E50: =IF($A50>MIN($A$10,$A$2),"",IF(H50="OK",C50/D50,"n.a.")) -> 549.211 | F50: =IF($A50>MIN($A$10,$A$2),"",IF($A50<50,"n.a.",IF(COUNT(INDEX(StockDaily[Adjusted close],MAX(1,$A50-50+1)):E50)=50,AVERAGE(INDEX(StockDaily[Adjusted close],MAX(1,$A50-50+1)):E50),"n.a."))) -> n.a. | G50: =IF($A50>MIN($A$10,$A$2),"",IF($A50<200,"n.a.",IF(COUNT(INDEX(StockDaily[Adjusted close],MAX(1,$A50-200+1)):E50)=200,AVERAGE(INDEX(StockDaily[Adjusted close],MAX(1,$A50-200+1)):E50),"n.a."))) -> n.a. | H50: =IF($A50>MIN($A$10,$A$2),"",IF($A$5="","Choose stock",IF(NOT($A$12),"Check split rule",IF(NOT(ISNUMBER(B50)),"Invalid date",IF(OR(B50<=0,B50<>INT(B50)),"Invalid date",IF(COUNTIFS(DemoHistory[Date],B50)<>1,"Duplicate date",IF(AND($A50>1,B50<=B49),"Dates out of order",IF(NOT(ISNUMBER(C50)),"Missing price",IF(C50<=0,"Nonpositive price","OK"))))))))) -> OK | N50: =IF(AND($A$13="Ready",ISNUMBER(E50)),E50,NA()) -> 549.211 | O50: =IF(AND($A$13="Ready",ISNUMBER(F50)),F50,NA()) -> #N/A
A51: 7 | B51: =IF($A51>MIN($A$10,$A$2),"",INDEX(DemoHistory[Date],$A51)) -> 46112 | C51: =IF(OR($A51>MIN($A$10,$A$2),$A$5=""),"",INDEX(DemoHistory[],$A51,MATCH($A$5,DemoHistory[#Headers],0))) -> 554.8743 | D51: =IF($A51>MIN($A$10,$A$2),"",IF(AND($A$12,$A$6=1,B51<$A$7,$A$7<=MAX(DemoHistory[Date])),$A$8,1)) -> 1 | E51: =IF($A51>MIN($A$10,$A$2),"",IF(H51="OK",C51/D51,"n.a.")) -> 554.8743 | F51: =IF($A51>MIN($A$10,$A$2),"",IF($A51<50,"n.a.",IF(COUNT(INDEX(StockDaily[Adjusted close],MAX(1,$A51-50+1)):E51)=50,AVERAGE(INDEX(StockDaily[Adjusted close],MAX(1,$A51-50+1)):E51),"n.a."))) -> n.a. | G51: =IF($A51>MIN($A$10,$A$2),"",IF($A51<200,"n.a.",IF(COUNT(INDEX(StockDaily[Adjusted close],MAX(1,$A51-200+1)):E51)=200,AVERAGE(INDEX(StockDaily[Adjusted close],MAX(1,$A51-200+1)):E51),"n.a."))) -> n.a. | H51: =IF($A51>MIN($A$10,$A$2),"",IF($A$5="","Choose stock",IF(NOT($A$12),"Check split rule",IF(NOT(ISNUMBER(B51)),"Invalid date",IF(OR(B51<=0,B51<>INT(B51)),"Invalid date",IF(COUNTIFS(DemoHistory[Date],B51)<>1,"Duplicate date",IF(AND($A51>1,B51<=B50),"Dates out of order",IF(NOT(ISNUMBER(C51)),"Missing price",IF(C51<=0,"Nonpositive price","OK"))))))))) -> OK | N51: =IF(AND($A$13="Ready",ISNUMBER(E51)),E51,NA()) -> 554.8743 | O51: =IF(AND($A$13="Ready",ISNUMBER(F51)),F51,NA()) -> #N/A
A52: 8 | B52: =IF($A52>MIN($A$10,$A$2),"",INDEX(DemoHistory[Date],$A52)) -> 46113 | C52: =IF(OR($A52>MIN($A$10,$A$2),$A$5=""),"",INDEX(DemoHistory[],$A52,MATCH($A$5,DemoHistory[#Headers],0))) -> 551.067 | D52: =IF($A52>MIN($A$10,$A$2),"",IF(AND($A$12,$A$6=1,B52<$A$7,$A$7<=MAX(DemoHistory[Date])),$A$8,1)) -> 1 | E52: =IF($A52>MIN($A$10,$A$2),"",IF(H52="OK",C52/D52,"n.a.")) -> 551.067 | F52: =IF($A52>MIN($A$10,$A$2),"",IF($A52<50,"n.a.",IF(COUNT(INDEX(StockDaily[Adjusted close],MAX(1,$A52-50+1)):E52)=50,AVERAGE(INDEX(StockDaily[Adjusted close],MAX(1,$A52-50+1)):E52),"n.a."))) -> n.a. | G52: =IF($A52>MIN($A$10,$A$2),"",IF($A52<200,"n.a.",IF(COUNT(INDEX(StockDaily[Adjusted close],MAX(1,$A52-200+1)):E52)=200,AVERAGE(INDEX(StockDaily[Adjusted close],MAX(1,$A52-200+1)):E52),"n.a."))) -> n.a. | H52: =IF($A52>MIN($A$10,$A$2),"",IF($A$5="","Choose stock",IF(NOT($A$12),"Check split rule",IF(NOT(ISNUMBER(B52)),"Invalid date",IF(OR(B52<=0,B52<>INT(B52)),"Invalid date",IF(COUNTIFS(DemoHistory[Date],B52)<>1,"Duplicate date",IF(AND($A52>1,B52<=B51),"Dates out of order",IF(NOT(ISNUMBER(C52)),"Missing price",IF(C52<=0,"Nonpositive price","OK"))))))))) -> OK | J52: Healthcare pays a fictional dividend on 24 July. This price chart excludes dividend income and is not total return. | N52: =IF(AND($A$13="Ready",ISNUMBER(E52)),E52,NA()) -> 551.067 | O52: =IF(AND($A$13="Ready",ISNUMBER(F52)),F52,NA()) -> #N/A
A53: 9 | B53: =IF($A53>MIN($A$10,$A$2),"",INDEX(DemoHistory[Date],$A53)) -> 46114 | C53: =IF(OR($A53>MIN($A$10,$A$2),$A$5=""),"",INDEX(DemoHistory[],$A53,MATCH($A$5,DemoHistory[#Headers],0))) -> 547.1249 | D53: =IF($A53>MIN($A$10,$A$2),"",IF(AND($A$12,$A$6=1,B53<$A$7,$A$7<=MAX(DemoHistory[Date])),$A$8,1)) -> 1 | E53: =IF($A53>MIN($A$10,$A$2),"",IF(H53="OK",C53/D53,"n.a.")) -> 547.1249 | F53: =IF($A53>MIN($A$10,$A$2),"",IF($A53<50,"n.a.",IF(COUNT(INDEX(StockDaily[Adjusted close],MAX(1,$A53-50+1)):E53)=50,AVERAGE(INDEX(StockDaily[Adjusted close],MAX(1,$A53-50+1)):E53),"n.a."))) -> n.a. | G53: =IF($A53>MIN($A$10,$A$2),"",IF($A53<200,"n.a.",IF(COUNT(INDEX(StockDaily[Adjusted close],MAX(1,$A53-200+1)):E53)=200,AVERAGE(INDEX(StockDaily[Adjusted close],MAX(1,$A53-200+1)):E53),"n.a."))) -> n.a. | H53: =IF($A53>MIN($A$10,$A$2),"",IF($A$5="","Choose stock",IF(NOT($A$12),"Check split rule",IF(NOT(ISNUMBER(B53)),"Invalid date",IF(OR(B53<=0,B53<>INT(B53)),"Invalid date",IF(COUNTIFS(DemoHistory[Date],B53)<>1,"Duplicate date",IF(AND($A53>1,B53<=B52),"Dates out of order",IF(NOT(ISNUMBER(C53)),"Missing price",IF(C53<=0,"Nonpositive price","OK"))))))))) -> OK | N53: =IF(AND($A$13="Ready",ISNUMBER(E53)),E53,NA()) -> 547.1249 | O53: =IF(AND($A$13="Ready",ISNUMBER(F53)),F53,NA()) -> #N/A
A54: 10 | B54: =IF($A54>MIN($A$10,$A$2),"",INDEX(DemoHistory[Date],$A54)) -> 46115 | C54: =IF(OR($A54>MIN($A$10,$A$2),$A$5=""),"",INDEX(DemoHistory[],$A54,MATCH($A$5,DemoHistory[#Headers],0))) -> 550.7101 | D54: =IF($A54>MIN($A$10,$A$2),"",IF(AND($A$12,$A$6=1,B54<$A$7,$A$7<=MAX(DemoHistory[Date])),$A$8,1)) -> 1 | E54: =IF($A54>MIN($A$10,$A$2),"",IF(H54="OK",C54/D54,"n.a.")) -> 550.7101 | F54: =IF($A54>MIN($A$10,$A$2),"",IF($A54<50,"n.a.",IF(COUNT(INDEX(StockDaily[Adjusted close],MAX(1,$A54-50+1)):E54)=50,AVERAGE(INDEX(StockDaily[Adjusted close],MAX(1,$A54-50+1)):E54),"n.a."))) -> n.a. | G54: =IF($A54>MIN($A$10,$A$2),"",IF($A54<200,"n.a.",IF(COUNT(INDEX(StockDaily[Adjusted close],MAX(1,$A54-200+1)):E54)=200,AVERAGE(INDEX(StockDaily[Adjusted close],MAX(1,$A54-200+1)):E54),"n.a."))) -> n.a. | H54: =IF($A54>MIN($A$10,$A$2),"",IF($A$5="","Choose stock",IF(NOT($A$12),"Check split rule",IF(NOT(ISNUMBER(B54)),"Invalid date",IF(OR(B54<=0,B54<>INT(B54)),"Invalid date",IF(COUNTIFS(DemoHistory[Date],B54)<>1,"Duplicate date",IF(AND($A54>1,B54<=B53),"Dates out of order",IF(NOT(ISNUMBER(C54)),"Missing price",IF(C54<=0,"Nonpositive price","OK"))))))))) -> OK | N54: =IF(AND($A$13="Ready",ISNUMBER(E54)),E54,NA()) -> 550.7101 | O54: =IF(AND($A$13="Ready",ISNUMBER(F54)),F54,NA()) -> #N/A
